Workbook

Sheet Resultados
B1: Resultados projetados
A3: Preenchimento | B3: Tarifa média de água calculada | C3: R$/m³ | D3: =Histograma!Y89 -> 9.36 | F3: Tarifa média de esgoto calculada | G3: R$/m³ | H3: =Histograma!Z89 -> 9.36
A4: Fórmulas
A5: NÂO ALTERAR
B6: PRINCIPAIS RESULTADOS DO PROJETO | C6: Unid. | D6: Valor | F6: PRINCIPAIS RESULTADOS PARA ACIONISTA | G6: Unid. | H6: Valor
B7: TIR do Projeto | C7: % a.a | D7: ='FCD PROJETO'!D5 -> 0.077755274 | F7: TIR do Acionista | G7: % a.a | H7: ='FCD Acionista'!D3 -> 0.12674634
B8: WACC | C8: % a.a | D8: ='FCD PROJETO'!J10 -> 0.077755274 | F8: Ke (Custo de Capital Próprio = TIR)) | G8: % a.a | H8: ='FCD Acionista'!H6 -> 0.12674634
B9: VPL (taxa de desconto real = WACC) | C9: R$ | D9: ='FCD PROJETO'!D6 -> 0 | F9: VPL (taxa de desconto real = Ke) | G9: R$ | H9: ='FCD Acionista'!D4 -> 0
B10: PAYBACK Simples | C10: anos | D10: ='FCD PROJETO'!D7 -> 16 | F10: PAYBACK Simples | G10: anos | H10: ='FCD Acionista'!D5 -> 31
B11: PAYBACK Descontado | C11: anos | D11: ='FCD PROJETO'!D8 -> 35 | F11: PAYBACK Descontado | G11: anos | H11: ='FCD Acionista'!D6 -> 35
B12: Investimentos (CAPEX) | C12: R$ | D12: =-'FCD PROJETO'!$AO$48 -> 3.0600716e+08 | F12: Exposição Máxima | G12: R$ | H12: =MIN('FCD PROJETO'!$F$107:$AI$107) -> -39959345
B13: Valor do Empréstimo do CAPEX | C13: R$ | D13: =SUM('Financiamento '!D96:AI96) -> 2.441621e+08 | F13: Despesas de Licitação | G13: R$ | H13: 0
B14: Contrapartida dos empréstimos do CAPEX | C14: R$ | D14: =IF('FCD PROJETO'!J18=0,0,SUM('Financiamento '!D97:AI97)) -> 26757593 | F14: Ressarcimento da Modelagem | G14: R$ | H14: 0
B15: Necessidade de Capital (Equity) | C15: R$ | D15: ='FCD PROJETO'!$AO$105 -> 1.3127986e+08 | F15: Pagamento de Outorga Mínima | G15: R$ | H15: 0
B16: Contraprestação Total (Valor do Contrato) | C16: R$ | D16: ='FCD PROJETO'!$AO$81 -> 1.9494532e+09 | F16: Capital social a ser integralizado no contrato inicial | G16: R$ | H16: =-0.07*'FCD PROJETO'!AO48 -> 21420501

Sheet DADOS PARA CONTRATO
B1: Condições para Contrato
B3: Data Base do EVTE Dezembro/2025 | F3: Valor total de referência do Contrato Dez 2025= | H3: ='FCD PROJETO'!D10 -> 1.9494532e+09
B5: Obrigações | C5: Eventos | D5: Comprovação / Pagamento | E5: Aliquota | F5: Base de Cálculo | G5: Unid. | H5: Valor Dez 2025
B7: Garantia de proposta | C7: Proposta | D7: Até o 3° dia útil antes da data de entrega da proposta | E7: 0.01 | F7: Valor do Contrato de Referência | G7: R$ | H7: =H3*E7 -> 19494532
B8: Patrrimónio Líquido | C8: Proposta | D8: Data do encerramento do último exercicio social | E8: 0.016 | F8: Valor do Contrato de Referência | G8: R$ | H8: =H3*E8 -> 31191251
B9: Valor mínimo do atestado de captação de recursos | C9: Proposta | D9: Até 15 anos anterior a data da entrega da proposta | E9: 0.15 | F9: Valor do Capex do EVTE | G9: R$ | H9: =-'FCD PROJETO'!AO48*E9 -> 45901074
B10: Valor mínimo para o somatório de atestados | C10: Proposta | D10: Até 15 anos anterior a data da entrega da proposta | E10: 0.2 | F10: Valor do Atestado | G10: R$ | H10: =E10*H9 -> 9180214.9
B11: ='[1]FCFF - Projeto'!G13 -> Pagamento de Indenizações e Bens Reversíveis | C11: Homologação e Adjudicação da Licitação | D11: Até o 5° dia após a Homologação e Adjudicação | E11: - | F11: Valor determinado no EVTE | G11: R$
B12: ='[1]FCFF - Projeto'!G14 -> Indenizações e Ressarecimentos de Modelagem | C12: Homologação e Adjudicação da Licitação | D12: Até o 5° dia após a Homologação e Adjudicação | E12: - | F12: Valor determinado no EVTE | G12: R$ | H12: 4056330.6
B13: ='[1]FCFE - Acionista'!F14 -> Despesas de Licitação | C13: Homologação e Adjudicação da Licitação | D13: Até o 5° dia após a Homologação e Adjudicação | E13: - | F13: Valor determinado no EVTE | G13: R$ | H13: =715646.48*'FCD PROJETO'!S19 -> 785350.45 | I13: B3
B14: Capital Social a ser integralizado no contrato inicial | C14: Assinatura do Contarto | D14: Até o 5° dia após a Homologação e Adjudicação | E14: - | F14: Valor determinado no EVTE | G14: R$ | H14: =Resultados!H16 -> 21420501
B15: ='[1]FCFF - Projeto'!G12 -> Pagamento de Outorga | C15: Assinatura do Contarto | D15: Até o 5° dia após a Homologação e Adjudicação | E15: - | F15: Valor determinado no EVTE | G15: R$
B16: Verificador/Certificador Independente | C16: Apoós assinatura do Contrato | D16: Anual | E16: - | F16: Valor determinado no EVTE | G16: R$ | H16: =-'FCD Acionista'!C27/35 -> 1173869.4
B18: Mutações do Capital Social | C18: Periodo de vigência | D18: Integralização | E18: Aliquota | F18: Base de Cálculo | G18: Unid. | H18: =H5 -> Valor Dez 2025
B20: Capital Social Mínimo | C20: do 1 ao 8° ano do contrato | D20: Até 60 dias após a Homologação e Adjuducação | E20: - | F20: Valor determinado no EVTE | G20: R$ | H20: =Resultados!H16 -> 21420501
B21: Capital Social Mínimo | C21: no 8° ano do contrato | D21: Até o 5° dia util do mês de janeiro do 8° ano do contrato | E21: - | F21: Valor determinado no EVTE | G21: R$ | H21: =H20 -> 21420501
B22: Capital Social Mínimo | C22: no 9° ano do contrato | D22: Até o 5° dia util do mês de janeiro do 9° ano do contrato | E22: - | F22: Valor determinado no EVTE | G22: R$ | H22: =H21 -> 21420501
B23: Capital Social Mínimo | C23: no 10° ano do contrato | D23: Até o 5° dia util do mês de janeiro do 10° ano do contrato | E23: - | F23: Valor determinado no EVTE | G23: R$ | H23: =H22 -> 21420501
B24: Capital Social Mínimo | C24: no 11° ano do contrato | D24: Até o 5° dia util do mês de janeiro do 11° ano do contrato | E24: - | F24: Valor determinado no EVTE | G24: R$ | H24: =H23 -> 21420501
B25: Capital Social Mínimo | C25: no 12° ano do contrato | D25: Até o 5° dia util do mês de janeiro do 12° ano do contrato | E25: - | F25: Valor determinado no EVTE | G25: R$ | H25: =H24 -> 21420501
B26: Capital Social Mínimo | C26: no 13° ano do contrato | D26: Até o 5° dia util do mês de janeiro do 13° ano do contrato | E26: - | F26: Valor determinado no EVTE | G26: R$ | H26: =H25 -> 21420501
B27: Capital Social Mínimo | C27: no 14° ano do contrato | D27: Até o 5° dia util do mês de janeiro do 14° ano do contrato | E27: - | F27: Valor determinado no EVTE | G27: R$ | H27: =H26 -> 21420501
B28: Capital Social Mínimo | C28: no 15° ano do contrato | D28: Até o 5° dia util do mês de janeiro do 15° ano do contrato | E28: - | F28: Valor determinado no EVTE | G28: R$ | H28: =H27 -> 21420501
B29: Capital Social Mínimo | C29: do 16° ao 35° ano do contrato | D29: Até o 5° dia util do mês de janeiro do 16° ano do contrato | E29: - | F29: Valor determinado no EVTE | G29: R$ | H29: =H28 -> 21420501
B31: Seguros e Garantias Contratuais | C31: Periodo de vigência | D31: Pagamento | E31: Aliquota | F31: Base de Cálculo | G31: Unid. | H31: =H18 -> Valor Dez 2025
B33: Seguro de Risco de Engenharia | C33: Durante o Investimento | D33: Até o 5° dia util antes da assinatura do contrato | E33: ='[1]Seguros e Garantias'!D5 -> 1 | F33: Valor do Capex do EVTE | G33: R$ | H33: =-'FCD PROJETO'!AO48 -> 3.0600716e+08
B34: Seguro de Responsabilidade Civil - Obras | C34: Durante o Investimento | D34: Até o 5° dia util antes da assinatura do contrato | E34: ='[1]Seguros e Garantias'!D6 -> 0.07 | F34: Valor do Capex do EVTE | G34: R$ | H34: =-'FCD PROJETO'!AO48*'DADOS PARA CONTRATO'!E34 -> 21420501
B35: Seguro de Responsabilidade Civil - Operação (Durante o Contrato) | C35: Durante o Contrato | D35: Até o 5° dia util antes da assinatura do contrato | E35: ='[1]Seguros e Garantias'!D7 -> 0.16 | F35: Valor do Opex do EVTE | G35: R$ | H35: =-'FCD PROJETO'!AO48*E35 -> 48961146
B36: Seguro Riscos Gerais - "All Risks" (Durante o Contrato) | C36: Durante o Contrato | D36: Até o 5° dia util antes da assinatura do contrato | E36: ='[1]Seguros e Garantias'!D8 -> 0.01 | F36: Valor do Contrato de Referência | G36: R$ | H36: =E36*H3 -> 19494532
B37: Garantia de Execução do Contato | C37: do 1° ao 10° ano | D37: Até o 5° dia util antes da assinatura do contrato | E37: ='[1]Seguros e Garantias'!D9 -> 0.05 | F37: Valor do Contrato de Referência | G37: R$ | H37: =E37*H3 -> 97472658
B38: Garantia de Execução do Contato | C38: do 10° ao 25° ano | D38: Até o 5° dia utíl antes do vencimento da apólice anterior | E38: ='[1]Seguros e Garantias'!D10 -> 0.02 | F38: Valor do Contrato de Referência | G38: R$ | H38: =E38*H3 -> 38989063
B39: Garantia de Execução do Contato | C39: do 25° ao 35° ano | D39: Até o 5° dia utíl antes do vencimento da apólice anterior | E39: ='[1]Seguros e Garantias'!D11 -> 0.03 | F39: Valor do Contrato de Referência | G39: R$ | H39: =E39*H3 -> 58483595

Sheet FCD PROJETO
A1: Preenchimento
A2: Fórmulas
A3: NÂO ALTERAR | B3: RESULTADO DO FLUXO DE CAIXA PROJETO- FCDP | G3: Cálculo das Taxas de Juros | K3: Para Alteração da Matriz Tarifária
B4: Taxa de desconto | D4: =H6 -> 0.077755274 | G4: SELIC no Ano Base | H4: ='Dados ME'!D8 -> 0.1304 | I4: Inflação Ano Base | J4: ='Dados ME'!D6 -> 0.0462
B5: TIR Calculada do projeto | D5: =IRR(F107:AN107) -> 0.077755274 | G5: Taxa Juros Básica | H5: =(1+H4)/(1+J4)-1 -> 0.080481743 | I5: Rf | J5: ='Dados ME'!D12 -> 0.0339
B6: VPL Calculado do projeto | D6: =ROUND(NPV(D4,F107:AN107),2) -> 0 | G6: Taxa de desconto | H6: =J10 -> 0.077755274 | I6: Beta Alavancado | J6: 0.75820399
B7: PAYBACK Simples | D7: =MATCH(0,F108:AN108,1) -> 16 | G7: TMA | H7: =H5+J8 -> 0.099981743 | I7: Rm | J7: ='Dados ME'!D13 -> 0.0692
B8: PAYBACK Descontado | D8: =MATCH(0,F110:AN110,1)+1 -> 35 | G8: ke (Capital Próprio) | H8: =H5+J6*(J7-J5)+J8 -> 0.12674634 | I8: Rc | J8: ='Dados ME'!D14 -> 0.0195
B9: Item | D9: Valor Nominal | E9: VPL | G9: kd (Capital Terceiros) | H9: ='Financiamento '!C29+'Financiamento '!C30+'Financiamento '!C31 -> 0.0779 | I9: TC = CSLL+IRPJ | J9: 0.34
B10: Faturamento | D10: =AO42 -> 1.9494532e+09 | E10: =NPV(D4,F42:AN42) -> 5.8965828e+08 | G10: WACCcalculado | J10: =(('FCD Acionista'!C53/('FCD Acionista'!C53+'FCD Acionista'!C54))*H8)+(('FCD Acionista'!C54/('FCD Acionista'!C53+'FCD Acionista'!C54))*H9*(1-J9)) -> 0.077755274
B11: Arrecadação | D11: =AO43 -> 1.9489523e+09 | E11: =NPV(D4,F43:AN43) -> 5.892605e+08 | L11: =J13/S19 -> 8.529251
B12: Despesas de Capital (CAPEX) | D12: =-AO48 -> 3.0600716e+08 | E12: =-NPV(D4,F48:AN48) -> 1.9443068e+08 | G12: Tarifa média calculada
B13: Despesas operacionais (OPEX) | D13: =-AO53 -> 9.2788285e+08 | E13: =-NPV(D4,F53:AN53) -> 2.7715641e+08 | G13: Tarifa média de Água calculada | J13: =Histograma!Y89 -> 9.36 | L13: Valor Básico para a Matriz Tarifária | N13: Peso dos indices de reajuste (FREI) | P13: Índices | Q13: Io = 12/2023 | R13: In = 12/2025 | S13: Variação
B14: Impostos | D14: =-AO93 -> 3.8482663e+08 | E14: =-NPV(D4,F93:AN93) -> 1.1767341e+08 | G14: Tarifa média de Esgoto calculada | J14: =Histograma!Y90 -> 9.36 | K14: Inicial Cálculo R/m³ | L14: Valor no Io = | M14: 3.17 | N14: P1 (Mão de obra) | O14: =AO55/AO53 -> 0.20733052 | P14: IPCA (IBGE) | Q14: 1 | R14: 1.093554 | S14: =R14/Q14 -> 1.093554
B15: Equity | D15: =AO105 -> 1.3127986e+08 | E15: =NPV(D4,F105:AN105) -> 1.0261461e+08 | G15: Relação Tarifa de Esgoto / Tarifa de Água | J15: =Histograma!G85 -> 1 | K15: 3.48 | L15: Valor no In = | M15: =ROUND(M14*S19,2) -> 3.48 | N15: P2 (Energia Eletrica) | O15: =AO61/AO53 -> 0.09735491 | P15: Tarifa EE Concess | Q15: 0.37832 | R15: 0.44558 | S15: =R15/Q15 -> 1.177786
B16: EBITDA | D16: =(D11-D13)+AO95 -> 8.6159464e+08 | E16: =(E11-E13)+NPV(D4,F95:AN95) -> 2.6381741e+08 | G16: Administração Central (% da Arrecadação do Projeto) | J16: 0.006851939 | K16: Valor Básico Inicial para a construção da matriz tarifária | N16: P3 (Produto Quimico) | O16: =AO62/AO53 -> 0.06792028 | P16: IPP 20C (IBGE) | Q16: 154.95898 | R16: 150.3028 | S16: =R16/Q16 -> 0.96995218
B17: Margem EBITDA | D17: =D16/D11 -> 0.44208093 | E17: =E16/E11 -> 0.4477093 | G17: Taxa de Regulação | J17: 0.005 | N17: P4 (Manut. Redes) | O17: =AO56/AO53 -> 0.21751558 | P17: INCC (FGV ) | Q17: 1 | R17: 1.126749 | S17: 1.112223
B18: EBIT | D18: =D16+AO88 -> 6.6897598e+08 | E18: =E16+NPV(D4,F88:AN88) -> 2.0618308e+08 | G18: % do CAPEX Financiado por terceiros | J18: 0.90123422 | N18: P5 (Outros) | O18: =1-O14-O15-O16-O17 -> 0.40987872 | P18: IPCA (IBGE) | Q18: =Q14 -> 1 | R18: =R14 -> 1.093554 | S18: =R18/Q18 -> 1.093554
B19: Margem EBIT | D19: =D18/D11 -> 0.34324903 | E19: =E18/E11 -> 0.34990141 | N19: Total | O19: =SUM(O14:O18) -> 1 | Q19: Valor de Reajuste Calculado | S19: =ROUND(O14*S14+O15*S15+O16*S16+O17*S17+O18*S18,4) -> 1.0974
G20: VPL Projeto = | H20: =D6 -> 0 | I20: VPL Acionista = | J20: ='FCD Acionista'!D4 -> 0
B22: FLUXO DE CAIXA DO PROJETO
B23: =Cronograma!B1 -> ANO | D23: Base | E23: 0 | F23: =Cronograma!C1 -> 1 | G23: =Cronograma!D1 -> 2 | H23: =Cronograma!E1 -> 3 | I23: =Cronograma!F1 -> 4 | J23: =Cronograma!G1 -> 5 | K23: =Cronograma!H1 -> 6 | L23: =Cronograma!I1 -> 7 | M23: =Cronograma!J1 -> 8 | ... AN23: =Cronograma!AK1 -> 35
D24: 2025 | E24: 2026 | F24: =E24+1 -> 2027 | G24: =F24+1 -> 2028 | H24: =G24+1 -> 2029 | I24: =H24+1 -> 2030 | J24: =I24+1 -> 2031 | K24: =J24+1 -> 2032 | L24: =K24+1 -> 2033 | M24: =L24+1 -> 2034 | ... AN24: =AM24+1 -> 2061 | AO24: ACUMULADO
B25: 1 - RECEITAS
B27: 1.1 - Água
B28: 1.1.1 - Receita faturada Água | F28: =$J$13*'Base Física'!F63 -> 22724367 | G28: =$J$13*'Base Física'!G63 -> 23980161 | H28: =$J$13*'Base Física'!H63 -> 24955276 | I28: =$J$13*'Base Física'!I63 -> 25503445 | J28: =$J$13*'Base Física'!J63 -> 26031293 | K28: =$J$13*'Base Física'!K63 -> 26524602 | L28: =$J$13*'Base Física'!L63 -> 26821819 | M28: =$J$13*'Base Física'!M63 -> 27065797 | ... AN28: =$J$13*'Base Física'!AN63 -> 30690878 | AO28: =+SUM(F28:AN28) -> 9.9780535e+08
B29: 1.1.2 - Receitas faturada com serviços acessórios de Água | C29: 0.02 | F29: =F28*$C29 -> 454487.34 | G29: =G28*$C29 -> 479603.22 | H29: =H28*$C29 -> 499105.53 | I29: =I28*$C29 -> 510068.89 | J29: =J28*$C29 -> 520625.85 | K29: =K28*$C29 -> 530492.04 | L29: =L28*$C29 -> 536436.39 | M29: =M28*$C29 -> 541315.94 | ... AN29: =AN28*$C29 -> 613817.57 | AO29: =+SUM(F29:AN29) -> 19956107
B30: 1.1.3 - Receita recebida Água | F30: =(F28+F29)*(1-'Base Física'!F44) -> 21832163 | G30: =(G28+G29)*(1-'Base Física'!G44) -> 23970569 | H30: =(H28+H29)*(1-'Base Física'!H44) -> 24945294 | I30: =(I28+I29)*(1-'Base Física'!I44) -> 25493243 | J30: =(J28+J29)*(1-'Base Física'!J44) -> 26020880 | K30: =(K28+K29)*(1-'Base Física'!K44) -> 26513992 | L30: =(L28+L29)*(1-'Base Física'!L44) -> 26811091 | M30: =(M28+M29)*(1-'Base Física'!M44) -> 27054971 | ... AN30: =(AN28+AN29)*(1-'Base Física'!AN44) -> 30678602 | AO30: =+SUM(F30:AN30) -> 9.9652312e+08
B31: 1.1.4 - Recuperação de receita de Água no ano | C31: 0.6 | F31: =IF(E31<=0,(F28+F29-F30)*$C31,(E28+E29-E30)*(1-$C$31)+(F28+F29-F30)*$C31) -> 808014.87 | G31: =IF(F31<=0,(G28+G29-G30)*$C31,(F28+F29-F30)*(1-$C$31)+(G28+G29-G30)*$C31) -> 832193.75 | H31: =IF(G31<=0,(H28+H29-H30)*$C31,(G28+G29-G30)*(1-$C$31)+(H28+H29-H30)*$C31) -> 501130.69 | I31: =IF(H31<=0,(I28+I29-I30)*$C31,(H28+H29-H30)*(1-$C$31)+(I28+I29-I30)*$C31) -> 515797.22 | J31: =IF(I31<=0,(J28+J29-J30)*$C31,(I28+I29-I30)*(1-$C$31)+(J28+J29-J30)*$C31) -> 526731.13 | K31: =IF(J31<=0,(K28+K29-K30)*$C31,(J28+J29-J30)*(1-$C$31)+(K28+K29-K30)*$C31) -> 537076.48 | L31: =IF(K31<=0,(L28+L29-L30)*$C31,(K28+K29-K30)*(1-$C$31)+(L28+L29-L30)*$C31) -> 544739.82 | M31: =IF(L31<=0,(M28+M29-M30)*$C31,(L28+L29-L30)*(1-$C$31)+(M28+M29-M30)*$C31) -> 550151.4 | ... AN31: =IF(AM31<=0,(AN28+AN29-AN30)*$C31,(AM28+AM29-AM30)*(1-$C$31)+(AN28+AN29-AN30)*$C31) -> 626683.63 | AO31: =+SUM(F31:AN31) -> 20987906
B32: 1.1.5 - Perda de arrecadação efetiva | F32: =F31 -(F28+F29-F30) -> -538676.58 | G32: =G31 -(G28+G29-G30) -> 342998.46 | H32: =H31 -(H28+H29-H30) -> -7956.942 | I32: =I31 -(I28+I29-I30) -> -4473.0541 | J32: =J31 -(J28+J29-J30) -> -4307.2384 | K32: =K31 -(K28+K29-K30) -> -4025.405 | L32: =L31 -(L28+L29-L30) -> -2425.2943 | M32: =M31 -(M28+M29-M30) -> -1990.8585 | ... AN32: =AN31 -(AN28+AN29-AN30) -> 589.71145 | AO32: =+SUM(F32:AN32) -> -250437.57
B34: 1.2 - Esgoto
B35: 1.2.1 - Receita faturada Esgoto | F35: =$J$14*'Base Física'!F65 -> 0 | G35: =$J$14*'Base Física'!G65 -> 4824808.6 | H35: =$J$14*'Base Física'!H65 -> 9981897.1 | I35: =$J$14*'Base Física'!I65 -> 15301962 | J35: =$J$14*'Base Física'!J65 -> 20825036 | K35: =$J$14*'Base Física'!K65 -> 22546321 | L35: =$J$14*'Base Física'!L65 -> 24139524 | M35: =$J$14*'Base Física'!M65 -> 24900764 | ... AN35: =$J$14*'Base Física'!AN65 -> 30690878 | AO35: =+SUM(F35:AN35) -> 9.1342324e+08
B36: 1.2.2 - Receitas faturada com serviços acessórios de Esgoto | C36: 0.02 | F36: =F35*$C36 -> 0 | G36: =G35*$C36 -> 96496.171 | H36: =H35*$C36 -> 199637.94 | I36: =I35*$C36 -> 306039.24 | J36: =J35*$C36 -> 416500.72 | K36: =K35*$C36 -> 450926.42 | L36: =L35*$C36 -> 482790.48 | M36: =M35*$C36 -> 498015.27 | ... AN36: =AN35*$C36 -> 613817.57 | AO36: =+SUM(F36:AN36) -> 18268465
B37: 1.2.3 - Receita recebida | F37: =(F35+F36)*(1-'Base Física'!F44) -> 0 | G37: =(G35+G36)*(1-'Base Física'!G44) -> 4822878.6 | H37: =(H35+H36)*(1-'Base Física'!H44) -> 9977904.4 | I37: =(I35+I36)*(1-'Base Física'!I44) -> 15295841 | J37: =(J35+J36)*(1-'Base Física'!J44) -> 20816706 | K37: =(K35+K36)*(1-'Base Física'!K44) -> 22537303 | L37: =(L35+L36)*(1-'Base Física'!L44) -> 24129868 | M37: =(M35+M36)*(1-'Base Física'!M44) -> 24890803 | ... AN37: =(AN35+AN36)*(1-'Base Física'!AN44) -> 30678602 | AO37: =+SUM(F37:AN37) -> 9.1305787e+08
B38: 1.2.4 - Recuperação de receita de esgoto | C38: =C31 -> 0.6 | F38: =IF(E38<=0,(F35+F36-F37)*$C38,(E35+E36-E37)*(1-$C$31)+(F35+F36-F37)*$C38) -> 0 | G38: =IF(F38<=0,(G35+G36-G37)*$C38,(F35+F36-F37)*(1-$C$31)+(G35+G36-G37)*$C38) -> 59055.657 | H38: =IF(G38<=0,(H35+H36-H37)*$C38,(G35+G36-G37)*(1-$C$31)+(H35+H36-H37)*$C38) -> 161548.86 | I38: =IF(H38<=0,(I35+I36-I37)*$C38,(H35+H36-H37)*(1-$C$31)+(I35+I36-I37)*$C38) -> 268748.3 | J38: =IF(I38<=0,(J35+J36-J37)*$C38,(I35+I36-I37)*(1-$C$31)+(J35+J36-J37)*$C38) -> 379762.45 | K38: =IF(J38<=0,(K35+K36-K37)*$C38,(J35+J36-J37)*(1-$C$31)+(K35+K36-K37)*$C38) -> 445899.26 | L38: =IF(K38<=0,(L35+L36-L37)*$C38,(K35+K36-K37)*(1-$C$31)+(L35+L36-L37)*$C38) -> 479445.76 | M38: =IF(L38<=0,(M35+M36-M37)*$C38,(L35+L36-L37)*(1-$C$31)+(M35+M36-M37)*$C38) -> 501763.87 | ... AN38: =IF(AM38<=0,(AN35+AN36-AN37)*$C38,(AM35+AM36-AM37)*(1-$C$31)+(AN35+AN36-AN37)*$C38) -> 626683.63 | AO38: =+SUM(F38:AN38) -> 18383397
B39: 1.2.5 - Perda de arrecadação efetiva | F39: =F38 -(F35+F36-F37) -> 0 | G39: =G38 -(G35+G36-G37) -> -39370.438 | H39: =H38 -(H35+H36-H37) -> -42081.843 | I39: =I38 -(I35+I36-I37) -> -43411.729 | J39: =J38 -(J35+J36-J37) -> -45068.283 | K39: =K38 -(K35+K36-K37) -> -14045.688 | L39: =L38 -(L35+L36-L37) -> -13000.537 | M39: =M38 -(M35+M36-M37) -> -6211.7138 | ... AN39: =AN38 -(AN35+AN36-AN37) -> 589.71145 | AO39: =+SUM(F39:AN39) -> -250437.57
B42: 1.3 - Faturamento Bruto anual | F42: =F28+F29+F35+F36 -> 23178854 | G42: =G28+G29+G35+G36 -> 29381069 | H42: =H28+H29+H35+H36 -> 35635917 | I42: =I28+I29+I35+I36 -> 41621515 | J42: =J28+J29+J35+J36 -> 47793455 | K42: =K28+K29+K35+K36 -> 50052342 | L42: =L28+L29+L35+L36 -> 51980571 | M42: =M28+M29+M35+M36 -> 53005892 | ... AN42: =AN28+AN29+AN35+AN36 -> 62609392 | AO42: =+SUM(F42:AN42) -> 1.9494532e+09
B43: 1.4 - Arrecadação Bruta anual | F43: =F30+F31+F37+F38 -> 22640178 | G43: =G30+G31+G37+G38 -> 29684697 | H43: =H30+H31+H37+H38 -> 35585878 | I43: =I30+I31+I37+I38 -> 41573630 | J43: =J30+J31+J37+J38 -> 47744080 | K43: =K30+K31+K37+K38 -> 50034271 | L43: =L30+L31+L37+L38 -> 51965145 | M43: =M30+M31+M37+M38 -> 52997690 | ... AN43: =AN30+AN31+AN37+AN38 -> 62610571 | AO43: =+SUM(F43:AN43) -> 1.9489523e+09
B44: 1.5 - Perda de Receita | F44: =F43-(F28+F29+F35+F36) -> -538676.58 | G44: =G43-(G28+G29+G35+G36) -> 303628.03 | H44: =H43-(H28+H29+H35+H36) -> -50038.785 | I44: =I43-(I28+I29+I35+I36) -> -47884.784 | J44: =J43-(J28+J29+J35+J36) -> -49375.522 | K44: =K43-(K28+K29+K35+K36) -> -18071.093 | L44: =L43-(L28+L29+L35+L36) -> -15425.831 | M44: =M43-(M28+M29+M35+M36) -> -8202.5724 | ... AN44: =AN43-(AN28+AN29+AN35+AN36) -> 1179.4229 | AO44: =+SUM(F44:AN44) -> -500875.14
B46: 2 - DESPESAS
B48: 2.1 -Despesas de Capital (CAPEX) | F48: =F50+F51 -> -5505672.3 | G48: =G50+G51 -> -48726036 | H48: =H50+H51 -> -44724541 | I48: =I50+I51 -> -44243119 | J48: =J50+J51 -> -44934562 | K48: =K50+K51 -> -14554384 | L48: =L50+L51 -> -14585831 | M48: =M50+M51 -> -8292899.2 | ... AN48: =AN50+AN51 -> 1302943.8 | AO48: =+SUM(F48:AN48) -> -3.0600716e+08
B50: 2.1.2 - Água | F50: =-Cronograma!C44 -> -2787413.2 | G50: =-Cronograma!D44 -> -8692409.2 | H50: =-Cronograma!E44 -> -3817518.3 | I50: =-Cronograma!F44 -> -2509663.9 | J50: =-Cronograma!G44 -> -2420387.3 | K50: =-Cronograma!H44 -> -2331110.7 | L50: =-Cronograma!I44 -> -2246793.9 | M50: =-Cronograma!J44 -> -2157517.3 | ... AN50: =-Cronograma!AK44 -> 659654.73 | AO50: =+SUM(F50:AN50) -> -59159276
B51: 2.1.2 - Esgoto | F51: =-Cronograma!C45 -> -2718259.1 | G51: =-Cronograma!D45 -> -40033627 | H51: =-Cronograma!E45 -> -40907022 | I51: =-Cronograma!F45 -> -41733455 | J51: =-Cronograma!G45 -> -42514175 | K51: =-Cronograma!H45 -> -12223273 | L51: =-Cronograma!I45 -> -12339037 | M51: =-Cronograma!J45 -> -6135381.8 | ... AN51: =-Cronograma!AK45 -> 643289.08 | AO51: =+SUM(F51:AN51) -> -2.4684789e+08
B53: 2.2 - Despesas operacionais (OPEX) | F53: =SUM(F55:F67)+F69+F76 -> -13082229 | G53: =SUM(G55:G67)+G69+G76 -> -14743164 | H53: =SUM(H55:H67)+H69+H76 -> -16699675 | I53: =SUM(I55:I67)+I69+I76 -> -18812998 | J53: =SUM(J55:J67)+J69+J76 -> -20368174 | K53: =SUM(K55:K67)+K69+K76 -> -21957397 | L53: =SUM(L55:L67)+L69+L76 -> -23248219 | M53: =SUM(M55:M67)+M69+M76 -> -23994786 | ... AN53: =SUM(AN55:AN67)+AN69+AN76 -> -31799072 | AO53: =+SUM(F53:AN53) -> -9.2788285e+08
B55: 2.2.1 - Custeio de mão de obra e encargos sociais | F55: =-'Mão de Obra'!D17 -> -3834602.1 | G55: =-'Mão de Obra'!E17 -> -4219075.8 | H55: =-'Mão de Obra'!F17 -> -4339617.8 | I55: =-'Mão de Obra'!G17 -> -4317171.3 | J55: =-'Mão de Obra'!H17 -> -4391676.6 | K55: =-'Mão de Obra'!I17 -> -4543942.9 | L55: =-'Mão de Obra'!J17 -> -4593489.7 | M55: =-'Mão de Obra'!K17 -> -4841414.3 | ... AN55: =-'Mão de Obra'!AL17 -> -6392234.6 | AO55: =+SUM(F55:AN55) -> -1.9237843e+08
B56: 2.2.2 - Custeio de serviços e materiais p/ manut. de redes | F56: =-'Manut Rede'!D63 -> -1129195.6 | G56: =-'Manut Rede'!E63 -> -1277418.4 | H56: =-'Manut Rede'!F63 -> -2159277.4 | I56: =-'Manut Rede'!G63 -> -2710227.1 | J56: =-'Manut Rede'!H63 -> -3301014.6 | K56: =-'Manut Rede'!I63 -> -3549880.6 | L56: =-'Manut Rede'!J63 -> -3811253.3 | M56: =-'Manut Rede'!K63 -> -4002491 | ... AN56: =-'Manut Rede'!AL63 -> -9264549.5 | AO56: =+SUM(F56:AN56) -> -2.0182897e+08
B57: 2.2.3 - Custeio de serviços e materiais p/ manut. de veículos | F57: =-Veículos!D16 -> -335617.07 | G57: =-Veículos!E16 -> -335617.07 | H57: =-Veículos!F16 -> -335617.07 | I57: =-Veículos!G16 -> -335617.07 | J57: =-Veículos!H16 -> -342527.46 | K57: =-Veículos!I16 -> -378089.84 | L57: =-Veículos!J16 -> -378089.84 | M57: =-Veículos!K16 -> -378089.84 | ... AN57: =-Veículos!AL16 -> -493500.96 | AO57: =+SUM(F57:AN57) -> -15382680
B58: 2.2.4 - Custeio de serviços e manut. de equipos eletromecânicos | F58: =-'Energia Eletrica'!E35 -> -422294.53 | G58: =-'Energia Eletrica'!F35 -> -478810.11 | H58: =-'Energia Eletrica'!G35 -> -539763.47 | I58: =-'Energia Eletrica'!H35 -> -602715.3 | J58: =-'Energia Eletrica'!I35 -> -674689.64 | K58: =-'Energia Eletrica'!J35 -> -697951.26 | L58: =-'Energia Eletrica'!K35 -> -721830.05 | M58: =-'Energia Eletrica'!L35 -> -746649.29 | ... AN58: =-'Energia Eletrica'!AM35 -> -1145814.5 | AO58: =+SUM(F58:AN58) -> -34034958
B59: 2.2.5 - Reposição de ativos e equipamentos. | F59: =-'Reposição de Ativos'!D17 -> -418384 | G59: =-'Reposição de Ativos'!E17 -> -540071.52 | H59: =-'Reposição de Ativos'!F17 -> -649710.08 | I59: =-'Reposição de Ativos'!G17 -> -1385222.6 | J59: =-'Reposição de Ativos'!H17 -> -1371310.2 | K59: =-'Reposição de Ativos'!I17 -> -2190655.2 | L59: =-'Reposição de Ativos'!J17 -> -2831453.6 | M59: =-'Reposição de Ativos'!K17 -> -2918344.6 | ... AN59: =-'Reposição de Ativos'!AL17 -> -613366.91 | AO59: =+SUM(F59:AN59) -> -58004888
B60: 2.2.6 - Custeio de combustíveis e lubrificantes | F60: =-Veículos!D17 -> -783095.01 | G60: =-Veículos!E17 -> -783095.01 | H60: =-Veículos!F17 -> -783095.01 | I60: =-Veículos!G17 -> -783095.01 | J60: =-Veículos!H17 -> -846302.98 | K60: =-Veículos!I17 -> -926416.27 | L60: =-Veículos!J17 -> -926416.27 | M60: =-Veículos!K17 -> -926416.27 | ... AN60: =-Veículos!AL17 -> -1278802.8 | AO60: =+SUM(F60:AN60) -> -38691828
B61: 2.2.7 - Custeio de energia elétrica | F61: =-'Energia Eletrica'!E22 -> -1129513.8 | G61: =-'Energia Eletrica'!F22 -> -1271818.8 | H61: =-'Energia Eletrica'!G22 -> -1450021.6 | I61: =-'Energia Eletrica'!H22 -> -1618847.6 | J61: =-'Energia Eletrica'!I22 -> -1809396.6 | K61: =-'Energia Eletrica'!J22 -> -1866798.5 | L61: =-'Energia Eletrica'!K22 -> -1924657 | M61: =-'Energia Eletrica'!L22 -> -1987324.7 | ... AN61: =-'Energia Eletrica'!AM22 -> -3037045.4 | AO61: =+SUM(F61:AN61) -> -90333952
B62: 2.2.8 - Custeio de produto químico | F62: =-'Produto Químico'!E27 -> -1377653.6 | G62: =-'Produto Químico'!F27 -> -1463078.3 | H62: =-'Produto Químico'!G27 -> -1543559.7 | I62: =-'Produto Químico'!H27 -> -1611884.6 | J62: =-'Produto Químico'!I27 -> -1689260.6 | K62: =-'Produto Químico'!J27 -> -1697507.6 | L62: =-'Produto Químico'!K27 -> -1702256.6 | M62: =-'Produto Químico'!L27 -> -1720541.1 | ... AN62: =-'Produto Químico'!AM27 -> -1940865.9 | AO62: =+SUM(F62:AN62) -> -63022062
B63: 2.2.9 - Custeio administrativo e comercial | F63: =-F42*0.0300343386711128 -> -696161.56 | G63: =-G42*0.0300343386711128 -> -882440.97 | H63: =-H42*0.0300343386711128 -> -1070301.2 | I63: =-I42*0.0300343386711128 -> -1250074.7 | J63: =-J42*0.0300343386711128 -> -1435444.8 | K63: =-K42*0.0300343386711128 -> -1503289 | L63: =-L42*0.0300343386711128 -> -1561202.1 | M63: =-M42*0.0300343386711128 -> -1591996.9 | ... AN63: =-AN42*0.0300343386711128 -> -1880431.7 | AO63: =+SUM(F63:AN63) -> -58550537
B64: 2.2.10 - Custeio legal e regulação | F64: =-'Legal e Regulação'!E10 -> -218321.63 | G64: =-'Legal e Regulação'!F10 -> -287934.47 | H64: =-'Legal e Regulação'!G10 -> -349231.99 | I64: =-'Legal e Regulação'!H10 -> -407890.85 | J64: =-'Legal e Regulação'!I10 -> -468375.86 | K64: =-'Legal e Regulação'!J10 -> -490512.95 | L64: =-'Legal e Regulação'!K10 -> -509409.59 | M64: =-'Legal e Regulação'!L10 -> -519457.74 | ... AN64: =-'Legal e Regulação'!AM10 -> -613572.04 | AO64: =+SUM(F64:AN64) -> -19095810
B65: 2.2.11 - Despesas diversas | C65: 0.12099751 | F65: =(F55+F56+F57+F58+F59+F60+F61+F62+F63+F64+F66)*$C$65 -> -1275370.6 | G65: =(G55+G56+G57+G58+G59+G60+G61+G62+G63+G64+G66)*$C$65 -> -1421350.1 | H65: =(H55+H56+H57+H58+H59+H60+H61+H62+H63+H64+H66)*$C$65 -> -1626088.3 | I65: =(I55+I56+I57+I58+I59+I60+I61+I62+I63+I64+I66)*$C$65 -> -1845344.3 | J65: =(J55+J56+J57+J58+J59+J60+J61+J62+J63+J64+J66)*$C$65 -> -2004824.4 | K65: =(K55+K56+K57+K58+K59+K60+K61+K62+K63+K64+K66)*$C$65 -> -2188278.1 | L65: =(L55+L56+L57+L58+L59+L60+L61+L62+L63+L64+L66)*$C$65 -> -2323266.2 | M65: =(M55+M56+M57+M58+M59+M60+M61+M62+M63+M64+M66)*$C$65 -> -2404967.6 | ... AN65: =(AN55+AN56+AN57+AN58+AN59+AN60+AN61+AN62+AN63+AN64+AN66)*$C$65 -> -3259028.5 | AO65: =+SUM(F65:AN65) -> -94407193
B66: 2.2.12 - Pagamento pelo uso de recursos hídricos | F66: =-'Recursos Hidricos'!E10 -> -195631.04 | G66: =-'Recursos Hidricos'!F10 -> -207575.96 | H66: =-'Recursos Hidricos'!G10 -> -218827.23 | I66: =-'Recursos Hidricos'!H10 -> -228347.26 | J66: =-'Recursos Hidricos'!I10 -> -239138.4 | K66: =-'Recursos Hidricos'!J10 -> -240271.35 | L66: =-'Recursos Hidricos'!K10 -> -240884.19 | M66: =-'Recursos Hidricos'!L10 -> -243448.8 | ... AN66: =-'Recursos Hidricos'!AM10 -> -274489.68 | AO66: =+SUM(F66:AN66) -> -8916673.9
B67: 2.2.13 - Reserva técnica de contingência e emergências | F67: {=SUM(F55:F66*2%)} -> -236316.81 | G67: {=SUM(G55:G66*2%)} -> -263365.73 | H67: {=SUM(H55:H66*2%)} -> -301302.22 | I67: {=SUM(I55:I66*2%)} -> -341928.75 | J67: {=SUM(J55:J66*2%)} -> -371479.24 | K67: {=SUM(K55:K66*2%)} -> -405471.87 | L67: {=SUM(L55:L66*2%)} -> -430484.17 | M67: {=SUM(M55:M66*2%)} -> -445622.84 | ... AN67: {=SUM(AN55:AN66*2%)} -> -603874.05 | AO67: =+SUM(F67:AN67) -> -17492960
B69: 2.2.14 - Seguros e Garantias | F69: =F71+F72+F73+F74 -> -874942.38 | G69: =G71+G72+G73+G74 -> -1108113.7 | H69: =H71+H72+H73+H74 -> -1089429.8 | I69: =I71+I72+I73+I74 -> -1089771.5 | J69: =J71+J72+J73+J74 -> -1095592.7 | K69: =K71+K72+K73+K74 -> -935499.67 | L69: =L71+L72+L73+L74 -> -937464 | M69: =M71+M72+M73+M74 -> -904883.89 | ... AN69: =AN71+AN72+AN73+AN74 -> -572491.86 | AO69: =+SUM(F69:AN69) -> -22387804
B71: 2.2.14.1 - Seguros sobre investimentos | F71: ='Seguros e Garantias'!$I$4*F48 -> -29455.347 | G71: ='Seguros e Garantias'!$I$4*G48 -> -260684.29 | H71: ='Seguros e Garantias'!$I$4*H48 -> -239276.29 | I71: ='Seguros e Garantias'!$I$4*I48 -> -236700.69 | J71: ='Seguros e Garantias'!$I$4*J48 -> -240399.91 | K71: ='Seguros e Garantias'!$I$4*K48 -> -77865.953 | L71: ='Seguros e Garantias'!$I$4*L48 -> -78034.196 | M71: ='Seguros e Garantias'!$I$4*M48 -> -44367.011 | ... AN71: ='Seguros e Garantias'!$I$4*AN48 -> 6970.7494 | AO71: =+SUM(F71:AN71) -> -1637138.3
B72: 2.2.14.2 - Garantias de Execução Contrato | F72: =-'Seguros e Garantias'!D32 -> -731044.94 | G72: =-'Seguros e Garantias'!E32 -> -731044.94 | H72: =-'Seguros e Garantias'!F32 -> -731044.94 | I72: =-'Seguros e Garantias'!G32 -> -731044.94 | J72: =-'Seguros e Garantias'!H32 -> -731044.94 | K72: =-'Seguros e Garantias'!I32 -> -731044.94 | L72: =-'Seguros e Garantias'!J32 -> -731044.94 | M72: =-'Seguros e Garantias'!K32 -> -731044.94 | ... AN72: =-'Seguros e Garantias'!AL32 -> -438626.96 | AO72: =+SUM(F72:AN72) -> -16082989
B73: 2.2.14.3 - Seguro sobre Riscos Gerais | F73: =-'Seguros e Garantias'!D26 -> -97472.658 | G73: =-'Seguros e Garantias'!E26 -> -97472.658 | H73: =-'Seguros e Garantias'!F26 -> -97472.658 | I73: =-'Seguros e Garantias'!G26 -> -97472.658 | J73: =-'Seguros e Garantias'!H26 -> -97472.658 | K73: =-'Seguros e Garantias'!I26 -> -97472.658 | L73: =-'Seguros e Garantias'!J26 -> -97472.658 | M73: =-'Seguros e Garantias'!K26 -> -97472.658 | ... AN73: =-'Seguros e Garantias'!AL26 -> -97472.658 | AO73: =+SUM(F73:AN73) -> -3411543
B74: 2.2.14.4 - Seguro sobre Operação | F74: =(F55+F56+F57+F58+F59+F60+F61+F62+F63+F64+F65+F66+F67)*'Seguros e Garantias'!$I$6 -> -16969.438 | G74: =(G55+G56+G57+G58+G59+G60+G61+G62+G63+G64+G65+G66+G67)*'Seguros e Garantias'!$I$6 -> -18911.766 | H74: =(H55+H56+H57+H58+H59+H60+H61+H62+H63+H64+H65+H66+H67)*'Seguros e Garantias'!$I$6 -> -21635.91 | I74: =(I55+I56+I57+I58+I59+I60+I61+I62+I63+I64+I65+I66+I67)*'Seguros e Garantias'!$I$6 -> -24553.22 | J74: =(J55+J56+J57+J58+J59+J60+J61+J62+J63+J64+J65+J66+J67)*'Seguros e Garantias'!$I$6 -> -26675.181 | K74: =(K55+K56+K57+K58+K59+K60+K61+K62+K63+K64+K65+K66+K67)*'Seguros e Garantias'!$I$6 -> -29116.124 | L74: =(L55+L56+L57+L58+L59+L60+L61+L62+L63+L64+L65+L66+L67)*'Seguros e Garantias'!$I$6 -> -30912.207 | M74: =(M55+M56+M57+M58+M59+M60+M61+M62+M63+M64+M65+M66+M67)*'Seguros e Garantias'!$I$6 -> -31999.285 | ... AN74: =(AN55+AN56+AN57+AN58+AN59+AN60+AN61+AN62+AN63+AN64+AN65+AN66+AN67)*'Seguros e Garantias'!$I$6 -> -43362.988 | AO74: =+SUM(F74:AN74) -> -1256134.4
B76: 2.2.15 - Taxa de Administração Central | F76: =-F43*$J$16 -> -155129.12 | G76: =-G43*$J$16 -> -203397.73 | H76: =-H43*$J$16 -> -243832.27 | I76: =-I43*$J$16 -> -284859.98 | J76: =-J43*$J$16 -> -327139.52 | K76: =-K43*$J$16 -> -342831.77 | L76: =-L43*$J$16 -> -356062 | M76: =-M43*$J$16 -> -363136.94 | ... AN76: =-AN43*$J$16 -> -429003.82 | AO76: =+SUM(F76:AN76) -> -13354102
F77: =F48+F53 -> -18587901 | G77: =G48+G53 -> -63469200 | H77: =H48+H53 -> -61424216 | I77: =I48+I53 -> -63056117 | J77: =J48+J53 -> -65302736 | K77: =K48+K53 -> -36511781 | L77: =L48+L53 -> -37834049 | M77: =M48+M53 -> -32287685 | ... AN77: =AN48+AN53 -> -30496128 | AO77: =+SUM(F77:AN77) -> -1.23389e+09
B78: Despesas Totais (ToTEX)
B80: 3 - RESUMO
B81: 3.1 - Faturamento Bruto | F81: =F42 -> 23178854 | G81: =G42 -> 29381069 | H81: =H42 -> 35635917 | I81: =I42 -> 41621515 | J81: =J42 -> 47793455 | K81: =K42 -> 50052342 | L81: =L42 -> 51980571 | M81: =M42 -> 53005892 | ... AN81: =AN42 -> 62609392 | AO81: =+SUM(F81:AN81) -> 1.9494532e+09
B82: 3.2 - Arrecadação Bruta | F82: =F43 -> 22640178 | G82: =G43 -> 29684697 | H82: =H43 -> 35585878 | I82: =I43 -> 41573630 | J82: =J43 -> 47744080 | K82: =K43 -> 50034271 | L82: =L43 -> 51965145 | M82: =M43 -> 52997690 | ... AN82: =AN43 -> 62610571 | AO82: =+SUM(F82:AN82) -> 1.9489523e+09
B83: 3.3 - Perda de Arrecadação | F83: =F82-F81 -> -538676.58 | G83: =G82-G81 -> 303628.03 | H83: =H82-H81 -> -50038.785 | I83: =I82-I81 -> -47884.784 | J83: =J82-J81 -> -49375.522 | K83: =K82-K81 -> -18071.093 | L83: =L82-L81 -> -15425.831 | M83: =M82-M81 -> -8202.5724 | ... AN83: =AN82-AN81 -> 1179.4229 | AO83: =+SUM(F83:AN83) -> -500875.14
B85: 3.4 - Receita Líquida | F85: =F82+F96+F97+F98 -> 20545748 | G85: =G82+G96+G97+G98 -> 27149860 | H85: =H82+H96+H97+H98 -> 32591928 | I85: =I82+I96+I97+I98 -> 38149415 | J85: =J82+J96+J97+J98 -> 43874634 | K85: =K82+K96+K97+K98 -> 45982504 | L85: =L82+L96+L97+L98 -> 47763871 | M85: =M82+M96+M97+M98 -> 48709912 | ... AN85: =AN82+AN96+AN97+AN98 -> 57378170 | AO85: =+SUM(F85:AN85) -> 1.7894775e+09
B86: 3.5 - Custeio | F86: =F53 -> -13082229 | G86: =G53 -> -14743164 | H86: =H53 -> -16699675 | I86: =I53 -> -18812998 | J86: =J53 -> -20368174 | K86: =K53 -> -21957397 | L86: =L53 -> -23248219 | M86: =M53 -> -23994786 | ... AN86: =AN53 -> -31799072 | AO86: =+SUM(F86:AN86) -> -9.2788285e+08
B87: 3.6 - Investimento | F87: =F48 -> -5505672.3 | G87: =G48 -> -48726036 | H87: =H48 -> -44724541 | I87: =I48 -> -44243119 | J87: =J48 -> -44934562 | K87: =K48 -> -14554384 | L87: =L48 -> -14585831 | M87: =M48 -> -8292899.2 | ... AN87: =AN48 -> 1302943.8 | AO87: =+SUM(F87:AN87) -> -3.0600716e+08
B88: 3.7 - Depreciação | F88: =-'Depreciação '!H79 -> -149132.46 | G88: =-'Depreciação '!I79 -> -1524326.8 | H88: =-'Depreciação '!J79 -> -2775533.4 | I88: =-'Depreciação '!K79 -> -4017517.7 | J88: =-'Depreciação '!L79 -> -5282144.7 | K88: =-'Depreciação '!M79 -> -5572261.6 | L88: =-'Depreciação '!N79 -> -5869779.1 | M88: =-'Depreciação '!O79 -> -5957443.5 | ... AN88: =-'Depreciação '!AP79 -> -5249668.1 | AO88: =+SUM(F88:AN88) -> -1.9261866e+08
B90: 3.8 - Saldo Operacional antes dos impostos sobre faturamento | F90: =SUM(F82,F86:F87) -> 4052276.6 | G90: =SUM(G82,G86:G87) -> -33784503 | H90: =SUM(H82,H86:H87) -> -25838338 | I90: =SUM(I82,I86:I87) -> -21482487 | J90: =SUM(J82,J86:J87) -> -17558656 | K90: =SUM(K82,K86:K87) -> 13522490 | L90: =SUM(L82,L86:L87) -> 14131095 | M90: =SUM(M82,M86:M87) -> 20710005 | ... AN90: =SUM(AN82,AN86:AN87) -> 32114443 | AO90: =+SUM(F90:AN90) -> 7.1506228e+08
B91: 3.9 - Saldo Operacional depois dos impostos sobre faturamento | F91: =F90+F95 -> 1957846.8 | G91: =G90+G95 -> -36319339 | H91: =H90+H95 -> -28832287 | I91: =I90+I95 -> -24906702 | J91: =J90+J95 -> -21428102 | K91: =K90+K95 -> 9470723.1 | L91: =L90+L95 -> 9929821.8 | M91: =M90+M95 -> 16422227 | ... AN91: =AN90+AN95 -> 26882042 | AO91: =+SUM(F91:AN91) -> 5.5558748e+08
B93: 3.10 - Impostos | F93: =F95+F100 -> -4521321.2 | G93: =G95+G100 -> -6174842.3 | H93: =H95+H100 -> -7393634.5 | I93: =I95+I100 -> -8572640.9 | J93: =J95+J100 -> -10005713 | K93: =K95+K100 -> -10265734 | L93: =L95+L100 -> -10480870 | M93: =M95+M100 -> -10605390 | ... AN93: =AN95+AN100 -> -12084407 | AO93: =+SUM(F93:AN93) -> -3.8482663e+08
B95: 3.10.1 - Impostos sobre o faturamento | F95: =SUM(F96:F98) -> -2094429.8 | G95: =SUM(G96:G98) -> -2534836.5 | H95: =SUM(H96:H98) -> -2993949.8 | I95: =SUM(I96:I98) -> -3424215.1 | J95: =SUM(J96:J98) -> -3869445.9 | K95: =SUM(K96:K98) -> -4051766.9 | L95: =SUM(L96:L98) -> -4201273.4 | M95: =SUM(M96:M98) -> -4287777.7 | ... AN95: =SUM(AN96:AN98) -> -5232401 | AO95: =+SUM(F95:AN95) -> -1.594748e+08
B96: 3.10.1.1 - ISS | C96: 0.03 | F96: =(F55+F56+F57+F58)*$C$96*0.4 -> -68660.512 | G96: =(G55+G56+G57+G58)*$C$96*0.4 -> -75731.057 | H96: =(H55+H56+H57+H58)*$C$96*0.4 -> -88491.31 | I96: =(I55+I56+I57+I58)*$C$96*0.4 -> -95588.769 | J96: =(J55+J56+J57+J58)*$C$96*0.4 -> -104518.9 | K96: =(K55+K56+K57+K58)*$C$96*0.4 -> -110038.37 | L96: =(L55+L56+L57+L58)*$C$96*0.4 -> -114055.95 | M96: =(M55+M56+M57+M58)*$C$96*0.4 -> -119623.73 | ... AN96: =(AN55+AN56+AN57+AN58)*$C$96*0.4 -> -207553.19 | AO96: =+SUM(F96:AN96) -> -5323500.5
B97: 3.10.1.2 - PIS | C97: 0.0165 | F97: =-(F42+F61+F88)*$C$97 -> -361353.43 | G97: =-(G42+G61+G88)*$C$97 -> -438651.23 | H97: =-(H42+H61+H88)*$C$97 -> -518270.97 | I97: =-(I42+I61+I88)*$C$97 -> -593754.97 | J97: =-(J42+J61+J88)*$C$97 -> -671581.58 | K97: =-(K42+K61+K88)*$C$97 -> -703119.15 | L97: =-(L42+L61+L88)*$C$97 -> -729071.22 | M97: =-(M42+M61+M88)*$C$97 -> -743508.54 | ... AN97: =-(AN42+AN61+AN88)*$C$97 -> -896324.2 | AO97: =+SUM(F97:AN97) -> -27497259
B98: 3.10.1.3 - COFINS | C98: 0.076 | F98: =-(F42+F61+F88)*$C$98 -> -1664415.8 | G98: =-(G42+G61+G88)*$C$98 -> -2020454.2 | H98: =-(H42+H61+H88)*$C$98 -> -2387187.5 | I98: =-(I42+I61+I88)*$C$98 -> -2734871.4 | J98: =-(J42+J61+J88)*$C$98 -> -3093345.5 | K98: =-(K42+K61+K88)*$C$98 -> -3238609.4 | L98: =-(L42+L61+L88)*$C$98 -> -3358146.2 | M98: =-(M42+M61+M88)*$C$98 -> -3424645.4 | ... AN98: =-(AN42+AN61+AN88)*$C$98 -> -4128523.6 | AO98: =+SUM(F98:AN98) -> -1.2665404e+08
B100: 3.10.2 - Impostos sobre a renda | F100: =SUM(F102:F103) -> -2426891.5 | G100: =SUM(G102:G103) -> -3640005.8 | H100: =SUM(H102:H103) -> -4399684.7 | I100: =SUM(I102:I103) -> -5148425.8 | J100: =SUM(J102:J103) -> -6136267.2 | K100: =SUM(K102:K103) -> -6213967.4 | L100: =SUM(L102:L103) -> -6279597.1 | M100: =SUM(M102:M103) -> -6317612 | ... AN100: =SUM(AN102:AN103) -> -6852006.3 | AO100: =+SUM(F100:AN100) -> -2.2535183e+08
B101: 3.10.2.1 - Base de cálculo CSLL e IRPJ | F101: =F43+F53+F88+F95 -> 7314386.7 | G101: =G43+G53+G88+G95 -> 10882370 | H101: =H43+H53+H88+H95 -> 13116720 | I101: =I43+I53+I88+I95 -> 15318899 | J101: =J43+J53+J88+J95 -> 18224315 | K101: =K43+K53+K88+K95 -> 18452845 | L101: =L43+L53+L88+L95 -> 18645874 | M101: =M43+M53+M88+M95 -> 18757682 | ... AN101: =AN43+AN53+AN88+AN95 -> 20329430 | AO101: =+SUM(F101:AN101) -> 6.6897598e+08
B102: 3.10.2.2 - CSLL | C102: 0.09 | F102: =-IF(F101<=0,0,F101*$C$102) -> -658294.8 | G102: =-IF(G101<=0,0,G101*$C$102) -> -979413.3 | H102: =-IF(H101<=0,0,H101*$C$102) -> -1180504.8 | I102: =-IF(I101<=0,0,I101*$C$102) -> -1378700.9 | J102: =-IF(J101<=0,0,J101*$C$102) -> -1640188.4 | K102: =-IF(K101<=0,0,K101*$C$102) -> -1660756.1 | L102: =-IF(L101<=0,0,L101*$C$102) -> -1678128.6 | M102: =-IF(M101<=0,0,M101*$C$102) -> -1688191.4 | ... AN102: =-IF(AN101<=0,0,AN101*$C$102) -> -1829648.7 | AO102: =+SUM(F102:AN102) -> -60207838
B103: 3.10.2.3 - IRPJ | C103: 0.15 | F103: =-IF(F101<=0,0,IF(F101<=240000,((F101)*$C$103),((F101-240000)*$C$104))) -> -1768596.7 | G103: =-IF(G101<=0,0,IF(G101<=240000,((G101)*$C$103),((G101-240000)*$C$104))) -> -2660592.5 | H103: =-IF(H101<=0,0,IF(H101<=240000,((H101)*$C$103),((H101-240000)*$C$104))) -> -3219179.9 | I103: =-IF(I101<=0,0,IF(I101<=240000,((I101)*$C$103),((I101-240000)*$C$104))) -> -3769724.9 | J103: =-IF(J101<=0,0,IF(J101<=240000,((J101)*$C$103),((J101-240000)*$C$104))) -> -4496078.8 | K103: =-IF(K101<=0,0,IF(K101<=240000,((K101)*$C$103),((K101-240000)*$C$104))) -> -4553211.3 | L103: =-IF(L101<=0,0,IF(L101<=240000,((L101)*$C$103),((L101-240000)*$C$104))) -> -4601468.4 | M103: =-IF(M101<=0,0,IF(M101<=240000,((M101)*$C$103),((M101-240000)*$C$104))) -> -4629420.6 | ... AN103: =-IF(AN101<=0,0,IF(AN101<=240000,((AN101)*$C$103),((AN101-240000)*$C$104))) -> -5022357.6 | AO103: =+SUM(F103:AN103) -> -1.6514399e+08
C104: 0.25
B105: 3.11- Equity | F105: =IF(F107<0,-F107,0) -> 469044.67 | G105: =IF(G107<0,-G107,0) -> 39959345 | H105: =IF(H107<0,-H107,0) -> 33231972 | I105: =IF(I107<0,-I107,0) -> 30055128 | J105: =IF(J107<0,-J107,0) -> 27564369 | K105: =IF(K107<0,-K107,0) -> 0 | L105: =IF(L107<0,-L107,0) -> 0 | M105: =IF(M107<0,-M107,0) -> 0 | ... AN105: =IF(AN107<0,-AN107,0) -> 0 | AO105: =+SUM(F105:AN105) -> 1.3127986e+08
B107: Saldo de CX | D107: =MATCH(0,F107:AN107,1)+1 -> 6 | F107: =F43+F48+F53+F93 -> -469044.67 | G107: =G43+G48+G53+G93 -> -39959345 | H107: =H43+H48+H53+H93 -> -33231972 | I107: =I43+I48+I53+I93 -> -30055128 | J107: =J43+J48+J53+J93 -> -27564369 | K107: =K43+K48+K53+K93 -> 3256755.7 | L107: =L43+L48+L53+L93 -> 3650224.8 | M107: =M43+M48+M53+M93 -> 10104615 | ... AN107: =AN43+AN48+AN53+AN93 -> 20030036 | AO107: =+SUM(F107:AN107) -> 3.3023564e+08
B108: Saldo de CX Acumulado | D108: =MATCH(0,F108:AN108,1)+1 -> 17 | F108: =F107 -> -469044.67 | G108: =F108+G107 -> -40428390 | H108: =G108+H107 -> -73660362 | I108: =H108+I107 -> -1.0371549e+08 | J108: =I108+J107 -> -1.3127986e+08 | K108: =J108+K107 -> -1.280231e+08 | L108: =K108+L107 -> -1.2437288e+08 | M108: =L108+M107 -> -1.1426826e+08 | N108: =M108+N107 -> -1.0402729e+08 | ... AN108: =AM108+AN107 -> 3.3023564e+08
B109: Saldo de CX Descontado | D109: =MATCH(0,F109:AN109,1)+1 -> 6 | F109: =F107/(1+$D$4)^Cronograma!C1 -> -435205.17 | G109: =G107/(1+$D$4)^Cronograma!D1 -> -34401553 | H109: =H107/(1+$D$4)^Cronograma!E1 -> -26545789 | I109: =I107/(1+$D$4)^Cronograma!F1 -> -22276038 | J109: =J107/(1+$D$4)^Cronograma!G1 -> -18956025 | K109: =K107/(1+$D$4)^Cronograma!H1 -> 2078089.5 | L109: =L107/(1+$D$4)^Cronograma!I1 -> 2161118.1 | M109: =M107/(1+$D$4)^Cronograma!J1 -> 5550837.4 | ... AN109: =AN107/(1+$D$4)^Cronograma!AK1 -> 1457056 | AO109: =+SUM(F109:AN109) -> 0.0022638859
B110: Saldo de CX Descontado Acumulado | D110: =IF(AO110<=0,35,MATCH(0,F110:AN110,1)) -> 35 | F110: =F109 -> -435205.17 | G110: =F110+G109 -> -34836758 | H110: =G110+H109 -> -61382548 | I110: =H110+I109 -> -83658586 | J110: =I110+J109 -> -1.0261461e+08 | K110: =J110+K109 -> -1.0053652e+08 | L110: =K110+L109 -> -98375403 | M110: =L110+M109 -> -92824566 | N110: =M110+N109 -> -87604694 | ... AN110: =AM110+AN109 -> 0.0022638859
AG194: =AJ23 -> 31 | AH194: =AK23 -> 32 | AI194: =AL23 -> 33 | AJ194: =AM23 -> 34 | AK194: =AN23 -> 35
AG195: =AJ24 -> 2057 | AH195: =AK24 -> 2058 | AI195: =AL24 -> 2059 | AJ195: =AM24 -> 2060 | AK195: =AN24 -> 2061
AG196: =AJ42/$B$190 -> #DIV/0! | AH196: =AK42/$B$190 -> #DIV/0! | AI196: =AL42/$B$190 -> #DIV/0! | AJ196: =AM42/$B$190 -> #DIV/0! | AK196: =AN42/$B$190 -> #DIV/0!
AG197: =AJ43/$B$190 -> #DIV/0! | AH197: =AK43/$B$190 -> #DIV/0! | AI197: =AL43/$B$190 -> #DIV/0! | AJ197: =AM43/$B$190 -> #DIV/0! | AK197: =AN43/$B$190 -> #DIV/0!
AG198: =AJ48/$B$190 -> #DIV/0! | AH198: =AK48/$B$190 -> #DIV/0! | AI198: =AL48/$B$190 -> #DIV/0! | AJ198: =AM48/$B$190 -> #DIV/0! | AK198: =AN48/$B$190 -> #DIV/0!
AG199: =AJ50/$B$190 -> #DIV/0! | AH199: =AK50/$B$190 -> #DIV/0! | AI199: =AL50/$B$190 -> #DIV/0! | AJ199: =AM50/$B$190 -> #DIV/0! | AK199: =AN50/$B$190 -> #DIV/0!
AG200: =AJ51/$B$190 -> #DIV/0! | AH200: =AK51/$B$190 -> #DIV/0! | AI200: =AL51/$B$190 -> #DIV/0! | AJ200: =AM51/$B$190 -> #DIV/0! | AK200: =AN51/$B$190 -> #DIV/0!
AG201: =AJ53/$B$190 -> #DIV/0! | AH201: =AK53/$B$190 -> #DIV/0! | AI201: =AL53/$B$190 -> #DIV/0! | AJ201: =AM53/$B$190 -> #DIV/0! | AK201: =AN53/$B$190 -> #DIV/0!
AG202: =AJ55/$B$190 -> #DIV/0! | AH202: =AK55/$B$190 -> #DIV/0! | AI202: =AL55/$B$190 -> #DIV/0! | AJ202: =AM55/$B$190 -> #DIV/0! | AK202: =AN55/$B$190 -> #DIV/0!
AG203: =AJ56/$B$190 -> #DIV/0! | AH203: =AK56/$B$190 -> #DIV/0! | AI203: =AL56/$B$190 -> #DIV/0! | AJ203: =AM56/$B$190 -> #DIV/0! | AK203: =AN56/$B$190 -> #DIV/0!
...

Sheet DRE PROJETO
A1: Preenchimento
A2: Fórmulas | B2: DRE - Demonstração de Resultado do Exercício (R$) | C2: ='FCD Acionista'!D20 -> Base | D2: ='FCD Acionista'!E20 -> 0 | E2: ='FCD Acionista'!F20 -> 1 | F2: ='FCD Acionista'!G20 -> 2 | G2: ='FCD Acionista'!H20 -> 3 | H2: ='FCD Acionista'!I20 -> 4 | I2: ='FCD Acionista'!J20 -> 5 | J2: ='FCD Acionista'!K20 -> 6 | ... AM2: ='FCD Acionista'!AN20 -> 35 | AN2: ACUMULADO
C3: ='FCD Acionista'!D21 -> 2025 | D3: ='FCD Acionista'!E21 -> 2026 | E3: ='FCD Acionista'!F21 -> 2027 | F3: ='FCD Acionista'!G21 -> 2028 | G3: ='FCD Acionista'!H21 -> 2029 | H3: ='FCD Acionista'!I21 -> 2030 | I3: ='FCD Acionista'!J21 -> 2031 | J3: ='FCD Acionista'!K21 -> 2032 | ... AM3: ='FCD Acionista'!AN21 -> 2061
B4: Receita Operacional Bruta | E4: =SUM(E5:E7) -> 22640178 | F4: =SUM(F5:F7) -> 29684697 | G4: =SUM(G5:G7) -> 35585878 | H4: =SUM(H5:H7) -> 41573630 | I4: =SUM(I5:I7) -> 47744080 | J4: =SUM(J5:J7) -> 50034271 | K4: =SUM(K5:K7) -> 51965145 | L4: =SUM(L5:L7) -> 52997690 | ... AM4: =SUM(AM5:AM7) -> 62610571 | AN4: =SUM(E4:AM4) -> 1.9489523e+09
B5: Água | E5: =('FCD PROJETO'!F30+'FCD PROJETO'!F31) -> 22640178 | F5: =('FCD PROJETO'!G30+'FCD PROJETO'!G31) -> 24802763 | G5: =('FCD PROJETO'!H30+'FCD PROJETO'!H31) -> 25446425 | H5: =('FCD PROJETO'!I30+'FCD PROJETO'!I31) -> 26009041 | I5: =('FCD PROJETO'!J30+'FCD PROJETO'!J31) -> 26547611 | J5: =('FCD PROJETO'!K30+'FCD PROJETO'!K31) -> 27051069 | K5: =('FCD PROJETO'!L30+'FCD PROJETO'!L31) -> 27355831 | L5: =('FCD PROJETO'!M30+'FCD PROJETO'!M31) -> 27605122 | ... AM5: =('FCD PROJETO'!AN30+'FCD PROJETO'!AN31) -> 31305286 | AN5: =SUM(E5:AM5) -> 1.017511e+09
B6: Esgoto | E6: =('FCD PROJETO'!F37+'FCD PROJETO'!F38) -> 0 | F6: =('FCD PROJETO'!G37+'FCD PROJETO'!G38) -> 4881934.3 | G6: =('FCD PROJETO'!H37+'FCD PROJETO'!H38) -> 10139453 | H6: =('FCD PROJETO'!I37+'FCD PROJETO'!I38) -> 15564590 | I6: =('FCD PROJETO'!J37+'FCD PROJETO'!J38) -> 21196468 | J6: =('FCD PROJETO'!K37+'FCD PROJETO'!K38) -> 22983202 | K6: =('FCD PROJETO'!L37+'FCD PROJETO'!L38) -> 24609314 | L6: =('FCD PROJETO'!M37+'FCD PROJETO'!M38) -> 25392567 | ... AM6: =('FCD PROJETO'!AN37+'FCD PROJETO'!AN38) -> 31305286 | AN6: =SUM(E6:AM6) -> 9.3144127e+08
B7: Receitas acessórias | E7: 0 | F7: 0 | G7: 0 | H7: 0 | I7: 0 | J7: 0 | K7: 0 | L7: 0 | M7: 0 | N7: 0 | O7: 0 | P7: 0 | Q7: 0 | R7: 0 | S7: 0 | T7: 0 | U7: 0 | V7: 0 | W7: 0 | X7: 0 | Y7: 0 | Z7: 0 | AA7: 0 | AB7: 0 | AC7: 0 | AD7: 0 | AE7: 0 | AF7: 0 | AG7: 0 | AH7: 0 | AI7: 0 | AJ7: 0 | AK7: 0 | AL7: 0 | AM7: 0 | AN7: =SUM(E7:AH7) -> 0
B9: Impostos Indiretos | E9: =SUM(E10:E11) -> -2094429.8 | F9: =SUM(F10:F11) -> -2534836.5 | G9: =SUM(G10:G11) -> -2993949.8 | H9: =SUM(H10:H11) -> -3424215.1 | I9: =SUM(I10:I11) -> -3869445.9 | J9: =SUM(J10:J11) -> -4051766.9 | K9: =SUM(K10:K11) -> -4201273.4 | L9: =SUM(L10:L11) -> -4287777.7 | ... AM9: =SUM(AM10:AM11) -> -5232401 | AN9: =SUM(E9:AM9) -> -1.594748e+08
B10: PIS/COFINS | E10: =('FCD PROJETO'!F97+'FCD PROJETO'!F98) -> -2025769.3 | F10: =('FCD PROJETO'!G97+'FCD PROJETO'!G98) -> -2459105.4 | G10: =('FCD PROJETO'!H97+'FCD PROJETO'!H98) -> -2905458.5 | H10: =('FCD PROJETO'!I97+'FCD PROJETO'!I98) -> -3328626.3 | I10: =('FCD PROJETO'!J97+'FCD PROJETO'!J98) -> -3764927 | J10: =('FCD PROJETO'!K97+'FCD PROJETO'!K98) -> -3941728.5 | K10: =('FCD PROJETO'!L97+'FCD PROJETO'!L98) -> -4087217.4 | L10: =('FCD PROJETO'!M97+'FCD PROJETO'!M98) -> -4168154 | ... AM10: =('FCD PROJETO'!AN97+'FCD PROJETO'!AN98) -> -5024847.8 | AN10: =SUM(E10:AM10) -> -1.541513e+08
B11: ISS | E11: ='FCD PROJETO'!F96 -> -68660.512 | F11: ='FCD PROJETO'!G96 -> -75731.057 | G11: ='FCD PROJETO'!H96 -> -88491.31 | H11: ='FCD PROJETO'!I96 -> -95588.769 | I11: ='FCD PROJETO'!J96 -> -104518.9 | J11: ='FCD PROJETO'!K96 -> -110038.37 | K11: ='FCD PROJETO'!L96 -> -114055.95 | L11: ='FCD PROJETO'!M96 -> -119623.73 | ... AM11: ='FCD PROJETO'!AN96 -> -207553.19 | AN11: =SUM(E11:AM11) -> -5323500.5
B13: Receita Operacional Líquida | E13: =E4+E9 -> 20545748 | F13: =F4+F9 -> 27149860 | G13: =G4+G9 -> 32591928 | H13: =H4+H9 -> 38149415 | I13: =I4+I9 -> 43874634 | J13: =J4+J9 -> 45982504 | K13: =K4+K9 -> 47763871 | L13: =L4+L9 -> 48709912 | ... AM13: =AM4+AM9 -> 57378170 | AN13: =SUM(E13:AM13) -> 1.7894775e+09
B15: Custos e Despesas | E15: =SUM(E16:E32) -> -13082229 | F15: =SUM(F16:F32) -> -14743164 | G15: =SUM(G16:G32) -> -16699675 | H15: =SUM(H16:H32) -> -18812998 | I15: =SUM(I16:I32) -> -20368174 | J15: =SUM(J16:J32) -> -21957397 | K15: =SUM(K16:K32) -> -23248219 | L15: =SUM(L16:L32) -> -23994786 | ... AM15: =SUM(AM16:AM32) -> -31799072 | AN15: =SUM(E15:AM15) -> -9.2788285e+08
B16: Pessoal e encargos sociais | E16: ='FCD PROJETO'!F55*'Mão de Obra'!D25+'FCD PROJETO'!F55*(1-'Mão de Obra'!D25) -> -3834602.1 | F16: ='FCD PROJETO'!G55*'Mão de Obra'!E25+'FCD PROJETO'!G55*(1-'Mão de Obra'!E25) -> -4219075.8 | G16: ='FCD PROJETO'!H55*'Mão de Obra'!F25+'FCD PROJETO'!H55*(1-'Mão de Obra'!F25) -> -4339617.8 | H16: ='FCD PROJETO'!I55*'Mão de Obra'!G25+'FCD PROJETO'!I55*(1-'Mão de Obra'!G25) -> -4317171.3 | I16: ='FCD PROJETO'!J55*'Mão de Obra'!H25+'FCD PROJETO'!J55*(1-'Mão de Obra'!H25) -> -4391676.6 | J16: ='FCD PROJETO'!K55*'Mão de Obra'!I25+'FCD PROJETO'!K55*(1-'Mão de Obra'!I25) -> -4543942.9 | K16: ='FCD PROJETO'!L55*'Mão de Obra'!J25+'FCD PROJETO'!L55*(1-'Mão de Obra'!J25) -> -4593489.7 | L16: ='FCD PROJETO'!M55*'Mão de Obra'!K25+'FCD PROJETO'!M55*(1-'Mão de Obra'!K25) -> -4841414.3 | ... AM16: ='FCD PROJETO'!AN55*'Mão de Obra'!AL25+'FCD PROJETO'!AN55*(1-'Mão de Obra'!AL25) -> -6392234.6 | AN16: =SUM(E16:AM16) -> -1.9237843e+08
B17: Serviços e materiais p/ manut. de redes | E17: ='FCD PROJETO'!F56 -> -1129195.6 | F17: ='FCD PROJETO'!G56 -> -1277418.4 | G17: ='FCD PROJETO'!H56 -> -2159277.4 | H17: ='FCD PROJETO'!I56 -> -2710227.1 | I17: ='FCD PROJETO'!J56 -> -3301014.6 | J17: ='FCD PROJETO'!K56 -> -3549880.6 | K17: ='FCD PROJETO'!L56 -> -3811253.3 | L17: ='FCD PROJETO'!M56 -> -4002491 | ... AM17: ='FCD PROJETO'!AN56 -> -9264549.5 | AN17: =SUM(E17:AM17) -> -2.0182897e+08
B18: Serviços e materiais p/ manut. de veículos | E18: ='FCD PROJETO'!F57 -> -335617.07 | F18: ='FCD PROJETO'!G57 -> -335617.07 | G18: ='FCD PROJETO'!H57 -> -335617.07 | H18: ='FCD PROJETO'!I57 -> -335617.07 | I18: ='FCD PROJETO'!J57 -> -342527.46 | J18: ='FCD PROJETO'!K57 -> -378089.84 | K18: ='FCD PROJETO'!L57 -> -378089.84 | L18: ='FCD PROJETO'!M57 -> -378089.84 | ... AM18: ='FCD PROJETO'!AN57 -> -493500.96 | AN18: =SUM(E18:AM18) -> -15382680
B19: Serviços e manut. de equip eletromecânicos | E19: ='FCD PROJETO'!F58 -> -422294.53 | F19: ='FCD PROJETO'!G58 -> -478810.11 | G19: ='FCD PROJETO'!H58 -> -539763.47 | H19: ='FCD PROJETO'!I58 -> -602715.3 | I19: ='FCD PROJETO'!J58 -> -674689.64 | J19: ='FCD PROJETO'!K58 -> -697951.26 | K19: ='FCD PROJETO'!L58 -> -721830.05 | L19: ='FCD PROJETO'!M58 -> -746649.29 | ... AM19: ='FCD PROJETO'!AN58 -> -1145814.5 | AN19: =SUM(E19:AM19) -> -34034958
B20: Reposição de ativos e equipamentos. | E20: ='FCD PROJETO'!F59 -> -418384 | F20: ='FCD PROJETO'!G59 -> -540071.52 | G20: ='FCD PROJETO'!H59 -> -649710.08 | H20: ='FCD PROJETO'!I59 -> -1385222.6 | I20: ='FCD PROJETO'!J59 -> -1371310.2 | J20: ='FCD PROJETO'!K59 -> -2190655.2 | K20: ='FCD PROJETO'!L59 -> -2831453.6 | L20: ='FCD PROJETO'!M59 -> -2918344.6 | ... AM20: ='FCD PROJETO'!AN59 -> -613366.91 | AN20: =SUM(E20:AM20) -> -58004888
B21: Combustíveis e lubrificantes | E21: ='FCD PROJETO'!F60 -> -783095.01 | F21: ='FCD PROJETO'!G60 -> -783095.01 | G21: ='FCD PROJETO'!H60 -> -783095.01 | H21: ='FCD PROJETO'!I60 -> -783095.01 | I21: ='FCD PROJETO'!J60 -> -846302.98 | J21: ='FCD PROJETO'!K60 -> -926416.27 | K21: ='FCD PROJETO'!L60 -> -926416.27 | L21: ='FCD PROJETO'!M60 -> -926416.27 | ... AM21: ='FCD PROJETO'!AN60 -> -1278802.8 | AN21: =SUM(E21:AM21) -> -38691828
B22: Energia elétrica | E22: ='FCD PROJETO'!F61 -> -1129513.8 | F22: ='FCD PROJETO'!G61 -> -1271818.8 | G22: ='FCD PROJETO'!H61 -> -1450021.6 | H22: ='FCD PROJETO'!I61 -> -1618847.6 | I22: ='FCD PROJETO'!J61 -> -1809396.6 | J22: ='FCD PROJETO'!K61 -> -1866798.5 | K22: ='FCD PROJETO'!L61 -> -1924657 | L22: ='FCD PROJETO'!M61 -> -1987324.7 | ... AM22: ='FCD PROJETO'!AN61 -> -3037045.4 | AN22: =SUM(E22:AM22) -> -90333952
B23: Produtos Químicos | E23: ='FCD PROJETO'!F62 -> -1377653.6 | F23: ='FCD PROJETO'!G62 -> -1463078.3 | G23: ='FCD PROJETO'!H62 -> -1543559.7 | H23: ='FCD PROJETO'!I62 -> -1611884.6 | I23: ='FCD PROJETO'!J62 -> -1689260.6 | J23: ='FCD PROJETO'!K62 -> -1697507.6 | K23: ='FCD PROJETO'!L62 -> -1702256.6 | L23: ='FCD PROJETO'!M62 -> -1720541.1 | ... AM23: ='FCD PROJETO'!AN62 -> -1940865.9 | AN23: =SUM(E23:AM23) -> -63022062
B24: Despesas diversas | E24: ='FCD PROJETO'!F65 -> -1275370.6 | F24: ='FCD PROJETO'!G65 -> -1421350.1 | G24: ='FCD PROJETO'!H65 -> -1626088.3 | H24: ='FCD PROJETO'!I65 -> -1845344.3 | I24: ='FCD PROJETO'!J65 -> -2004824.4 | J24: ='FCD PROJETO'!K65 -> -2188278.1 | K24: ='FCD PROJETO'!L65 -> -2323266.2 | L24: ='FCD PROJETO'!M65 -> -2404967.6 | ... AM24: ='FCD PROJETO'!AN65 -> -3259028.5 | AN24: =SUM(E24:AM24) -> -94407193
B25: Custeio administrativo e comercial | E25: ='FCD PROJETO'!F63 -> -696161.56 | F25: ='FCD PROJETO'!G63 -> -882440.97 | G25: ='FCD PROJETO'!H63 -> -1070301.2 | H25: ='FCD PROJETO'!I63 -> -1250074.7 | I25: ='FCD PROJETO'!J63 -> -1435444.8 | J25: ='FCD PROJETO'!K63 -> -1503289 | K25: ='FCD PROJETO'!L63 -> -1561202.1 | L25: ='FCD PROJETO'!M63 -> -1591996.9 | ... AM25: ='FCD PROJETO'!AN63 -> -1880431.7 | AN25: =SUM(E25:AM25) -> -58550537
B26: Custeio legal e regulação | E26: ='FCD PROJETO'!F64 -> -218321.63 | F26: ='FCD PROJETO'!G64 -> -287934.47 | G26: ='FCD PROJETO'!H64 -> -349231.99 | H26: ='FCD PROJETO'!I64 -> -407890.85 | I26: ='FCD PROJETO'!J64 -> -468375.86 | J26: ='FCD PROJETO'!K64 -> -490512.95 | K26: ='FCD PROJETO'!L64 -> -509409.59 | L26: ='FCD PROJETO'!M64 -> -519457.74 | ... AM26: ='FCD PROJETO'!AN64 -> -613572.04 | AN26: =SUM(E26:AM26) -> -19095810
B27: Pagamento pelo uso de recursos hídricos | E27: ='FCD PROJETO'!F66 -> -195631.04 | F27: ='FCD PROJETO'!G66 -> -207575.96 | G27: ='FCD PROJETO'!H66 -> -218827.23 | H27: ='FCD PROJETO'!I66 -> -228347.26 | I27: ='FCD PROJETO'!J66 -> -239138.4 | J27: ='FCD PROJETO'!K66 -> -240271.35 | K27: ='FCD PROJETO'!L66 -> -240884.19 | L27: ='FCD PROJETO'!M66 -> -243448.8 | ... AM27: ='FCD PROJETO'!AN66 -> -274489.68 | AN27: =SUM(E27:AM27) -> -8916673.9
B28: Reserva técnica de contingência e emergências | E28: ='FCD PROJETO'!F67 -> -236316.81 | F28: ='FCD PROJETO'!G67 -> -263365.73 | G28: ='FCD PROJETO'!H67 -> -301302.22 | H28: ='FCD PROJETO'!I67 -> -341928.75 | I28: ='FCD PROJETO'!J67 -> -371479.24 | J28: ='FCD PROJETO'!K67 -> -405471.87 | K28: ='FCD PROJETO'!L67 -> -430484.17 | L28: ='FCD PROJETO'!M67 -> -445622.84 | ... AM28: ='FCD PROJETO'!AN67 -> -603874.05 | AN28: =SUM(E28:AM28) -> -17492960
B29: Seguros | E29: =('FCD PROJETO'!F71+'FCD PROJETO'!F73+'FCD PROJETO'!F74) -> -143897.44 | F29: =('FCD PROJETO'!G71+'FCD PROJETO'!G73+'FCD PROJETO'!G74) -> -377068.72 | G29: =('FCD PROJETO'!H71+'FCD PROJETO'!H73+'FCD PROJETO'!H74) -> -358384.86 | H29: =('FCD PROJETO'!I71+'FCD PROJETO'!I73+'FCD PROJETO'!I74) -> -358726.57 | I29: =('FCD PROJETO'!J71+'FCD PROJETO'!J73+'FCD PROJETO'!J74) -> -364547.75 | J29: =('FCD PROJETO'!K71+'FCD PROJETO'!K73+'FCD PROJETO'!K74) -> -204454.74 | K29: =('FCD PROJETO'!L71+'FCD PROJETO'!L73+'FCD PROJETO'!L74) -> -206419.06 | L29: =('FCD PROJETO'!M71+'FCD PROJETO'!M73+'FCD PROJETO'!M74) -> -173838.95 | ... AM29: =('FCD PROJETO'!AN71+'FCD PROJETO'!AN73+'FCD PROJETO'!AN74) -> -133864.9 | AN29: =SUM(E29:AM29) -> -6304815.8
B30: Garantias | E30: ='FCD PROJETO'!F72 -> -731044.94 | F30: ='FCD PROJETO'!G72 -> -731044.94 | G30: ='FCD PROJETO'!H72 -> -731044.94 | H30: ='FCD PROJETO'!I72 -> -731044.94 | I30: ='FCD PROJETO'!J72 -> -731044.94 | J30: ='FCD PROJETO'!K72 -> -731044.94 | K30: ='FCD PROJETO'!L72 -> -731044.94 | L30: ='FCD PROJETO'!M72 -> -731044.94 | ... AM30: ='FCD PROJETO'!AN72 -> -438626.96 | AN30: =SUM(E30:AM30) -> -16082989
B31: Adm. Central | E31: ='FCD PROJETO'!F76 -> -155129.12 | F31: ='FCD PROJETO'!G76 -> -203397.73 | G31: ='FCD PROJETO'!H76 -> -243832.27 | H31: ='FCD PROJETO'!I76 -> -284859.98 | I31: ='FCD PROJETO'!J76 -> -327139.52 | J31: ='FCD PROJETO'!K76 -> -342831.77 | K31: ='FCD PROJETO'!L76 -> -356062 | L31: ='FCD PROJETO'!M76 -> -363136.94 | ... AM31: ='FCD PROJETO'!AN76 -> -429003.82 | AN31: =SUM(E31:AM31) -> -13354102
AN32: =SUM(E32:AH32) -> 0
E33: =E15-'FCD PROJETO'!F53 -> -0.00011718646 | F33: =F15-'FCD PROJETO'!G53 -> 0.00019531138 | G33: =G15-'FCD PROJETO'!H53 -> 0.0018749982 | H33: =H15-'FCD PROJETO'!I53 -> -0.00054687634 | I33: =I15-'FCD PROJETO'!J53 -> 0.00062500313 | J33: =J15-'FCD PROJETO'!K53 -> -0.00015624985 | K33: =K15-'FCD PROJETO'!L53 -> -0.00046874583 | L33: =L15-'FCD PROJETO'!M53 -> -0.00054687634 | ... AM33: =AM15-'FCD PROJETO'!AN53 -> 0.0028125048
B34: LAJIDA | E34: =E13+E15 -> 7463519.1 | F34: =F13+F15 -> 12406697 | G34: =G13+G15 -> 15892253 | H34: =H13+H15 -> 19336417 | I34: =I13+I15 -> 23506460 | J34: =J13+J15 -> 24025107 | K34: =K13+K15 -> 24515653 | L34: =L13+L15 -> 24715126 | ... AM34: =AM13+AM15 -> 25579098 | AN34: =SUM(E34:AM34) -> 8.6159464e+08
B35: Margem % | E35: =E34/E4 -> 0.32965815 | F35: =F34/F4 -> 0.41794925 | G35: =G34/G4 -> 0.44658876 | H35: =H34/H4 -> 0.46511255 | I35: =I34/I4 -> 0.49234293 | J35: =J34/J4 -> 0.48017302 | K35: =K34/K4 -> 0.47177109 | L35: =L34/L4 -> 0.46634346 | ... AN35: =AN34/AN4 -> 0.44208093
B36: Amortização (deflacionada) | E36: ='FCD PROJETO'!F88 -> -149132.46 | F36: ='FCD PROJETO'!G88 -> -1524326.8 | G36: ='FCD PROJETO'!H88 -> -2775533.4 | H36: ='FCD PROJETO'!I88 -> -4017517.7 | I36: ='FCD PROJETO'!J88 -> -5282144.7 | J36: ='FCD PROJETO'!K88 -> -5572261.6 | K36: ='FCD PROJETO'!L88 -> -5869779.1 | L36: ='FCD PROJETO'!M88 -> -5957443.5 | ... AM36: ='FCD PROJETO'!AN88 -> -5249668.1 | AN36: =SUM(E36:AM36) -> -1.9261866e+08
B38: LAJIR | E38: =E34+E36 -> 7314386.7 | F38: =F34+F36 -> 10882370 | G38: =G34+G36 -> 13116720 | H38: =H34+H36 -> 15318899 | I38: =I34+I36 -> 18224315 | J38: =J34+J36 -> 18452845 | K38: =K34+K36 -> 18645874 | L38: =L34+L36 -> 18757682 | ... AM38: =AM34+AM36 -> 20329430 | AN38: =SUM(E38:AM38) -> 6.6897598e+08
B39: Margem % | E39: =E38/E4 -> 0.32307108 | F39: =F38/F4 -> 0.36659866 | G39: =G38/G4 -> 0.3685934 | H39: =H38/H4 -> 0.36847635 | I39: =I38/I4 -> 0.38170838 | J39: =J38/J4 -> 0.36880412 | K39: =K38/K4 -> 0.35881501 | L39: =L38/L4 -> 0.35393397 | ... AN39: =AN38/AN4 -> 0.34324903
B40: Despesas Financeiras | AN40: =SUM(E40:AH40) -> 0
B42: LAIR | E42: =E38+E40 -> 7314386.7 | F42: =F38+F40 -> 10882370 | G42: =G38+G40 -> 13116720 | H42: =H38+H40 -> 15318899 | I42: =I38+I40 -> 18224315 | J42: =J38+J40 -> 18452845 | K42: =K38+K40 -> 18645874 | L42: =L38+L40 -> 18757682 | ... AM42: =AM38+AM40 -> 20329430 | AN42: =SUM(E42:AM42) -> 6.6897598e+08
B43: Impostos Diretos | E43: =IF(E42>0,-E42*'FCD PROJETO'!$C$102,0)+-IF(E42>0,IF(E42>240000,240000*'FCD PROJETO'!$C$103+(E42-(240000))*'FCD PROJETO'!$C$104,E42*'FCD PROJETO'!$C$103),0) -> -2462891.5 | F43: =IF(F42>0,-F42*'FCD PROJETO'!$C$102,0)+-IF(F42>0,IF(F42>240000,240000*'FCD PROJETO'!$C$103+(F42-(240000))*'FCD PROJETO'!$C$104,F42*'FCD PROJETO'!$C$103),0) -> -3676005.8 | G43: =IF(G42>0,-G42*'FCD PROJETO'!$C$102,0)+-IF(G42>0,IF(G42>240000,240000*'FCD PROJETO'!$C$103+(G42-(240000))*'FCD PROJETO'!$C$104,G42*'FCD PROJETO'!$C$103),0) -> -4435684.7 | H43: =IF(H42>0,-H42*'FCD PROJETO'!$C$102,0)+-IF(H42>0,IF(H42>240000,240000*'FCD PROJETO'!$C$103+(H42-(240000))*'FCD PROJETO'!$C$104,H42*'FCD PROJETO'!$C$103),0) -> -5184425.8 | I43: =IF(I42>0,-I42*'FCD PROJETO'!$C$102,0)+-IF(I42>0,IF(I42>240000,240000*'FCD PROJETO'!$C$103+(I42-(240000))*'FCD PROJETO'!$C$104,I42*'FCD PROJETO'!$C$103),0) -> -6172267.2 | J43: =IF(J42>0,-J42*'FCD PROJETO'!$C$102,0)+-IF(J42>0,IF(J42>240000,240000*'FCD PROJETO'!$C$103+(J42-(240000))*'FCD PROJETO'!$C$104,J42*'FCD PROJETO'!$C$103),0) -> -6249967.4 | K43: =IF(K42>0,-K42*'FCD PROJETO'!$C$102,0)+-IF(K42>0,IF(K42>240000,240000*'FCD PROJETO'!$C$103+(K42-(240000))*'FCD PROJETO'!$C$104,K42*'FCD PROJETO'!$C$103),0) -> -6315597.1 | L43: =IF(L42>0,-L42*'FCD PROJETO'!$C$102,0)+-IF(L42>0,IF(L42>240000,240000*'FCD PROJETO'!$C$103+(L42-(240000))*'FCD PROJETO'!$C$104,L42*'FCD PROJETO'!$C$103),0) -> -6353612 | ... AM43: =IF(AM42>0,-AM42*'FCD PROJETO'!$C$102,0)+-IF(AM42>0,IF(AM42>240000,240000*'FCD PROJETO'!$C$103+(AM42-(240000))*'FCD PROJETO'!$C$104,AM42*'FCD PROJETO'!$C$103),0) -> -6888006.3 | AN43: =SUM(E43:AM43) -> -2.2661183e+08
B45: Lucro Líquido | E45: =E42+E43 -> 4851495.2 | F45: =F42+F43 -> 7206364.2 | G45: =G42+G43 -> 8681035 | H45: =H42+H43 -> 10134474 | I45: =I42+I43 -> 12052048 | J45: =J42+J43 -> 12202878 | K45: =K42+K43 -> 12330277 | L45: =L42+L43 -> 12404070 | ... AM45: =AM42+AM43 -> 13441424 | AN45: =SUM(E45:AM45) -> 4.4236415e+08
B46: Margem Líquida % (Lucro Líquido/Receita Líquida) | E46: =E45/E13 -> 0.23613135 | F46: =F45/F13 -> 0.26542914 | G46: =G45/G13 -> 0.26635537 | H46: =H45/H13 -> 0.26565214 | I46: =I45/I13 -> 0.27469285 | J46: =J45/J13 -> 0.26538089 | K46: =K45/K13 -> 0.2581507 | L46: =L45/L13 -> 0.25465188 | ... AN46: =AN45/AN13 -> 0.24720297

Sheet FCD Acionista
A1: Preenchimento | B1: RESULTADO DO FLUXO DE CAIXA ACIONISTA - FCA | G1: Cálculo das Taxas de Juros
A2: Fórmulas | B2: Taxa de desconto | D2: =H6 -> 0.12674634 | G2: SELIC no Ano Base | H2: ='FCD PROJETO'!H4 -> 0.1304 | I2: Inflação Ano Base | J2: ='FCD PROJETO'!J4 -> 0.0462
A3: NÂO ALTERAR | B3: TIR Calculada do Acionista | D3: =IRR(F45:AN45) -> 0.12674634 | G3: Taxa Juros Básica | H3: ='FCD PROJETO'!H5 -> 0.080481743 | I3: Rf | J3: ='FCD PROJETO'!J5 -> 0.0339
B4: VPL Calculado do Acionista | D4: =ROUND(NPV(D2,F45:AN45),2) -> 0 | G4: Taxa de desconto | H4: ='FCD PROJETO'!H6 -> 0.077755274 | I4: Beta | J4: ='FCD PROJETO'!J6 -> 0.75820399
B5: PAYBACK Simples | D5: =MATCH(0,F46:AN46,1) -> 31 | G5: TMA | H5: ='FCD PROJETO'!H7 -> 0.099981743 | I5: Rm | J5: ='FCD PROJETO'!J7 -> 0.0692
B6: PAYBACK Descontado | D6: =IF(AN48>=0,35,MATCH(0,F48:AN48,1)+1) -> 35 | G6: ke | H6: ='FCD PROJETO'!H8 -> 0.12674634 | I6: Rc | J6: ='FCD PROJETO'!J8 -> 0.0195
B7: Item | D7: Valor Nominal | E7: VPL | G7: kd | H7: ='FCD PROJETO'!H9 -> 0.0779 | I7: TC = CSLL+IRPJ | J7: ='FCD PROJETO'!J9 -> 0.34
B8: Dividendos | D8: =AO23 -> 4.615155e+08 | E8: =NPV(D2,F23:AN23) -> 48994159 | G8: WACC calculado | J8: ='FCD PROJETO'!J10 -> 0.077755274
B9: Equity | D9: =AO24 -> -1.3127986e+08 | E9: =NPV(D2,F24:AN24) -> -88948135
B10: Despesas Operacionais | D10: =(AO26) -> -41085430 | E10: =NPV(D2,F26:AN26) -> -9119407.2
B11: Financiamentos | D11: =(AO34) -> 2.441621e+08 | E11: =NPV(D2,F34:AN34) -> 1.3971682e+08
B12: Juros sobre o financiamento | D12: =(AO35) -> -2.9234224e+08 | E12: =NPV(D2,F35:AN35) -> -77324115
B13: Amortizações | D13: =AO36 -> -2.441621e+08 | E13: =NPV(D2,F36:AN36) -> -31616057
B14: Benefício Fiscal | D14: =AO38 -> 80022641 | E14: =NPV(D2,F38:AN38) -> 20746445 | G14: Reserva Legal | J14: 0.05
B15: Reserva legal | D15: =AO42 -> -23075775 | E15: =NPV(D2,F42:AN42) -> -2449707.9 | G15: Verificador Independente (% do total do Faturamento o) | J15: 0.00060215318
B16: Lucro Líquido | D16: =SUM(D8:D15) -> 53754841 | E16: =ROUND(SUM(E8:E15),2) -> 0
B17: Margem Líquida | D17: =D16/D8 -> 0.11647462 | E17: =E16/E8 -> 0
B19: FLUXO DE CAIXA DO ACIONISTA
B20: ANO | D20: ='FCD PROJETO'!D23 -> Base | E20: ='FCD PROJETO'!E23 -> 0 | F20: ='FCD PROJETO'!F23 -> 1 | G20: ='FCD PROJETO'!G23 -> 2 | H20: ='FCD PROJETO'!H23 -> 3 | I20: ='FCD PROJETO'!I23 -> 4 | J20: ='FCD PROJETO'!J23 -> 5 | K20: ='FCD PROJETO'!K23 -> 6 | ... AN20: ='FCD PROJETO'!AN23 -> 35
D21: ='FCD PROJETO'!D24 -> 2025 | E21: ='FCD PROJETO'!E24 -> 2026 | F21: ='FCD PROJETO'!F24 -> 2027 | G21: ='FCD PROJETO'!G24 -> 2028 | H21: ='FCD PROJETO'!H24 -> 2029 | I21: ='FCD PROJETO'!I24 -> 2030 | J21: ='FCD PROJETO'!J24 -> 2031 | K21: ='FCD PROJETO'!K24 -> 2032 | ... AN21: ='FCD PROJETO'!AN24 -> 2061 | AO21: ACUMULADO
B22: 1 - Fluxo de Caixa do Projeto | C22: =AO22 -> 3.3023564e+08 | F22: ='FCD PROJETO'!F107 -> -469044.67 | G22: ='FCD PROJETO'!G107 -> -39959345 | H22: ='FCD PROJETO'!H107 -> -33231972 | I22: ='FCD PROJETO'!I107 -> -30055128 | J22: ='FCD PROJETO'!J107 -> -27564369 | K22: ='FCD PROJETO'!K107 -> 3256755.7 | L22: ='FCD PROJETO'!L107 -> 3650224.8 | M22: ='FCD PROJETO'!M107 -> 10104615 | ... AN22: ='FCD PROJETO'!AN107 -> 20030036 | AO22: =SUM(F22:AN22) -> 3.3023564e+08
B23: 1.1 - Dividendos Anuais | C23: =AO23 -> 4.615155e+08 | F23: =IF(F22>0,F22,0) -> 0 | G23: =IF(G22>0,G22,0) -> 0 | H23: =IF(H22>0,H22,0) -> 0 | I23: =IF(I22>0,I22,0) -> 0 | J23: =IF(J22>0,J22,0) -> 0 | K23: =IF(K22>0,K22,0) -> 3256755.7 | L23: =IF(L22>0,L22,0) -> 3650224.8 | M23: =IF(M22>0,M22,0) -> 10104615 | ... AN23: =IF(AN22>0,AN22,0) -> 20030036 | AO23: =SUM(F23:AN23) -> 4.615155e+08
B24: 1.2 - Equity | C24: =AO24 -> -1.3127986e+08 | F24: =IF(F22<0,F22,0) -> -469044.67 | G24: =IF(G22<0,G22,0) -> -39959345 | H24: =IF(H22<0,H22,0) -> -33231972 | I24: =IF(I22<0,I22,0) -> -30055128 | J24: =IF(J22<0,J22,0) -> -27564369 | K24: =IF(K22<0,K22,0) -> 0 | L24: =IF(L22<0,L22,0) -> 0 | M24: =IF(M22<0,M22,0) -> 0 | ... AN24: =IF(AN22<0,AN22,0) -> 0 | AO24: =SUM(F24:AN24) -> -1.3127986e+08
B26: 2 - Despesas operacionais | C26: =AO26 -> -41085430 | F26: =SUM(F27:F28) -> -1173869.4 | G26: =SUM(G27:G28) -> -1173869.4 | H26: =SUM(H27:H28) -> -1173869.4 | I26: =SUM(I27:I28) -> -1173869.4 | J26: =SUM(J27:J28) -> -1173869.4 | K26: =SUM(K27:K28) -> -1173869.4 | L26: =SUM(L27:L28) -> -1173869.4 | M26: =SUM(M27:M28) -> -1173869.4 | ... AN26: =SUM(AN27:AN28) -> -1173869.4 | AO26: =SUM(F26:AN26) -> -41085430
B27: 2.1 - Verificador Independente | C27: =AO27 -> -41085430 | F27: =-$J$15*'FCD PROJETO'!$D$10 -> -1173869.4 | G27: =-$J$15*'FCD PROJETO'!$D$10 -> -1173869.4 | H27: =-$J$15*'FCD PROJETO'!$D$10 -> -1173869.4 | I27: =-$J$15*'FCD PROJETO'!$D$10 -> -1173869.4 | J27: =-$J$15*'FCD PROJETO'!$D$10 -> -1173869.4 | K27: =-$J$15*'FCD PROJETO'!$D$10 -> -1173869.4 | L27: =-$J$15*'FCD PROJETO'!$D$10 -> -1173869.4 | M27: =-$J$15*'FCD PROJETO'!$D$10 -> -1173869.4 | ... AN27: =-$J$15*'FCD PROJETO'!$D$10 -> -1173869.4 | AO27: =SUM(F27:AN27) -> -41085430
B30: Saldo de caixa (1+2) | C30: =AO30 -> 4.2043007e+08 | F30: =F23+F26 -> -1173869.4 | G30: =G23+G26 -> -1173869.4 | H30: =H23+H26 -> -1173869.4 | I30: =I23+I26 -> -1173869.4 | J30: =J23+J26 -> -1173869.4 | K30: =K23+K26 -> 2082886.3 | L30: =L23+L26 -> 2476355.3 | M30: =M23+M26 -> 8930745.3 | ... AN30: =AN23+AN26 -> 18856166 | AO30: =SUM(F30:AN30) -> 4.2043007e+08
B31: Saldo de Caixa Acumulado | F31: =F30 -> -1173869.4 | G31: =F31+G30 -> -2347738.9 | H31: =G31+H30 -> -3521608.3 | I31: =H31+I30 -> -4695477.7 | J31: =I31+J30 -> -5869347.1 | K31: =J31+K30 -> -3786460.9 | L31: =K31+L30 -> -1310105.5 | M31: =L31+M30 -> 7620639.8 | N31: =M31+N30 -> 16687745 | ... AN31: =AM31+AN30 -> 4.2043007e+08
B33: 3 - Financiamento | C33: =AO33 -> -2.9234224e+08 | F33: =F34+F35+F36 -> 4575368.3 | G33: =G34+G35+G36 -> 40106172 | H33: =H34+H35+H36 -> 33359950 | I33: =I34+I35+I36 -> 29819937 | J33: =J34+J35+J36 -> 24401972 | K33: =K34+K35+K36 -> -3999492.2 | L33: =L34+L35+L36 -> -4995165.8 | M33: =M34+M35+M36 -> -11248784 | ... AN33: =AN34+AN35+AN36 -> -1207029.8 | AO33: =SUM(F33:AN33) -> -2.9234224e+08
B34: 3.1 - Empréstimos | C34: =AO34 -> 2.441621e+08 | F34: ='Financiamento '!D96 -> 4961900.3 | G34: ='Financiamento '!E96 -> 43913572 | H34: ='Financiamento '!F96 -> 40307287 | I34: ='Financiamento '!G96 -> 39873413 | J34: ='Financiamento '!H96 -> 40496565 | K34: ='Financiamento '!I96 -> 13116909 | L34: ='Financiamento '!J96 -> 13145250 | M34: ='Financiamento '!K96 -> 7473844.5 | ... AN34: ='Financiamento '!AL96 -> 0 | AO34: =SUM(F34:AN34) -> 2.441621e+08
B35: 3.2 - Juros sobre os financiamentos | C35: =AO35 -> -2.9234224e+08 | F35: =-('Financiamento '!D99+'Financiamento '!D100+'Financiamento '!D101) -> -386532.04 | G35: =-('Financiamento '!E99+'Financiamento '!E100+'Financiamento '!E101) -> -3807399.3 | H35: =-('Financiamento '!F99+'Financiamento '!F100+'Financiamento '!F101) -> -6947336.9 | I35: =-('Financiamento '!G99+'Financiamento '!G100+'Financiamento '!G101) -> -10053476 | J35: =-('Financiamento '!H99+'Financiamento '!H100+'Financiamento '!H101) -> -13208158 | K35: =-('Financiamento '!I99+'Financiamento '!I100+'Financiamento '!I101) -> -14005112 | L35: =-('Financiamento '!J99+'Financiamento '!J100+'Financiamento '!J101) -> -14786758 | M35: =-('Financiamento '!K99+'Financiamento '!K100+'Financiamento '!K101) -> -15107720 | ... AN35: =-('Financiamento '!AL99+'Financiamento '!AL100+'Financiamento '!AL101) -> -87232.227 | AO35: =SUM(F35:AN35) -> -2.9234224e+08
B36: 3.2 - Amortizações | C36: =AO36 -> -2.441621e+08 | F36: =-'Financiamento '!D102 -> 0 | G36: =-'Financiamento '!E102 -> 0 | H36: =-'Financiamento '!F102 -> 0 | I36: =-'Financiamento '!G102 -> 0 | J36: =-'Financiamento '!H102 -> -2886435.5 | K36: =-'Financiamento '!I102 -> -3111288.9 | L36: =-'Financiamento '!J102 -> -3353658.3 | M36: =-'Financiamento '!K102 -> -3614908.2 | ... AN36: =-'Financiamento '!AL102 -> -1119797.5 | AO36: =SUM(F36:AN36) -> -2.441621e+08
B38: 4 - Benefício Fiscal | C38: =AO38 -> 80022641 | F38: =F39+F40 -> 374496.35 | G38: =G39+G40 -> 1195504.5 | H38: =H39+H40 -> 1949089.5 | I38: =I39+I40 -> 2694562.8 | J38: =J39+J40 -> 3451686.6 | K38: =K39+K40 -> 3642955.6 | L38: =L39+L40 -> 3830550.5 | M38: =M39+M40 -> 3907581.5 | ... AN38: =AN39+AN40 -> 302664.4 | AO38: =SUM(F38:AN38) -> 80022641
B39: 4.1 - Benefício Fiscal Financiamentos | C39: =AO39 -> 70162137 | F39: =-(IF(F35>240000,240000*15%+(F35-240000)*10%,F35*15%)+F35*9%) -> 92767.689 | G39: =-(IF(G35>240000,240000*15%+(G35-240000)*10%,G35*15%)+G35*9%) -> 913775.82 | H39: =-(IF(H35>240000,240000*15%+(H35-240000)*10%,H35*15%)+H35*9%) -> 1667360.9 | I39: =-(IF(I35>240000,240000*15%+(I35-240000)*10%,I35*15%)+I35*9%) -> 2412834.2 | J39: =-(IF(J35>240000,240000*15%+(J35-240000)*10%,J35*15%)+J35*9%) -> 3169958 | K39: =-(IF(K35>240000,240000*15%+(K35-240000)*10%,K35*15%)+K35*9%) -> 3361226.9 | L39: =-(IF(L35>240000,240000*15%+(L35-240000)*10%,L35*15%)+L35*9%) -> 3548821.8 | M39: =-(IF(M35>240000,240000*15%+(M35-240000)*10%,M35*15%)+M35*9%) -> 3625852.8 | ... AN39: =-(IF(AN35>240000,240000*15%+(AN35-240000)*10%,AN35*15%)+AN35*9%) -> 20935.735 | AO39: =SUM(F39:AN39) -> 70162137
B40: 4.2 - Beneficio Fiscal Ressarcimentos | C40: =AO40 -> 9860503.2 | F40: =-(IF((F27)>240000,240000*15%+((+F27)-240000)*10%,(+F27)*15%)+(+F27)*9%) -> 281728.66 | G40: =-(IF((G27)>240000,240000*15%+((+G27)-240000)*10%,(+G27)*15%)+(+G27)*9%) -> 281728.66 | H40: =-(IF((H27)>240000,240000*15%+((+H27)-240000)*10%,(+H27)*15%)+(+H27)*9%) -> 281728.66 | I40: =-(IF((I27)>240000,240000*15%+((+I27)-240000)*10%,(+I27)*15%)+(+I27)*9%) -> 281728.66 | J40: =-(IF((J27)>240000,240000*15%+((+J27)-240000)*10%,(+J27)*15%)+(+J27)*9%) -> 281728.66 | K40: =-(IF((K27)>240000,240000*15%+((+K27)-240000)*10%,(+K27)*15%)+(+K27)*9%) -> 281728.66 | L40: =-(IF((L27)>240000,240000*15%+((+L27)-240000)*10%,(+L27)*15%)+(+L27)*9%) -> 281728.66 | M40: =-(IF((M27)>240000,240000*15%+((+M27)-240000)*10%,(+M27)*15%)+(+M27)*9%) -> 281728.66 | ... AN40: =-(IF((AN27)>240000,240000*15%+((+AN27)-240000)*10%,(+AN27)*15%)+(+AN27)*9%) -> 281728.66 | AO40: =SUM(F40:AN40) -> 9860503.2
B42: 5 - Reserva Legal | C42: =AO42 -> -23075775 | F42: =-IF(F23<0,0,F23*$J$14) -> 0 | G42: =-IF(G23<0,0,G23*$J$14) -> 0 | H42: =-IF(H23<0,0,H23*$J$14) -> 0 | I42: =-IF(I23<0,0,I23*$J$14) -> 0 | J42: =-IF(J23<0,0,J23*$J$14) -> 0 | K42: =-IF(K23<0,0,K23*$J$14) -> -162837.79 | L42: =-IF(L23<0,0,L23*$J$14) -> -182511.24 | M42: =-IF(M23<0,0,M23*$J$14) -> -505230.74 | ... AN42: =-IF(AN23<0,0,AN23*$J$14) -> -1001501.8 | AO42: =SUM(F42:AN42) -> -23075775
B45: Fluxo de Caixa do Acionista | D45: =MATCH(0,F45:AN45,1)+1 -> 25 | F45: =F22+F26+F33+F38+F42 -> 3306950.6 | G45: =G22+G26+G33+G38+G42 -> 168462.02 | H45: =H22+H26+H33+H38+H42 -> 903197.69 | I45: =I22+I26+I33+I38+I42 -> 1285503 | J45: =J22+J26+J33+J38+J42 -> -884580.58 | K45: =K22+K26+K33+K38+K42 -> 1563511.9 | L45: =L22+L26+L33+L38+L42 -> 1129228.8 | M45: =M22+M26+M33+M38+M42 -> 1084312.3 | ... AN45: =AN22+AN26+AN33+AN38+AN42 -> 16950299 | AO45: =SUM(F45:AN45) -> 53754841 | AP45: =AO45-D16 -> 0
B46: Fluxo de Caixa do Acionista Acumulado | D46: =MATCH(0,F46:AN46,1)+1 -> 32 | F46: =F45 -> 3306950.6 | G46: =F46+G45 -> 3475412.6 | H46: =G46+H45 -> 4378610.3 | I46: =H46+I45 -> 5664113.3 | J46: =I46+J45 -> 4779532.7 | K46: =J46+K45 -> 6343044.6 | L46: =K46+L45 -> 7472273.4 | M46: =L46+M45 -> 8556585.6 | N46: =M46+N45 -> 7526841.1 | ... AN46: =AM46+AN45 -> 53754841
B47: Fluxo de Caixa do Acionista Descontado | D47: =MATCH(0,F47:AN47,1)+1 -> 25 | F47: =F45/(1+$D$2)^F20 -> 2934955.7 | G47: =G45/(1+$D$2)^G20 -> 132693.51 | H47: =H45/(1+$D$2)^H20 -> 631399.67 | I47: =I45/(1+$D$2)^I20 -> 797569.37 | J47: =J45/(1+$D$2)^J20 -> -487087.08 | K47: =K45/(1+$D$2)^K20 -> 764089.53 | L47: =L45/(1+$D$2)^L20 -> 489777.5 | M47: =M45/(1+$D$2)^M20 -> 417392.95 | ... AN47: =AN45/(1+$D$2)^AN20 -> 260172.78 | AO47: =SUM(F47:AN47) -> 0.0047387446
B48: Fluxo de Caixa do Acionista Descontado Acumulado | D48: =IF(AN48>=0,35,MATCH(0,F48:AN48,1)+1) -> 35 | F48: =F47 -> 2934955.7 | G48: =F48+G47 -> 3067649.2 | H48: =G48+H47 -> 3699048.8 | I48: =H48+I47 -> 4496618.2 | J48: =I48+J47 -> 4009531.1 | K48: =J48+K47 -> 4773620.7 | L48: =K48+L47 -> 5263398.1 | M48: =L48+M47 -> 5680791.1 | N48: =M48+N47 -> 5328992.5 | ... AN48: =AM48+AN47 -> 0.0047387446
B50: TIR Financiamento | C50: =IRR(F33:AI33) -> 0.087505052 | AN50: =AN48 -> 0.0047387446
B51: TIR Acionista | C51: =IRR(F45:AN45) -> 0.12674634
B52: TIR Projeto | C52: {='FCD PROJETO'!D5:D5} -> 0.077755274
B53: Capital Próprio | C53: =-SUM(F24:AN24) -> 1.3127986e+08 | D53: =1-D54 -> 0.34966752
B54: Capital de Terceiros | C54: =SUM(F34:AN34) -> 2.441621e+08 | D54: =C54/(C54+C53) -> 0.65033248
B55: Ke | C55: ='FCD PROJETO'!$H$8 -> 0.12674634
B56: Kd | C56: ='FCD PROJETO'!$H$9 -> 0.0779
B57: WACC | C57: =C53/(C53+C54)*C55+C54/(C53+C54)*C56*(1-'FCD PROJETO'!J9) -> 0.077755274

Sheet Matriz Tarifária
A1: Preenchimento | B1: Matriz Tarifária Proposta | AA1: TABELA 2 - TARIFAS PARA FORNECIMENTO DE ÁGUA, COLETA, AFASTAMENTO E TRATAMENTO E ESGOTO - AVULSO
A2: Fórmulas | B2: Categoria | C2: Faixa de consumo | D2: 0 | E2: Tarifa Água | F2: Tarifa Esgoto | I2: Matriz Tarifária Io | K2: Aumento | M2: Valor da Conta mensal de água e esgoto Dezembro de 2025 | AA2: Tarifas para fornecimento de água, coleta, afastamento e tratamento e esgoto - Avulso
A3: NÂO ALTERAR | B3: 0 | C3: Inferior | D3: Superior | E3: (R$/m³) | F3: (R$/m³) | M3: Categoria | N3: Conta | O3: Valor previsto no Projeto | R3: Valor praticado Samae 2025 | AA3: Item | AB3: Descrição | AC3: Unidade | AD3: Preço Unitário | AF3: Preço Unitário Io | AG3: Preço Unitário In
B4: Residencial Social Área constr. 0 a 50 m² | C4: TBO | D4: TBO | E4: =Histograma!F4 -> 2.6602587 | F4: =Histograma!G4 -> 2.6602587 | I4: 2.4232816 | J4: 2.4232816 | K4: =E4/I4-1 -> 0.097791798 | M4: 0 | N4: Vol mës | O4: Água | P4: Esgoto | Q4: Total | R4: Água | S4: Esgoto | T4: Total | U4: Diferença | V4: % | AA4: 1 | AB4: Fornecimento temporário de água e tratamento de esgoto domiciliar avulso para usuários cadastrados.
C5: 0.01 | D5: 10 | E5: =Histograma!F5 -> 1.392 | F5: =Histograma!G5 -> 1.392 | I5: 1.268 | J5: 1.268 | K5: =E5/I5-1 -> 0.097791798 | M5: Residencial Social Área constr. 0 a 50 m² | N5: 10 m³ | O5: =E4+10*(E5) -> 16.580259 | P5: =F4+10*(F5) -> 16.580259 | Q5: =SUM(O5:P5) -> 33.160517 | R5: =6.35+10*1.14 -> 17.75 | S5: =6.35+10*1.14 -> 17.75 | T5: =R5+S5 -> 35.5 | U5: =Q5-T5 -> -2.3394826 | V5: =U5/T5 -> -0.065900919 | AA5: 1.1 | AB5: Fornecimento de água em caminhão 6m³ até 15 km - Categoria Residencial | AC5: R$/m³ | AD5: =AG5 -> 79.94 | AF5: 72.85 | AG5: =TRUNC(AF5*'FCD PROJETO'!$S$19,2) -> 79.94
C6: 10.01 | D6: 15 | E6: =Histograma!F6 -> 2.088 | F6: =Histograma!G6 -> 2.088 | I6: 1.902 | J6: 1.902 | K6: =E6/I6-1 -> 0.097791798 | N6: 15 m³ | O6: =O5+5*E6 -> 27.020259 | P6: =P5+5*F6 -> 27.020259 | Q6: =SUM(O6:P6) -> 54.040517 | R6: =R5+5*2.02 -> 27.85 | S6: =S5+5*2.02 -> 27.85 | T6: =R6+S6 -> 55.7 | U6: =Q6-T6 -> -1.6594826 | V6: =U6/T6 -> -0.029793225 | AA6: 1.2 | AB6: Fornecimento de água em caminhão 6m³ até 15 km - Categoria Residencial Social | AC6: R$/m³ | AD6: =AG6 -> 71.24 | AF6: 64.92 | AG6: =TRUNC(AF6*'FCD PROJETO'!$S$19,2) -> 71.24
C7: 15.01 | D7: 20 | E7: =Histograma!F7 -> 2.784 | F7: =Histograma!G7 -> 2.784 | I7: 2.536 | J7: 2.536 | K7: =E7/I7-1 -> 0.097791798 | N7: 20 m³ | O7: =O6+5*E7 -> 40.940259 | P7: =P6+5*F7 -> 40.940259 | Q7: =SUM(O7:P7) -> 81.880517 | R7: =R6+5*2.02 -> 37.95 | S7: =S6+5*2.02 -> 37.95 | T7: =R7+S7 -> 75.9 | U7: =Q7-T7 -> 5.9805174 | V7: =U7/T7 -> 0.078794695 | AA7: 1.3 | AB7: Fornecimento de água em caminhão 6m³ até 15 km - Categoria Mista | AC7: R$/m³ | AD7: =AG7 -> 91.15 | AF7: 83.06 | AG7: =TRUNC(AF7*'FCD PROJETO'!$S$19,2) -> 91.15
C8: 20.01 | D8: 30 | E8: =Histograma!F8 -> 3.48 | F8: =Histograma!G8 -> 3.48 | I8: 3.17 | J8: 3.17 | K8: =E8/I8-1 -> 0.097791798 | N8: 25 m³ | O8: =O7+5*E8 -> 58.340259 | P8: =P7+5*F8 -> 58.340259 | Q8: =SUM(O8:P8) -> 116.68052 | R8: =R7+5*2.8 -> 51.95 | S8: =S7+5*2.8 -> 51.95 | T8: =R8+S8 -> 103.9 | U8: =Q8-T8 -> 12.780517 | V8: =U8/T8 -> 0.12300787 | AA8: 1.4 | AB8: Fornecimento de água em caminhão 6m³ até 15 km - Categoria Comercial / Industrial | AC8: R$/m³ | AD8: =AG8 -> 96.87 | AF8: 88.28 | AG8: =TRUNC(AF8*'FCD PROJETO'!$S$19,2) -> 96.87
C9: 30.01 | D9: 50 | E9: =Histograma!F9 -> 4.176 | F9: =Histograma!G9 -> 4.176 | I9: 3.804 | J9: 3.804 | K9: =E9/I9-1 -> 0.097791798 | N9: 30 m³ | O9: =O8+5*E8 -> 75.740259 | P9: =P8+5*F8 -> 75.740259 | Q9: =SUM(O9:P9) -> 151.48052 | R9: =R8+5*2.8 -> 65.95 | S9: =S8+5*2.8 -> 65.95 | T9: =R9+S9 -> 131.9 | U9: =Q9-T9 -> 19.580517 | V9: =U9/T9 -> 0.14844971 | AA9: 1.5 | AB9: Fornecimento de água em caminhão 6m³ até 15 km - Categoria Pública | AC9: R$/m³ | AD9: =AG9 -> 94.61 | AF9: 86.22 | AG9: =TRUNC(AF9*'FCD PROJETO'!$S$19,2) -> 94.61
C10: 50.01 | D10: 100 | E10: =Histograma!F10 -> 4.872 | F10: =Histograma!G10 -> 4.872 | I10: 4.438 | J10: 4.438 | K10: =E10/I10-1 -> 0.097791798 | N10: 40 m³ | O10: =O9+10*E9 -> 117.50026 | P10: =P9+10*F9 -> 117.50026 | Q10: =SUM(O10:P10) -> 235.00052 | R10: =R9+10*3.5 -> 100.95 | S10: =S9+10*3.5 -> 100.95 | T10: =R10+S10 -> 201.9 | U10: =Q10-T10 -> 33.100517 | V10: =U10/T10 -> 0.16394511 | AA10: 1.6 | AB10: Fornecimento de água tratada em caminhão 6m³ até 15 km - para abastecimento de piscina | AC10: R$/m³ | AD10: =AG10 -> 84.28 | AF10: 76.8 | AG10: =TRUNC(AF10*'FCD PROJETO'!$S$19,2) -> 84.28
C11: > 100 | D11: 0 | E11: =Histograma!F11 -> 8.352 | F11: =Histograma!G11 -> 8.352 | I11: 7.608 | J11: 7.608 | K11: =E11/I11-1 -> 0.097791798 | N11: 50 m³ | O11: =O10+10*E10 -> 166.22026 | P11: =P10+10*F10 -> 166.22026 | Q11: =SUM(O11:P11) -> 332.44052 | R11: =R10+10*3.5 -> 135.95 | S11: =S10+10*3.5 -> 135.95 | T11: =R11+S11 -> 271.9 | U11: =Q11-T11 -> 60.540517 | V11: =U11/T11 -> 0.22265729 | AA11: 1.7 | AB11: Fornecimento de água de reuso para irrigação em caminhão 6 m³ até 15 km | AC11: R$/m³ | AD11: =AG11 -> 64.28 | AF11: 58.58 | AG11: =TRUNC(AF11*'FCD PROJETO'!$S$19,2) -> 64.28
B12: Residencial | C12: TBO | D12: TBO | E12: =Histograma!F28 -> 17.4 | F12: =Histograma!G28 -> 17.4 | I12: 15.85 | J12: 15.85 | K12: =E12/I12-1 -> 0.097791798 | N12: Conta | O12: Água | P12: Esgoto | Q12: Total | R12: Água | S12: Esgoto | T12: Total | U12: Diferença | V12: % | AA12: 1.8 | AB12: Fornecimento de água de reuso para irrigação em veículo do interessado | AC12: R$/m³ | AD12: =AG12 -> 8.69 | AF12: 7.92 | AG12: =TRUNC(AF12*'FCD PROJETO'!$S$19,2) -> 8.69
C13: 0.01 | D13: 10 | E13: =Histograma!F29 -> 4.7328 | F13: =Histograma!G29 -> 4.7328 | I13: 4.3112 | J13: 4.3112 | K13: =E13/I13-1 -> 0.097791798 | M13: Residencial | N13: 10 m³ | O13: =E12+10*(E13) -> 64.728 | P13: =F12+10*(F13) -> 64.728 | Q13: =SUM(O13:P13) -> 129.456 | R13: =15.99+10*2.85 -> 44.49 | S13: =15.99+10*2.85 -> 44.49 | T13: =R13+S13 -> 88.98 | U13: =Q13-T13 -> 40.476 | V13: =U13/T13 -> 0.45488874 | AA13: 1.9 | AB13: Km rodado adicional acima de 15 Km | AC13: R$/Km | AD13: =AG13 -> 18.75 | AF13: 17.09 | AG13: =TRUNC(AF13*'FCD PROJETO'!$S$19,2) -> 18.75
C14: 10.01 | D14: 15 | E14: =Histograma!F30 -> 6.62592 | F14: =Histograma!G30 -> 6.62592 | I14: 6.03568 | J14: 6.03568 | K14: =E14/I14-1 -> 0.097791798 | N14: 15 m³ | O14: =O13+5*E14 -> 97.8576 | P14: =P13+5*F14 -> 97.8576 | Q14: =SUM(O14:P14) -> 195.7152 | R14: =R13+5*5.05 -> 69.74 | S14: =S13+5*5.05 -> 69.74 | T14: =R14+S14 -> 139.48 | U14: =Q14-T14 -> 56.2352 | V14: =U14/T14 -> 0.40317752 | AA14: 1.10 | AB14: Fornecimento de água tratada em veículo do interessado | AC14: R$/m³ | AD14: =AG14 -> 34.33 | AF14: 31.29 | AG14: =TRUNC(AF14*'FCD PROJETO'!$S$19,2) -> 34.33
C15: 15.01 | D15: 20 | E15: =Histograma!F31 -> 8.51904 | F15: =Histograma!G31 -> 8.51904 | I15: 7.76016 | J15: 7.76016 | K15: =E15/I15-1 -> 0.097791798 | N15: 20 m³ | O15: =O14+5*E15 -> 140.4528 | P15: =P14+5*F15 -> 140.4528 | Q15: =SUM(O15:P15) -> 280.9056 | R15: =R14+5*5.05 -> 94.99 | S15: =S14+5*5.05 -> 94.99 | T15: =R15+S15 -> 189.98 | U15: =Q15-T15 -> 90.9256 | V15: =U15/T15 -> 0.47860617 | AA15: 1.11 | AB15: Despejo avulso de efluente domiciliar em estação de tratamento de esgoto | AC15: R$/m³ | AD15: =AG15 -> 15.48 | AF15: 14.11 | AG15: =TRUNC(AF15*'FCD PROJETO'!$S$19,2) -> 15.48
C16: 20.01 | D16: 30 | E16: =Histograma!F32 -> 10.41216 | F16: =Histograma!G32 -> 10.41216 | I16: 9.48464 | J16: 9.48464 | K16: =E16/I16-1 -> 0.097791798 | N16: 25 m³ | O16: =O15+5*E16 -> 192.5136 | P16: =P15+5*F16 -> 192.5136 | Q16: =SUM(O16:P16) -> 385.0272 | R16: =R15+5*7.01 -> 130.04 | S16: =S15+5*7.01 -> 130.04 | T16: =R16+S16 -> 260.08 | U16: =Q16-T16 -> 124.9472 | V16: =U16/T16 -> 0.48041833 | AA16: 2 | AB16: Fornecimento temporário de água e tratamento de esgoto domiciliar avulso para usuários não cadastrados. | AG16: =TRUNC(AF16*'FCD PROJETO'!$S$19,2) -> 0
C17: 30.01 | D17: 50 | E17: =Histograma!F33 -> 13.25184 | F17: =Histograma!G33 -> 13.25184 | I17: 12.07136 | J17: 12.07136 | K17: =E17/I17-1 -> 0.097791798 | N17: 30 m³ | O17: =O16+5*E16 -> 244.5744 | P17: =P16+5*F16 -> 244.5744 | Q17: =SUM(O17:P17) -> 489.1488 | R17: =R16+5*7.01 -> 165.09 | S17: =S16+5*7.01 -> 165.09 | T17: =R17+S17 -> 330.18 | U17: =Q17-T17 -> 158.9688 | V17: =U17/T17 -> 0.48146102 | AA17: 2.1 | AB17: Fornecimento de água tratada em caminhão 6m³ até 15 km | AC17: R$/m³ | AD17: =AG17 -> 116.25 | AF17: 105.94 | AG17: =TRUNC(AF17*'FCD PROJETO'!$S$19,2) -> 116.25
C18: 50.01 | D18: 100 | E18: =Histograma!F34 -> 17.03808 | F18: =Histograma!G34 -> 17.03808 | I18: 15.52032 | J18: 15.52032 | K18: =E18/I18-1 -> 0.097791798 | N18: 40 m³ | O18: =O17+10*E17 -> 377.0928 | P18: =P17+10*F17 -> 377.0928 | Q18: =SUM(O18:P18) -> 754.1856 | R18: =R17+10*8.76 -> 252.69 | S18: =S17+10*8.76 -> 252.69 | T18: =R18+S18 -> 505.38 | U18: =Q18-T18 -> 248.8056 | V18: =U18/T18 -> 0.4923139 | AA18: 2.2 | AB18: Fornecimento de água de reuso para irrigação em caminhão 6 m³ até 15 km | AC18: R$/m³ | AD18: =AG18 -> 77.14 | AF18: 70.3 | AG18: =TRUNC(AF18*'FCD PROJETO'!$S$19,2) -> 77.14
C19: > 100 | D19: 0 | E19: =Histograma!F35 -> 22.71744 | F19: =Histograma!G35 -> 22.71744 | I19: 20.69376 | J19: 20.69376 | K19: =E19/I19-1 -> 0.097791798 | N19: 50 m³ | O19: =O18+10*E18 -> 547.4736 | P19: =P18+10*F18 -> 547.4736 | Q19: =SUM(O19:P19) -> 1094.9472 | R19: =R18+10*8.76 -> 340.29 | S19: =S18+10*8.76 -> 340.29 | T19: =R19+S19 -> 680.58 | U19: =Q19-T19 -> 414.3672 | V19: =U19/T19 -> 0.60884422 | AA19: 2.3 | AB19: Fornecimento de água de reuso para irrigação em veículo do interessado | AC19: R$/m³ | AD19: =AG19 -> 10.42 | AF19: 9.5 | AG19: =TRUNC(AF19*'FCD PROJETO'!$S$19,2) -> 10.42
B20: Comercial | C20: TBO | D20: TBO | E20: =Histograma!F52 -> 27.84 | F20: =Histograma!G52 -> 27.84 | I20: 25.36 | J20: 25.36 | K20: =E20/I20-1 -> 0.097791798 | N20: Conta | O20: Água | P20: Esgoto | Q20: Total | R20: Água | S20: Esgoto | T20: Total | U20: Diferença | V20: % | AA20: 2.4 | AB20: Km rodado adicional acima de 15 Km | AC20: R$/Km | AD20: =AG20 -> 18.75 | AF20: 17.09 | AG20: =TRUNC(AF20*'FCD PROJETO'!$S$19,2) -> 18.75
C21: 0.01 | D21: 10 | E21: =Histograma!F53 -> 8.352 | F21: =Histograma!G53 -> 8.352 | I21: 7.608 | J21: 7.608 | K21: =E21/I21-1 -> 0.097791798 | M21: Comercial | N21: 10 m³ | O21: =E20+10*(E21) -> 111.36 | P21: =F20+10*(F21) -> 111.36 | Q21: =SUM(O21:P21) -> 222.72 | R21: =22.34+10*13.99 -> 162.24 | S21: =22.34+10*13.99 -> 162.24 | T21: =R21+S21 -> 324.48 | U21: =Q21-T21 -> -101.76 | V21: =U21/T21 -> -0.31360947 | AA21: 2.5 | AB21: Fornecimento de água tratada em veículo do interessado | AC21: R$/m³ | AD21: =AG21 -> 41.2 | AF21: 37.55 | AG21: =TRUNC(AF21*'FCD PROJETO'!$S$19,2) -> 41.2
C22: 10.01 | D22: 15 | E22: =Histograma!F54 -> 11.6928 | F22: =Histograma!G54 -> 11.6928 | I22: 10.6512 | J22: 10.6512 | K22: =E22/I22-1 -> 0.097791798 | N22: 15 m³ | O22: =O21+5*E22 -> 169.824 | P22: =P21+5*F22 -> 169.824 | Q22: =SUM(O22:P22) -> 339.648 | R22: =R21+5*7.06 -> 197.54 | S22: =S21+5*7.06 -> 197.54 | T22: =R22+S22 -> 395.08 | U22: =Q22-T22 -> -55.432 | V22: =U22/T22 -> -0.14030576 | AA22: 2.6 | AB22: Despejo avulso de efluente domiciliar em estação de tratamento de esgoto | AC22: R$/m³ | AD22: =AG22 -> 18.57 | AF22: 16.93 | AG22: =TRUNC(AF22*'FCD PROJETO'!$S$19,2) -> 18.57
C23: 15.01 | D23: 20 | E23: =Histograma!F55 -> 15.0336 | F23: =Histograma!G55 -> 15.0336 | I23: 13.6944 | J23: 13.6944 | K23: =E23/I23-1 -> 0.097791798 | N23: 20 m³ | O23: =O22+5*E23 -> 244.992 | P23: =P22+5*F23 -> 244.992 | Q23: =SUM(O23:P23) -> 489.984 | R23: =R22+5*7.06 -> 232.84 | S23: =S22+5*7.06 -> 232.84 | T23: =R23+S23 -> 465.68 | U23: =Q23-T23 -> 24.304 | V23: =U23/T23 -> 0.052190345
C24: 20.01 | D24: 30 | E24: =Histograma!F56 -> 18.3744 | F24: =Histograma!G56 -> 18.3744 | I24: 16.7376 | J24: 16.7376 | K24: =E24/I24-1 -> 0.097791798 | N24: 25 m³ | O24: =O23+5*E24 -> 336.864 | P24: =P23+5*F24 -> 336.864 | Q24: =SUM(O24:P24) -> 673.728 | R24: =R23+5*9.81 -> 281.89 | S24: =S23+5*9.81 -> 281.89 | T24: =R24+S24 -> 563.78 | U24: =Q24-T24 -> 109.948 | V24: =U24/T24 -> 0.19501933 | AA24: TABELA 3 - TARIFAS DE SERVIÇOS DE REDES E AMPLIAÇÃO DOS SISTEMAS DE ABASTECIMENTO DE ÁGUA E/OU COLETA, AFASTAMENTO E TRATAMENTO DE ESGOTO
C25: 30.01 | D25: 50 | E25: =Histograma!F57 -> 23.3856 | F25: =Histograma!G57 -> 23.3856 | I25: 21.3024 | J25: 21.3024 | K25: =E25/I25-1 -> 0.097791798 | N25: 30 m³ | O25: =O24+5*E24 -> 428.736 | P25: =P24+5*F24 -> 428.736 | Q25: =SUM(O25:P25) -> 857.472 | R25: =R24+5*9.81 -> 330.94 | S25: =S24+5*9.81 -> 330.94 | T25: =R25+S25 -> 661.88 | U25: =Q25-T25 -> 195.592 | V25: =U25/T25 -> 0.29550976 | AA25: Tabela 3 - Tarifas de serviços de redes e ampliação dos sistemas de abastecimento de água e/ou coleta, afastamento e tratamento de esgoto
C26: 50.01 | D26: 100 | E26: =Histograma!F58 -> 30.0672 | F26: =Histograma!G58 -> 30.0672 | I26: 27.3888 | J26: 27.3888 | K26: =E26/I26-1 -> 0.097791798 | N26: 40 m³ | O26: =O25+10*E25 -> 662.592 | P26: =P25+10*F25 -> 662.592 | Q26: =SUM(O26:P26) -> 1325.184 | R26: =R25+10*12.26 -> 453.54 | S26: =S25+10*12.26 -> 453.54 | T26: =R26+S26 -> 907.08 | U26: =Q26-T26 -> 418.104 | V26: =U26/T26 -> 0.46093399 | AA26: Item | AB26: Descrição | AC26: Unidade | AD26: Preço Unitário | AF26: =AF3 -> Preço Unitário Io | AG26: =AG3 -> Preço Unitário In
C27: > 100 | D27: 0 | E27: =Histograma!F59 -> 40.0896 | F27: =Histograma!G59 -> 40.0896 | I27: 36.5184 | J27: 36.5184 | K27: =E27/I27-1 -> 0.097791798 | N27: 50 m³ | O27: =O26+10*E26 -> 963.264 | P27: =P26+10*F26 -> 963.264 | Q27: =SUM(O27:P27) -> 1926.528 | R27: =R26+10*12.26 -> 576.14 | S27: =S26+10*12.26 -> 576.14 | T27: =R27+S27 -> 1152.28 | U27: =Q27-T27 -> 774.248 | V27: =U27/T27 -> 0.67192696 | AA27: 1 | AB27: Serviços de redes
B28: Industrial | C28: TBO | D28: TBO | E28: =Histograma!F60 -> 27.84 | F28: =Histograma!G60 -> 27.84 | I28: 25.36 | J28: 25.36 | K28: =E28/I28-1 -> 0.097791798 | N28: Conta | O28: Água | P28: Esgoto | Q28: Total | R28: Água | S28: Esgoto | T28: Total | U28: Diferença | V28: % | AA28: 1.2 | AB28: Extensão de rede de água DN 50 mm | AC28: R$/m | AD28: =AG28 -> 355.84 | AF28: 324.26 | AG28: =TRUNC(AF28*'FCD PROJETO'!$S$19,2) -> 355.84
C29: 0.01 | D29: 10 | E29: =Histograma!F61 -> 8.352 | F29: =Histograma!G61 -> 8.352 | I29: 7.608 | J29: 7.608 | K29: =E29/I29-1 -> 0.097791798 | M29: Industrial | N29: 10 m³ | O29: =E28+10*(E29) -> 111.36 | P29: =F28+10*(F29) -> 111.36 | Q29: =SUM(O29:P29) -> 222.72 | R29: =22.34+10*13.99 -> 162.24 | S29: =22.34+10*13.99 -> 162.24 | T29: =R29+S29 -> 324.48 | U29: =Q29-T29 -> -101.76 | V29: =U29/T29 -> -0.31360947 | AA29: 1.3 | AB29: Extensão de rede de água DN 75 mm | AC29: R$/m | AD29: =AG29 -> 393.94 | AF29: 358.98 | AG29: =TRUNC(AF29*'FCD PROJETO'!$S$19,2) -> 393.94
C30: 10.01 | D30: 15 | E30: =Histograma!F62 -> 11.6928 | F30: =Histograma!G62 -> 11.6928 | I30: 10.6512 | J30: 10.6512 | K30: =E30/I30-1 -> 0.097791798 | N30: 15 m³ | O30: =O29+5*E30 -> 169.824 | P30: =P29+5*F30 -> 169.824 | Q30: =SUM(O30:P30) -> 339.648 | R30: =R29+5*7.06 -> 197.54 | S30: =S29+5*7.06 -> 197.54 | T30: =R30+S30 -> 395.08 | U30: =Q30-T30 -> -55.432 | V30: =U30/T30 -> -0.14030576 | AA30: 1.4 | AB30: Extensão de rede de água DN 100 mm | AC30: R$/m | AD30: =AG30 -> 437.14 | AF30: 398.35 | AG30: =TRUNC(AF30*'FCD PROJETO'!$S$19,2) -> 437.14
C31: 15.01 | D31: 20 | E31: =Histograma!F63 -> 15.0336 | F31: =Histograma!G63 -> 15.0336 | I31: 13.6944 | J31: 13.6944 | K31: =E31/I31-1 -> 0.097791798 | N31: 20 m³ | O31: =O30+5*E31 -> 244.992 | P31: =P30+5*F31 -> 244.992 | Q31: =SUM(O31:P31) -> 489.984 | R31: =R30+5*7.06 -> 232.84 | S31: =S30+5*7.06 -> 232.84 | T31: =R31+S31 -> 465.68 | U31: =Q31-T31 -> 24.304 | V31: =U31/T31 -> 0.052190345 | AA31: 1.5 | AB31: Extensão de rede de água DN 150 mm | AC31: R$/m | AD31: =AG31 -> 658.75 | AF31: 600.29 | AG31: =TRUNC(AF31*'FCD PROJETO'!$S$19,2) -> 658.75
C32: 20.01 | D32: 30 | E32: =Histograma!F64 -> 18.3744 | F32: =Histograma!G64 -> 18.3744 | I32: 16.7376 | J32: 16.7376 | K32: =E32/I32-1 -> 0.097791798 | N32: 25 m³ | O32: =O31+5*E32 -> 336.864 | P32: =P31+5*F32 -> 336.864 | Q32: =SUM(O32:P32) -> 673.728 | R32: =R31+5*9.81 -> 281.89 | S32: =S31+5*9.81 -> 281.89 | T32: =R32+S32 -> 563.78 | U32: =Q32-T32 -> 109.948 | V32: =U32/T32 -> 0.19501933 | AA32: 1.6 | AB32: Extensão de rede de água DN 200 mm | AC32: R$/m | AD32: =AG32 -> 988.13 | AF32: 900.43 | AG32: =TRUNC(AF32*'FCD PROJETO'!$S$19,2) -> 988.13
C33: 30.01 | D33: 50 | E33: =Histograma!F65 -> 23.3856 | F33: =Histograma!G65 -> 23.3856 | I33: 21.3024 | J33: 21.3024 | K33: =E33/I33-1 -> 0.097791798 | N33: 30 m³ | O33: =O32+5*E32 -> 428.736 | P33: =P32+5*F32 -> 428.736 | Q33: =SUM(O33:P33) -> 857.472 | R33: =R32+5*9.81 -> 330.94 | S33: =S32+5*9.81 -> 330.94 | T33: =R33+S33 -> 661.88 | U33: =Q33-T33 -> 195.592 | V33: =U33/T33 -> 0.29550976 | AA33: 1.7 | AB33: Extensão de rede de água DN 250 mm | AC33: R$/m | AD33: =AG33 -> 1119.88 | AF33: 1020.49 | AG33: =TRUNC(AF33*'FCD PROJETO'!$S$19,2) -> 1119.88
C34: 50.01 | D34: 100 | E34: =Histograma!F66 -> 30.0672 | F34: =Histograma!G66 -> 30.0672 | I34: 27.3888 | J34: 27.3888 | K34: =E34/I34-1 -> 0.097791798 | N34: 40 m³ | O34: =O33+10*E33 -> 662.592 | P34: =P33+10*F33 -> 662.592 | Q34: =SUM(O34:P34) -> 1325.184 | R34: =R33+10*12.26 -> 453.54 | S34: =S33+10*12.26 -> 453.54 | T34: =R34+S34 -> 907.08 | U34: =Q34-T34 -> 418.104 | V34: =U34/T34 -> 0.46093399 | AA34: 1.8 | AB34: Extensão de rede de água DN 250 mm | AC34: R$/m | AD34: =AG34 -> 1317.5 | AF34: 1200.57 | AG34: =TRUNC(AF34*'FCD PROJETO'!$S$19,2) -> 1317.5
C35: > 100 | D35: 0 | E35: =Histograma!F67 -> 40.0896 | F35: =Histograma!G67 -> 40.0896 | I35: 36.5184 | J35: 36.5184 | K35: =E35/I35-1 -> 0.097791798 | N35: 50 m³ | O35: =O34+10*E34 -> 963.264 | P35: =P34+10*F34 -> 963.264 | Q35: =SUM(O35:P35) -> 1926.528 | R35: =R34+10*12.26 -> 576.14 | S35: =S34+10*12.26 -> 576.14 | T35: =R35+S35 -> 1152.28 | U35: =Q35-T35 -> 774.248 | V35: =U35/T35 -> 0.67192696 | AA35: 1.9 | AB35: Extensão de rede de esgoto DN 150 mm | AC35: R$/m | AD35: =AG35 -> 502.99 | AF35: 458.35 | AG35: =TRUNC(AF35*'FCD PROJETO'!$S$19,2) -> 502.99
B36: Pública | C36: TBO | D36: TBO | E36: =Histograma!F68 -> 20.88 | F36: =Histograma!G68 -> 20.88 | I36: 19.02 | J36: 19.02 | K36: =E36/I36-1 -> 0.097791798 | N36: Conta | O36: Água | P36: Esgoto | Q36: Total | R36: Água | S36: Esgoto | T36: Total | U36: Diferença | V36: % | AA36: 1.10 | AB36: Extensão de rede de esgoto DN 200 mm | AC36: R$/m | AD36: =AG36 -> 779.64 | AF36: 710.45 | AG36: =TRUNC(AF36*'FCD PROJETO'!$S$19,2) -> 779.64
C37: 0.01 | D37: 10 | E37: =Histograma!F69 -> 5.05296 | F37: =Histograma!G69 -> 5.05296 | I37: 4.60284 | J37: 4.60284 | K37: =E37/I37-1 -> 0.097791798 | M37: Pública | N37: 10 m³ | O37: =E36+10*(E37) -> 71.4096 | P37: =F36+10*(F37) -> 71.4096 | Q37: =SUM(O37:P37) -> 142.8192 | R37: =15.99+10*2.85 -> 44.49 | S37: =15.99+10*2.85 -> 44.49 | T37: =R37+S37 -> 88.98 | U37: =Q37-T37 -> 53.8392 | V37: =U37/T37 -> 0.6050708 | AA37: 1.11 | AB37: Extensão de rede de esgoto DN 250 mm | AC37: R$/m | AD37: =AG37 -> 930.54 | AF37: 847.95 | AG37: =TRUNC(AF37*'FCD PROJETO'!$S$19,2) -> 930.54
C38: 10.01 | D38: 15 | E38: =Histograma!F70 -> 7.074144 | F38: =Histograma!G70 -> 7.074144 | I38: 6.443976 | J38: 6.443976 | K38: =E38/I38-1 -> 0.097791798 | N38: 15 m³ | O38: =O37+5*E38 -> 106.78032 | P38: =P37+5*F38 -> 106.78032 | Q38: =SUM(O38:P38) -> 213.56064 | R38: =R37+5*5.05 -> 69.74 | S38: =S37+5*5.05 -> 69.74 | T38: =R38+S38 -> 139.48 | U38: =Q38-T38 -> 74.08064 | V38: =U38/T38 -> 0.53112016 | AA38: 1.12 | AB38: Extensão de rede de esgoto DN 300 mm | AC38: R$/m | AD38: =AG38 -> 1257.48 | AF38: 1145.88 | AG38: =TRUNC(AF38*'FCD PROJETO'!$S$19,2) -> 1257.48
C39: 15.01 | D39: 20 | E39: =Histograma!F71 -> 9.095328 | F39: =Histograma!G71 -> 9.095328 | I39: 8.285112 | J39: 8.285112 | K39: =E39/I39-1 -> 0.097791798 | N39: 20 m³ | O39: =O38+5*E39 -> 152.25696 | P39: =P38+5*F39 -> 152.25696 | Q39: =SUM(O39:P39) -> 304.51392 | R39: =R38+5*5.05 -> 94.99 | S39: =S38+5*5.05 -> 94.99 | T39: =R39+S39 -> 189.98 | U39: =Q39-T39 -> 114.53392 | V39: =U39/T39 -> 0.60287357 | AA39: 2 | AB39: Execução de Poços de Visita
C40: 20.01 | D40: 30 | E40: =Histograma!F72 -> 11.116512 | F40: =Histograma!G72 -> 11.116512 | I40: 10.126248 | J40: 10.126248 | K40: =E40/I40-1 -> 0.097791798 | N40: 25 m³ | O40: =O39+5*E40 -> 207.83952 | P40: =P39+5*F40 -> 207.83952 | Q40: =SUM(O40:P40) -> 415.67904 | R40: =R39+5*7.01 -> 130.04 | S40: =S39+5*7.01 -> 130.04 | T40: =R40+S40 -> 260.08 | U40: =Q40-T40 -> 155.59904 | V40: =U40/T40 -> 0.59827376 | AA40: 2.1 | AB40: Em alvenaria com profundidade menor ou igual a 1,5 m | AC40: unidade | AD40: =AG40 -> 7467.74 | AF40: 6804.94 | AG40: =TRUNC(AF40*'FCD PROJETO'!$S$19,2) -> 7467.74
C41: 30.01 | D41: 50 | E41: =Histograma!F73 -> 14.148288 | F41: =Histograma!G73 -> 14.148288 | I41: 12.887952 | J41: 12.887952 | K41: =E41/I41-1 -> 0.097791798 | N41: 30 m³ | O41: =O40+5*E40 -> 263.42208 | P41: =P40+5*F40 -> 263.42208 | Q41: =SUM(O41:P41) -> 526.84416 | R41: =R40+5*7.01 -> 165.09 | S41: =S40+5*7.01 -> 165.09 | T41: =R41+S41 -> 330.18 | U41: =Q41-T41 -> 196.66416 | V41: =U41/T41 -> 0.59562711 | AA41: 2.2 | AB41: Acréscimo de alvenaria com profundidade maior que 1,5 m | AC41: R$/m | AD41: =AG41 -> 1361.36 | AF41: 1240.54 | AG41: =TRUNC(AF41*'FCD PROJETO'!$S$19,2) -> 1361.36
C42: 50.01 | D42: 100 | E42: =Histograma!F74 -> 18.190656 | F42: =Histograma!G74 -> 18.190656 | I42: 16.570224 | J42: 16.570224 | K42: =E42/I42-1 -> 0.097791798 | N42: 40 m³ | O42: =O41+10*E41 -> 404.90496 | P42: =P41+10*F41 -> 404.90496 | Q42: =SUM(O42:P42) -> 809.80992 | R42: =R41+10*8.76 -> 252.69 | S42: =S41+10*8.76 -> 252.69 | T42: =R42+S42 -> 505.38 | U42: =Q42-T42 -> 304.42992 | V42: =U42/T42 -> 0.60237825 | AA42: 2.3 | AB42: Instalação de Poço de visita em PEAD | AC42: unidade | AD42: =AG42 -> 974.17 | AF42: 887.71 | AG42: =TRUNC(AF42*'FCD PROJETO'!$S$19,2) -> 974.17
C43: > 100 | D43: 0 | E43: =Histograma!F75 -> 24.254208 | F43: =Histograma!G75 -> 24.254208 | I43: 22.093632 | J43: 22.093632 | K43: =E43/I43-1 -> 0.097791798 | N43: 50 m³ | O43: =O42+10*E42 -> 586.81152 | P43: =P42+10*F42 -> 586.81152 | Q43: =SUM(O43:P43) -> 1173.623 | R43: =R42+10*8.76 -> 340.29 | S43: =S42+10*8.76 -> 340.29 | T43: =R43+S43 -> 680.58 | U43: =Q43-T43 -> 493.04304 | V43: =U43/T43 -> 0.72444538 | AA43: 3 | AB43: Pavimentação
B44: Especial | C44: TBO | D44: TBO | E44: =Histograma!F76 -> 20.88 | F44: =Histograma!G76 -> 20.88 | I44: 19.02 | J44: 19.02 | K44: =E44/I44-1 -> 0.097791798 | N44: Conta | O44: Água | P44: Esgoto | Q44: Total | R44: Água | S44: Esgoto | T44: Total | U44: Diferença | V44: % | AA44: 3.1 | AB44: Reposição do pavimento de rua com massa asfáltica usinada a quente (CBUQ), incluindo base de brita graduada E=20 cm com meio fio e capa asfáltica de 4cm. | AC44: R$/m² | AD44: =AG44 -> 217.75 | AF44: 198.43 | AG44: =TRUNC(AF44*'FCD PROJETO'!$S$19,2) -> 217.75
C45: 0.01 | D45: 10 | E45: =Histograma!F77 -> 5.0546324 | F45: =Histograma!G77 -> 5.0546324 | I45: 4.6043634 | J45: 4.6043634 | K45: =E45/I45-1 -> 0.097791798 | M45: Especial | N45: 10 m³ | O45: =E44+10*(E45) -> 71.426324 | P45: =F44+10*(F45) -> 71.426324 | Q45: =SUM(O45:P45) -> 142.85265 | R45: =15.99+10*2.85 -> 44.49 | S45: =15.99+10*2.85 -> 44.49 | T45: =R45+S45 -> 88.98 | U45: =Q45-T45 -> 53.872648 | V45: =U45/T45 -> 0.60544671 | AA45: 3.2 | AB45: Reposição do pavimento com PAVER (20x10x8), incluindo base de pedrisco E=15 Cm e com meio fio | AC45: R$/m² | AD45: =AG45 -> 203.26 | AF45: 185.22 | AG45: =TRUNC(AF45*'FCD PROJETO'!$S$19,2) -> 203.26
C46: 10.01 | D46: 15 | E46: =Histograma!F78 -> 7.0764854 | F46: =Histograma!G78 -> 7.0764854 | I46: 6.4461088 | J46: 6.4461088 | K46: =E46/I46-1 -> 0.097791798 | N46: 15 m³ | O46: =O45+5*E46 -> 106.80875 | P46: =P45+5*F46 -> 106.80875 | Q46: =SUM(O46:P46) -> 213.6175 | R46: =R45+5*5.05 -> 69.74 | S46: =S45+5*5.05 -> 69.74 | T46: =R46+S46 -> 139.48 | U46: =Q46-T46 -> 74.137501 | V46: =U46/T46 -> 0.53152783 | AA46: 3.3 | AB46: Reposição do pavimento de rua com Paralelepípedo de concreto | AC46: R$/m² | AD46: =AG46 -> 316.29 | AF46: 288.22 | AG46: =TRUNC(AF46*'FCD PROJETO'!$S$19,2) -> 316.29
C47: 15.01 | D47: 20 | E47: =Histograma!F79 -> 9.0983383 | F47: =Histograma!G79 -> 9.0983383 | I47: 8.2878542 | J47: 8.2878542 | K47: =E47/I47-1 -> 0.097791798 | N47: 20 m³ | O47: =O46+5*E47 -> 152.30044 | P47: =P46+5*F47 -> 152.30044 | Q47: =SUM(O47:P47) -> 304.60088 | R47: =R46+5*5.05 -> 94.99 | S47: =S46+5*5.05 -> 94.99 | T47: =R47+S47 -> 189.98 | U47: =Q47-T47 -> 114.62088 | V47: =U47/T47 -> 0.60333132 | AA47: 4 | AB47: Ligação de água
C48: 20.01 | D48: 30 | E48: =Histograma!F80 -> 11.120191 | F48: =Histograma!G80 -> 11.120191 | I48: 10.1296 | J48: 10.1296 | K48: =E48/I48-1 -> 0.097791798 | N48: 25 m³ | O48: =O47+5*E48 -> 207.9014 | P48: =P47+5*F48 -> 207.9014 | Q48: =SUM(O48:P48) -> 415.8028 | R48: =R47+5*7.01 -> 130.04 | S48: =S47+5*7.01 -> 130.04 | T48: =R48+S48 -> 260.08 | U48: =Q48-T48 -> 155.7228 | V48: =U48/T48 -> 0.59874961 | AA48: 4.1 | AB48: Ligação de água Ø¾" - Completa, incluindo fornecimento de materiais e mão de obra para instalação de caixa de proteção de hidrômetro em parede/totem ou piso. | AC48: unidade | AD48: =AG48 -> 3781.04 | AF48: 3445.46 | AG48: =TRUNC(AF48*'FCD PROJETO'!$S$19,2) -> 3781.04
C49: 30.01 | D49: 50 | E49: =Histograma!F81 -> 14.152971 | F49: =Histograma!G81 -> 14.152971 | I49: 12.892218 | J49: 12.892218 | K49: =E49/I49-1 -> 0.097791798 | N49: 30 m³ | O49: =O48+5*E48 -> 263.50236 | P49: =P48+5*F48 -> 263.50236 | Q49: =SUM(O49:P49) -> 527.00471 | R49: =R48+5*7.01 -> 165.09 | S49: =S48+5*7.01 -> 165.09 | T49: =R49+S49 -> 330.18 | U49: =Q49-T49 -> 196.82471 | V49: =U49/T49 -> 0.59611336 | AA49: 4.2 | AB49: Ligação de água Ø1" - Completa, incluindo fornecimento de materiais e mão de obra para instalação de caixa de proteção de hidrômetro em parede/totem ou piso. | AC49: unidade | AD49: =AG49 -> 5671.58 | AF49: 5168.2 | AG49: =TRUNC(AF49*'FCD PROJETO'!$S$19,2) -> 5671.58
C50: 50.01 | D50: 100 | E50: =Histograma!F82 -> 18.196677 | F50: =Histograma!G82 -> 18.196677 | I50: 16.575708 | J50: 16.575708 | K50: =E50/I50-1 -> 0.097791798 | N50: 40 m³ | O50: =O49+10*E49 -> 405.03206 | P50: =P49+10*F49 -> 405.03206 | Q50: =SUM(O50:P50) -> 810.06412 | R50: =R49+10*8.76 -> 252.69 | S50: =S49+10*8.76 -> 252.69 | T50: =R50+S50 -> 505.38 | U50: =Q50-T50 -> 304.68412 | V50: =U50/T50 -> 0.60288125 | AA50: 4.3 | AB50: Ligação de água Ø1½" - Completa, incluindo fornecimento de materiais e mão de obra para instalação de caixa de proteção de hidrômetro em parede/totem ou piso. | AC50: unidade | AD50: =AG50 -> 6616.85 | AF50: 6029.57 | AG50: =TRUNC(AF50*'FCD PROJETO'!$S$19,2) -> 6616.85
C51: > 100 | D51: 0 | E51: =Histograma!F83 -> 24.262236 | F51: =Histograma!G83 -> 24.262236 | I51: 22.100944 | J51: 22.100944 | K51: =E51/I51-1 -> 0.097791798 | N51: 50 m³ | O51: =O50+10*E50 -> 586.99883 | P51: =P50+10*F50 -> 586.99883 | Q51: =SUM(O51:P51) -> 1173.9977 | R51: =R50+10*8.76 -> 340.29 | S51: =S50+10*8.76 -> 340.29 | T51: =R51+S51 -> 680.58 | U51: =Q51-T51 -> 493.41766 | V51: =U51/T51 -> 0.72499582 | AA51: 4.4 | AB51: Ligação de água Ø2" - Completa, incluindo fornecimento de materiais e mão de obra para instalação de caixa de proteção de hidrômetro em parede/totem ou piso. | AC51: unidade | AD51: =AG51 -> 11343.14 | AF51: 10336.38 | AG51: =TRUNC(AF51*'FCD PROJETO'!$S$19,2) -> 11343.14
AA52: 4.5 | AB52: Ligação de água Ø¾" - Simples, não incluindo o fornecimento de materiais e mão de obra para instalação de caixa de proteção de hidrômetro em parede/totem ou piso. | AC52: unidade | AD52: =AG52 -> 1813.01 | AF52: 1652.1 | AG52: =TRUNC(AF52*'FCD PROJETO'!$S$19,2) -> 1813.01
B53: 2 - Tarifas para fornecimento de água, coleta, afastamento e tratamento e esgoto através de ligações temporárias | AA53: 4.6 | AB53: Ligação de água Ø1" - Simples, não incluindo o fornecimento de materiais e mão de obra para instalação de caixa de proteção de hidrômetro em parede/totem ou piso. | AC53: unidade | AD53: =AG53 -> 2719.52 | AF53: 2478.15 | AG53: =TRUNC(AF53*'FCD PROJETO'!$S$19,2) -> 2719.52
B54: 2.1 | C54: Fornecimento de água, coleta, afastamento e tratamento e esgoto por ligação em caráter temporário para festas, circos e eventos. | E54: =TRUNC(I54*'FCD PROJETO'!S19,2) -> 11.87 | F54: =TRUNC(J54*'FCD PROJETO'!S19,2) -> 11.87 | I54: 10.82 | J54: 10.82 | K54: =F54/J54-1 -> 0.097042514 | AA54: 4.7 | AB54: Ligação de água Ø1½" - Simples, não incluindo o fornecimento de materiais e mão de obra para instalação de caixa de proteção de hidrômetro em parede/totem ou piso. | AC54: unidade | AD54: =AG54 -> 3172.78 | AF54: 2891.18 | AG54: =TRUNC(AF54*'FCD PROJETO'!$S$19,2) -> 3172.78
AA55: 4.8 | AB55: Ligação de água Ø2" - Simples, não incluindo o fornecimento de materiais e mão de obra para instalação de caixa de proteção de hidrômetro em parede/totem ou piso. | AC55: unidade | AD55: =AG55 -> 5439.04 | AF55: 4956.3 | AG55: =TRUNC(AF55*'FCD PROJETO'!$S$19,2) -> 5439.04
AA56: 5 | AB56: Caixa de proteção de hidrômetro
AA57: 5.1 | AB57: Fornecimento de Caixa de proteção de hidrômetro Ø ¾" e 1" Padrão de Parede | AC57: unidade | AD57: =AG57 -> 198.21 | AF57: 180.62 | AG57: =TRUNC(AF57*'FCD PROJETO'!$S$19,2) -> 198.21
AA58: 5.2 | AB58: Fornecimento de Caixa de proteção de hidrômetro Ø ¾" e 1" Padrão de Piso | AC58: unidade | AD58: =AG58 -> 307.95 | AF58: 280.62 | AG58: =TRUNC(AF58*'FCD PROJETO'!$S$19,2) -> 307.95
AA59: 5.3 | AB59: Fornecimento e instalação de Caixa de proteção de hidrômetro Ø ¾" e 1" Padrão no piso. | AC59: unidade | AD59: =AG59 -> 812.27 | AF59: 740.18 | AG59: =TRUNC(AF59*'FCD PROJETO'!$S$19,2) -> 812.27
AA60: 5.4 | AB60: Fornecimento e instalação de Caixa de proteção de hidrômetro Ø ¾" e 1" Padrão em parede existente. | AC60: unidade | AD60: =AG60 -> 948.25 | AF60: 864.09 | AG60: =TRUNC(AF60*'FCD PROJETO'!$S$19,2) -> 948.25
AA61: 5.5 | AB61: Fornecimento e instalação de Caixa de proteção de hidrômetro Ø ¾" e 1" Padrão em totem de alvenaria | AC61: unidade | AD61: =AG61 -> 1222.72 | AF61: 1114.2 | AG61: =TRUNC(AF61*'FCD PROJETO'!$S$19,2) -> 1222.72
AA62: 5.6 | AB62: Fornecimento e instalação de Caixa de proteção para dois hidrômetros de Ø¾" e 1" Padrão em totem. | AC62: unidade | AD62: =AG62 -> 1854.25 | AF62: 1689.68 | AG62: =TRUNC(AF62*'FCD PROJETO'!$S$19,2) -> 1854.25
AA63: 5.7 | AB63: Fornecimento e instalação de Caixa de proteção para dois hidrômetros de Ø ¾" e 1" Padrão em parede. | AC63: unidade | AD63: =AG63 -> 1405.35 | AF63: 1280.62 | AG63: =TRUNC(AF63*'FCD PROJETO'!$S$19,2) -> 1405.35
AA64: 6 | AB64: Ligação de esgoto
AA65: 6.1 | AB65: Ligação de esgoto 100 mm | AC65: unidade | AD65: =AG65 -> 3863.15 | AF65: 3520.28 | AG65: =TRUNC(AF65*'FCD PROJETO'!$S$19,2) -> 3863.15
AA66: 6.2 | AB66: Tubo PVC ocre para esgoto com junta elástica - DN 100mm - NBR 7362 | AC66: R$/m | AD66: =AG66 -> 57 | AF66: 51.95 | AG66: =TRUNC(AF66*'FCD PROJETO'!$S$19,2) -> 57
AA67: 6.3 | AB67: Construção de Caixa de inspeção de esgoto padrão | AC67: unidade | AD67: =AG67 -> 1306.25 | AF67: 1190.32 | AG67: =TRUNC(AF67*'FCD PROJETO'!$S$19,2) -> 1306.25
AA68: 7 | AB68: Instalação de novo ramal predial
AA69: 7.1 | AB69: Instalação de ramal predial de água na calçada | AC69: unidade | AD69: =AG69 -> 887.16 | AF69: 808.42 | AG69: =TRUNC(AF69*'FCD PROJETO'!$S$19,2) -> 887.16
AA70: 7.2 | AB70: Instalação de ramal predial de água na rua | AC70: unidade | AD70: =AG70 -> 3896.23 | AF70: 3550.42 | AG70: =TRUNC(AF70*'FCD PROJETO'!$S$19,2) -> 3896.23
AA71: 7.3 | AB71: Instalação de ramal predial de esgoto Ø 100 mm na calçada | AC71: unidade | AD71: =AG71 -> 1160.63 | AF71: 1057.62 | AG71: =TRUNC(AF71*'FCD PROJETO'!$S$19,2) -> 1160.63
AA72: 7.4 | AB72: Instalação de ramal predial de esgoto Ø 100 mm na rua | AC72: unidade | AD72: =AG72 -> 4266.35 | AF72: 3887.69 | AG72: =TRUNC(AF72*'FCD PROJETO'!$S$19,2) -> 4266.35
AA73: 8 | AB73: Fornecimento de hidrômetro e serviços de hidrometria
AA74: 8.1 | AB74: Fornecimento de hidrômetro Ø¾" Qn 0,75 m³/h - Classe B | AC74: unidade | AD74: =AG74 -> 238.95 | AF74: 217.75 | AG74: =TRUNC(AF74*'FCD PROJETO'!$S$19,2) -> 238.95
AA75: 8.2 | AB75: Fornecimento de hidrômetro Ø¾" Qn 1,5 m³/h - Classe C | AC75: unidade | AD75: =AG75 -> 420.94 | AF75: 383.58 | AG75: =TRUNC(AF75*'FCD PROJETO'!$S$19,2) -> 420.94
AA76: 8.3 | AB76: Fornecimento de hidrômetro Ø¾" Qn 2,5 m³/h - Classe C | AC76: unidade | AD76: =AG76 -> 522.66 | AF76: 476.28 | AG76: =TRUNC(AF76*'FCD PROJETO'!$S$19,2) -> 522.66
AA77: 8.4 | AB77: Hidrômetro Ø 1" Multijato - Classe "B" - Vazão Nominal = 3,5 m³/h - Completo com conexões (tubetes) | AC77: unidade | AD77: =AG77 -> 1240.91 | AF77: 1130.78 | AG77: =TRUNC(AF77*'FCD PROJETO'!$S$19,2) -> 1240.91
AA78: 8.5 | AB78: Hidrômetro Ø 1" Multijato - Classe "B" - Vazão Nominal = 5,0 m³/h - Completo com conexões (tubetes) | AC78: unidade | AD78: =AG78 -> 1357.19 | AF78: 1236.74 | AG78: =TRUNC(AF78*'FCD PROJETO'!$S$19,2) -> 1357.19
AA79: 8.6 | AB79: Hidrômetro Ø 1.1/2" Multijato - Classe "B" - Vazão Nominal = 10,0 m³/h - Completo com conexões (tubetes) | AC79: unidade | AD79: =AG79 -> 2232.71 | AF79: 2034.55 | AG79: =TRUNC(AF79*'FCD PROJETO'!$S$19,2) -> 2232.71
AA80: 8.7 | AB80: Hidrômetro Ø 2" Woltman - Classe "B" - Vazão Nominal = 15,0 m³/h - Completo com conexões (flanges + parafusos) | AC80: unidade | AD80: =AG80 -> 5842.62 | AF80: 5324.06 | AG80: =TRUNC(AF80*'FCD PROJETO'!$S$19,2) -> 5842.62
AA81: 8.8 | AB81: Hidrômetro Ø 3" Woltman - Classe "B" - Vazão Nominal = 40,0 m³/h - Completo com conexões (flanges + parafusos) | AC81: unidade | AD81: =AG81 -> 7476.77 | AF81: 6813.17 | AG81: =TRUNC(AF81*'FCD PROJETO'!$S$19,2) -> 7476.77
AA82: 8.9 | AB82: Instalação de cavalete Ø¾" | AC82: unidade | AD82: =AG82 -> 332.75 | AF82: 303.22 | AG82: =TRUNC(AF82*'FCD PROJETO'!$S$19,2) -> 332.75
AA83: 8.10 | AB83: Instalação de cavalete Ø1" | AC83: unidade | AD83: =AG83 -> 369.84 | AF83: 337.02 | AG83: =TRUNC(AF83*'FCD PROJETO'!$S$19,2) -> 369.84
AA84: 8.11 | AB84: Instalação de cavalete Ø1½" | AC84: unidade | AD84: =AG84 -> 456.14 | AF84: 415.66 | AG84: =TRUNC(AF84*'FCD PROJETO'!$S$19,2) -> 456.14
AA85: 8.12 | AB85: Instalação de cavalete Ø2" | AC85: unidade | AD85: =AG85 -> 542.35 | AF85: 494.22 | AG85: =TRUNC(AF85*'FCD PROJETO'!$S$19,2) -> 542.35
... AA91: 8.18 | AB91: Mão de obra para concerto de hidrômetro, cavalete e caixa padrão | AC91: h | AD91: =AG91 -> 55.11 | AF91: 50.22 | AG91: =TRUNC(AF91*'FCD PROJETO'!$S$19,2) -> 55.11
AA92: 9 | AB92: Corte e reestabelecimento de fornecimento de água
AA93: 9.1 | AB93: Corte por inadimplência no cavalete ou caixa padrão | AC93: unidade | AD93: =AG93 -> 102.14 | AF93: 93.08 | AG93: =TRUNC(AF93*'FCD PROJETO'!$S$19,2) -> 102.14
AA94: 9.2 | AB94: Corte por inadimplência na calçada | AC94: unidade | AD94: =AG94 -> 454.47 | AF94: 414.14 | AG94: =TRUNC(AF94*'FCD PROJETO'!$S$19,2) -> 454.47
AA95: 9.3 | AB95: Corte por solicitação do usuário no cavalete ou caixa padrão sem retirada de hidrômetro | AC95: unidade | AD95: =AG95 -> 102.14 | AF95: 93.08 | AG95: =TRUNC(AF95*'FCD PROJETO'!$S$19,2) -> 102.14
AA96: 9.4 | AB96: Corte por solicitação do usuário no cavalete ou caixa padrão com retirada de hidrômetro | AC96: unidade | AD96: =AG96 -> 167.04 | AF96: 152.22 | AG96: =TRUNC(AF96*'FCD PROJETO'!$S$19,2) -> 167.04
AA97: 9.5 | AB97: Reestabelecimento de fornecimento no cavalete ou caixa padrão sem retirada de hidrômetro | AC97: unidade | AD97: =AG97 -> 102.14 | AF97: 93.08 | AG97: =TRUNC(AF97*'FCD PROJETO'!$S$19,2) -> 102.14
AA98: 9.6 | AB98: Reestabelecimento de fornecimento no cavalete ou caixa padrão com retirada de hidrômetro | AC98: unidade | AD98: =AG98 -> 405.98 | AF98: 369.95 | AG98: =TRUNC(AF98*'FCD PROJETO'!$S$19,2) -> 405.98
AA99: 9.7 | AB99: Reestabelecimento de fornecimento na calçada | AC99: unidade | AD99: =AG99 -> 454.47 | AF99: 414.14 | AG99: =TRUNC(AF99*'FCD PROJETO'!$S$19,2) -> 454.47
AA100: 10 | AB100: Desobstrução de esgoto e limpeza de fossa séptica
AA101: 10.1 | AB101: Desobstrução de ramal de esgoto com varão de aço (deslocamento até 15 km) | AC101: h | AD101: =AG101 -> 180.98 | AF101: 164.92 | AG101: =TRUNC(AF101*'FCD PROJETO'!$S$19,2) -> 180.98
AA102: 10.2 | AB102: Desobstrução de ramal de esgoto com caminhão hidro jato (deslocamento até 15 Km) | AC102: h | AD102: =AG102 -> 707.73 | AF102: 644.92 | AG102: =TRUNC(AF102*'FCD PROJETO'!$S$19,2) -> 707.73
AA103: 10.3 | AB103: Limpeza ou esgotamento de fossa até 6 m³ (deslocamento até 15 km) | AC103: unidade | AD103: =AG103 -> 543.08 | AF103: 494.88 | AG103: =TRUNC(AF103*'FCD PROJETO'!$S$19,2) -> 543.08
AA104: 10.4 | AB104: Km rodado adicional acima de 15 Km de caminhão de desobstrução de esgoto, caminhão hidro jato, caminhão auto vácuo ou caminhão limpa fossa. | AC104: R$/km | AD104: =AG104 -> 18.75 | AF104: 17.09 | AG104: =TRUNC(AF104*'FCD PROJETO'!$S$19,2) -> 18.75
AA106: TABELA 4 - TARIFAS DE SERVIÇOS TÉCNICOS E DE EXPEDIENTE
...

Sheet Dados ME
A1: Preenchimento | B1: Premissas Macroeconômicas | C1: -4 | D1: -3 | E1: -2 | F1: -1 | G1: 0 | H1: =G1+1 -> 1 | I1: =H1+1 -> 2 | J1: =I1+1 -> 3 | K1: =J1+1 -> 4 | L1: =K1+1 -> 5 | M1: =L1+1 -> 6 | N1: =M1+1 -> 7 | O1: =N1+1 -> 8 | ... AP1: =AO1+1 -> 35
A2: Fórmulas | C2: 2022 | D2: 2023 | E2: =D2+1 -> 2024 | F2: =E2+1 -> 2025 | G2: =F2+1 -> 2026 | H2: =G2+1 -> 2027 | I2: =H2+1 -> 2028 | J2: =I2+1 -> 2029 | K2: =J2+1 -> 2030 | L2: =K2+1 -> 2031 | ... AP2: =AO2+1 -> 2061
B3: TLP (anual) | C3: 0.0773 | D3: 7.969475 | E3: 7.969475 | F3: 6.1203104 | G3: 6.11978 | H3: 6.11978 | I3: 6.11978 | J3: 6.11978 | K3: 6.11978 | L3: 6.11978 | M3: 6.11978 | N3: 6.11978 | O3: 6.11978 | P3: 6.11978 | Q3: 6.11978 | R3: 6.11978 | S3: 6.11978 | T3: 6.11978 | U3: 6.11978 | V3: 6.11978 | W3: 6.11978 | X3: 6.11978 | Y3: 6.11978 | Z3: 6.11978 | AA3: 6.11978 | AB3: 6.11978 | AC3: 6.11978 | AD3: 6.11978 | AE3: 6.11978 | AF3: 6.11978 | AG3: 6.11978 | AH3: 6.11978 | AI3: 6.11978 | AJ3: 6.11978 | AK3: 6.11978 | AL3: 6.11978 | AM3: 6.11978 | AN3: 6.11978 | AO3: 6.11978 | AP3: 6.11978
B4: Spread sobre TLP (anual) | C4: 0.0425 | D4: 4.339 | E4: 4.339 | F4: 4.339 | G4: 4.339 | H4: 4.339 | I4: 4.339 | J4: 4.339 | K4: 4.339 | L4: 4.339 | M4: 4.339 | N4: 4.339 | O4: 4.339 | P4: 4.339 | Q4: 4.339 | R4: 4.339 | S4: 4.339 | T4: 4.339 | U4: 4.339 | V4: 4.339 | W4: 4.339 | X4: 4.339 | Y4: 4.339 | Z4: 4.339 | AA4: 4.339 | AB4: 4.339 | AC4: 4.339 | AD4: 4.339 | AE4: 4.339 | AF4: 4.339 | AG4: 4.339 | AH4: 4.339 | AI4: 4.339 | AJ4: 4.339 | AK4: 4.339 | AL4: 4.339 | AM4: 4.339 | AN4: 4.339 | AO4: 4.339 | AP4: 4.339
B5: Spread Financ. BNDES (anual) | C5: 0.025 | D5: 4.3095097 | E5: 4.3095097 | F5: 1.5824502 | G5: 2.050062 | H5: 2.050062 | I5: 2.050062 | J5: 2.050062 | K5: 2.050062 | L5: 2.050062 | M5: 2.050062 | N5: 2.050062 | O5: 2.050062 | P5: 2.050062 | Q5: 2.050062 | R5: 2.050062 | S5: 2.050062 | T5: 2.050062 | U5: 2.050062 | V5: 2.050062 | W5: 2.050062 | X5: 2.050062 | Y5: 2.050062 | Z5: 2.050062 | AA5: 2.050062 | AB5: 2.050062 | AC5: 2.050062 | AD5: 2.050062 | AE5: 2.050062 | AF5: 2.050062 | AG5: 2.050062 | AH5: 2.050062 | AI5: 2.050062 | AJ5: 2.050062 | AK5: 2.050062 | AL5: 2.050062 | AM5: 2.050062 | AN5: 2.050062 | AO5: 2.050062 | AP5: 2.050062
B6: IPCA (anual) | C6: 0.058 | D6: 0.0462 | E6: 0.0548 | F6: 0.038 | G6: 0.0375 | H6: 0.035 | I6: 0.035 | J6: 0.035 | K6: 0.035 | L6: 0.035 | M6: 0.035 | N6: 0.035 | O6: 0.035 | P6: 0.035 | Q6: 0.035 | R6: 0.035 | S6: 0.035 | T6: 0.035 | U6: 0.035 | V6: 0.035 | W6: 0.035 | X6: 0.035 | Y6: 0.035 | Z6: 0.035 | AA6: 0.035 | AB6: 0.035 | AC6: 0.035 | AD6: 0.035 | AE6: 0.035 | AF6: 0.035 | AG6: 0.035 | AH6: 0.035 | AI6: 0.035 | AJ6: 0.035 | AK6: 0.035 | AL6: 0.035 | AM6: 0.035 | AN6: 0.035 | AO6: 1.035 | AP6: 2.035
B7: IPCA (acum) | C7: =C6 -> 0.058 | D7: =D6 -> 0.0462 | E7: =E6 -> 0.0548 | F7: =(1+F6)*(1+E7)-1 -> 0.0948824 | G7: =(1+G6)*(1+F7)-1 -> 0.13594049 | H7: =(1+H6)*(1+G7)-1 -> 0.17569841 | I7: =(1+I6)*(1+H7)-1 -> 0.21684785 | J7: =(1+J6)*(1+I7)-1 -> 0.25943753 | K7: =(1+K6)*(1+J7)-1 -> 0.30351784 | L7: =(1+L6)*(1+K7)-1 -> 0.34914096 | M7: =(1+M6)*(1+L7)-1 -> 0.3963609 | ... AP7: =(1+AP6)*(1+AO7)-1 -> 20.83284
B8: SELIC (anual) | C8: 0.1375 | D8: 0.1304 | E8: 0.125 | F8: 0.09 | G8: 0.085 | H8: 0.085 | I8: 0.085 | J8: 0.085 | K8: 0.085 | L8: 0.085 | M8: 0.085 | N8: 0.085 | O8: 0.085 | P8: 0.085 | Q8: 0.085 | R8: 0.085 | S8: 0.085 | T8: 0.085 | U8: 0.085 | V8: 0.085 | W8: 0.085 | X8: 0.085 | Y8: 0.085 | Z8: 0.085 | AA8: 0.085 | AB8: 0.085 | AC8: 0.085 | AD8: 0.085 | AE8: 0.085 | AF8: 0.085 | AG8: 0.085 | AH8: 0.085 | AI8: 0.085 | AJ8: 0.085 | AK8: 0.085 | AL8: 0.085 | AM8: 0.085 | AN8: 0.085 | AO8: 1.085 | AP8: 2.085
B9: SELIC (sem IPCA) | C9: =(1+C8)/(1+C6)-1 -> 0.075141777 | D9: =(1+D8)/(1+D6)-1 -> 0.080481743 | E9: =(1+E8)/(1+E6)-1 -> 0.066552901 | F9: =(1+F8)/(1+F6)-1 -> 0.050096339 | G9: =(1+G8)/(1+G6)-1 -> 0.045783133 | H9: =(1+H8)/(1+H6)-1 -> 0.048309179 | I9: =(1+I8)/(1+I6)-1 -> 0.048309179 | J9: =(1+J8)/(1+J6)-1 -> 0.048309179 | ... AP9: =(1+AP8)/(1+AP6)-1 -> 0.016474465
B10: PIB - Brasil | C10: 0.029 | D10: 0.015 | E10: 0.015 | F10: 0.018 | G10: 0.02 | H10: 0.02 | I10: 0.02 | J10: 0.02 | K10: 0.02 | L10: 0.02 | M10: 0.02 | N10: 0.02 | O10: 0.02 | P10: 0.02 | Q10: 0.02 | R10: 0.02 | S10: 0.02 | T10: 0.02 | U10: 0.02 | V10: 0.02 | W10: 0.02 | X10: 0.02 | Y10: 0.02 | Z10: 0.02 | AA10: 0.02 | AB10: 0.02 | AC10: 0.02 | AD10: 0.02 | AE10: 0.02 | AF10: 0.02 | AG10: 0.02 | AH10: 0.02 | AI10: 0.02 | AJ10: 0.02 | AK10: 0.02 | AL10: 0.02 | AM10: 0.02 | AN10: 0.02 | AO10: 0.02 | AP10: 0.02
B11: Projeção Inflação - EUA (anual) | C11: 0.0235 | D11: 0.025085722 | E11: 0.025085722 | F11: 0.025085722 | G11: 0.025085722 | H11: 0.025085722 | I11: 0.025085722 | J11: 0.025085722 | K11: 0.025085722 | L11: 0.025085722 | M11: 0.025085722 | N11: 0.025085722 | O11: 0.025085722 | P11: 0.025085722 | Q11: 0.025085722 | R11: 0.025085722 | S11: 0.025085722 | T11: 0.025085722 | U11: 0.025085722 | V11: 0.025085722 | W11: 0.025085722 | X11: 0.025085722 | Y11: 0.025085722 | Z11: 0.025085722 | AA11: 0.025085722 | AB11: 0.025085722 | AC11: 0.025085722 | AD11: 0.025085722 | AE11: 0.025085722 | AF11: 0.025085722 | AG11: 0.025085722 | AH11: 0.025085722 | AI11: 0.025085722 | AJ11: 0.025085722 | AK11: 0.025085722 | AL11: 0.025085722 | AM11: 0.025085722 | AN11: 0.025085722 | AO11: 0.025085722 | AP11: 0.025085722
B12: Tx Retorno Livre Risco - EUA (anual) | C12: 0.03905 | D12: 0.0339 | E12: 0.033929601 | F12: 0.033929601 | G12: 0.033929601 | H12: 0.033929601 | I12: 0.033929601 | J12: 0.033929601 | K12: 0.033929601 | L12: 0.033929601 | M12: 0.033929601 | N12: 0.033929601 | O12: 0.033929601 | P12: 0.033929601 | Q12: 0.033929601 | R12: 0.033929601 | S12: 0.033929601 | T12: 0.033929601 | U12: 0.033929601 | V12: 0.033929601 | W12: 0.033929601 | X12: 0.033929601 | Y12: 0.033929601 | Z12: 0.033929601 | AA12: 0.033929601 | AB12: 0.033929601 | AC12: 0.033929601 | AD12: 0.033929601 | AE12: 0.033929601 | AF12: 0.033929601 | AG12: 0.033929601 | AH12: 0.033929601 | AI12: 0.033929601 | AJ12: 0.033929601 | AK12: 0.033929601 | AL12: 0.033929601 | AM12: 0.033929601 | AN12: 0.033929601 | AO12: 0.033929601 | AP12: 0.033929601
B13: Equity Risk Premium - Merc Acionário-EUA (anual) | C13: 0.0664 | D13: 0.0692 | E13: 0.069195521 | F13: 0.069195521 | G13: 0.069195521 | H13: 0.069195521 | I13: 0.069195521 | J13: 0.069195521 | K13: 0.069195521 | L13: 0.069195521 | M13: 0.069195521 | N13: 0.069195521 | O13: 0.069195521 | P13: 0.069195521 | Q13: 0.069195521 | R13: 0.069195521 | S13: 0.069195521 | T13: 0.069195521 | U13: 0.069195521 | V13: 0.069195521 | W13: 0.069195521 | X13: 0.069195521 | Y13: 0.069195521 | Z13: 0.069195521 | AA13: 0.069195521 | AB13: 0.069195521 | AC13: 0.069195521 | AD13: 0.069195521 | AE13: 0.069195521 | AF13: 0.069195521 | AG13: 0.069195521 | AH13: 0.069195521 | AI13: 0.069195521 | AJ13: 0.069195521 | AK13: 0.069195521 | AL13: 0.069195521 | AM13: 0.069195521 | AN13: 0.069195521 | AO13: 0.069195521 | AP13: 0.069195521
B14: Risco País - Brasil (anual) | C14: 0.0256 | D14: 0.0195 | E14: 0.030322134 | F14: 0.030322134 | G14: 0.030322134 | H14: 0.030322134 | I14: 0.030322134 | J14: 0.030322134 | K14: 0.030322134 | L14: 0.030322134 | M14: 0.030322134 | N14: 0.030322134 | O14: 0.030322134 | P14: 0.030322134 | Q14: 0.030322134 | R14: 0.030322134 | S14: 0.030322134 | T14: 0.030322134 | U14: 0.030322134 | V14: 0.030322134 | W14: 0.030322134 | X14: 0.030322134 | Y14: 0.030322134 | Z14: 0.030322134 | AA14: 0.030322134 | AB14: 0.030322134 | AC14: 0.030322134 | AD14: 0.030322134 | AE14: 0.030322134 | AF14: 0.030322134 | AG14: 0.030322134 | AH14: 0.030322134 | AI14: 0.030322134 | AJ14: 0.030322134 | AK14: 0.030322134 | AL14: 0.030322134 | AM14: 0.030322134 | AN14: 0.030322134 | AO14: 0.030322134 | AP14: 0.030322134

Sheet Histograma
A1: Preenchimento | B1: Matriz Tarifária Proposta | I1: Histograma de Consumo | O1: Volume Faturado por faixa de consumo | W1: Faturamento por faixa de Consumo
A2: Fórmulas | B2: Categoria | C2: Faixa de consumo | E2: Proporção Tarifária | F2: Tarifa Água | G2: Tarifa Esgoto | I2: Faixa de consumo | K2: Vol faturado | O2: Distribuição Água | S2: Distribuição Esgoto | W2: Fat Água | X2: Fat Esgoto | Y2: % FAT | Z2: % FAT CAT
A3: NÂO ALTERAR | C3: Inferior | D3: Superior | F3: (R$/m³) | G3: (R$/m³) | I3: Inferior | J3: Superior | K3: Água | L3: % | M3: Esgoto | N3: % | O3: % | P3: Economias | Q3: Ligações | R3: Vol Fat | S3: % | T3: Economias | U3: Ligações | V3: Vol Fat
C4: TBO | D4: TBO | E4: 0.76444215 | F4: =E4*$F$13 -> 2.6602587 | G4: =F4*$G$85 -> 2.6602587 | I4: =C4 -> TBO | J4: =D4 -> TBO | K4: 0 | L4: 0.031002887 | M4: =K4 -> 0 | N4: =L4 -> 0.031002887 | O4: 0.04 | P4: =ROUND(O4*$L$88,0) -> 997 | Q4: =ROUND(P4/$P$88,0) -> 753 | R4: =ROUND(K4*L4*$P$4,0) -> 0 | S4: =O4 -> 0.04 | T4: =ROUND(S4*$L$89,0) -> 997 | U4: =ROUND(T4/$P$89,0) -> 753 | V4: =ROUND(M4*N4*$T$4*(1-$S$89),0) -> 0 | W4: =P4*F4 -> 2652.2779 | X4: =T4*G4 -> 2652.2779 | Y4: =(W4+X4)/$W$86 -> 0.00098505642 | Z4: =SUM(Y4:Y11) -> 0.0075950024
B5: Residencial Social Área constr. 0 a 50 m² | C5: 0.01 | D5: 10 | E5: 0.4 | F5: =$F$13*E5 -> 1.392 | G5: =F5*$G$85 -> 1.392 | I5: =C5 -> 0.01 | J5: =D5 -> 10 | K5: 6.5788593 | L5: 0.60826283 | M5: =K5 -> 6.5788593 | N5: =L5 -> 0.60826283 | R5: =ROUND(K5*L5*$P$4*(1-$S$89),0) -> 3790 | V5: =ROUND(M5*N5*$T$4*(1-$S$89),0) -> 3790 | W5: =ROUND(L5*P4*K5*F5,2) -> 5553.62 | X5: =ROUND(N5*T4*M5*G5,2) -> 5553.62 | Y5: =(W5+X5)/$W$86 -> 0.0020626153
C6: 10.01 | D6: 15 | E6: 0.6 | F6: =$F$13*E6 -> 2.088 | G6: =F6*$G$85 -> 2.088 | I6: =C6 -> 10.01 | J6: =D6 -> 15 | K6: 12.531642 | L6: 0.20891766 | M6: =K6 -> 12.531642 | N6: =L6 -> 0.20891766 | R6: =ROUND(K6*L6*$P$4*(1-$S$89),0) -> 2480 | V6: =ROUND(M6*N6*$T$4*(1-$S$89),0) -> 2480 | W6: =ROUND(L6*P4*(J5*F5+(K6-J5)*F6),2) -> 4000.45 | X6: =ROUND(N6*T4*(J5*G5+(M6-J5)*G6),2) -> 4000.45 | Y6: =(W6+X6)/$W$86 -> 0.0014857677
C7: 15.01 | D7: 20 | E7: 0.8 | F7: =$F$13*E7 -> 2.784 | G7: =F7*$G$85 -> 2.784 | I7: =C7 -> 15.01 | J7: =D7 -> 20 | K7: 17.657049 | L7: 0.11120874 | M7: =K7 -> 17.657049 | N7: =L7 -> 0.11120874 | R7: =ROUND(K7*L7*$P$4*(1-$S$89),0) -> 1860 | V7: =ROUND(M7*N7*$T$4*(1-$S$89),0) -> 1860 | W7: =ROUND(L7*P4*(J5*F5+(J6-J5)*F6+(K7-J6)*F7),2) -> 3521.09 | X7: =ROUND(N7*T4*(J5*G5+(J6-J5)*G6+(M7-J6)*G7),2) -> 3521.09 | Y7: =(W7+X7)/$W$86 -> 0.0013077334
C8: 20.01 | D8: 30 | E8: 1 | F8: =$F$13*E8 -> 3.48 | G8: =F8*$G$85 -> 3.48 | I8: =C8 -> 20.01 | J8: =D8 -> 30 | K8: 23.847933 | L8: 0.056169198 | M8: =K8 -> 23.847933 | N8: =L8 -> 0.056169198 | R8: =ROUND(K8*L8*$P$4*(1-$S$89),0) -> 1269 | V8: =ROUND(M8*N8*$T$4*(1-$S$89),0) -> 1269 | W8: =ROUND(L8*P4*(J5*F5+(J6-J5)*F6+(J7-J6)*F7+(K8-J7)*F8),2) -> 2893.6 | X8: =ROUND(N8*T4*(J5*G5+(J6-J5)*G6+(J7-J6)*G7+(M8-J7)*G8),2) -> 2893.6 | Y8: =(W8+X8)/$W$86 -> 0.0010746835
C9: 30.01 | D9: 50 | E9: 1.2 | F9: =$F$13*E9 -> 4.176 | G9: =F9*$G$85 -> 4.176 | I9: =C9 -> 30.01 | J9: =D9 -> 50 | K9: 36.986239 | L9: 0.013681436 | M9: =K9 -> 36.986239 | N9: =L9 -> 0.013681436 | R9: =ROUND(K9*L9*$P$4*(1-$S$89),0) -> 479 | V9: =ROUND(M9*N9*$T$4*(1-$S$89),0) -> 479 | W9: =ROUND(L9*P4*(J5*F5+(J6-J5)*F6+(J7-J6)*F7+(J8-J7)*F8+(K9-J8)*F9),2) -> 1394.79 | X9: =ROUND(N9*T4*(10*G5+(J6-J5)*G6+(J7-J6)*G7+(J8-J7)*G8+(M9-J8)*G9),2) -> 1394.79 | Y9: =(W9+X9)/$W$86 -> 0.00051802522
C10: 50.01 | D10: 100 | E10: 1.4 | F10: =$F$13*E10 -> 4.872 | G10: =F10*$G$85 -> 4.872 | I10: =C10 -> 50.01 | J10: =D10 -> 100 | K10: 61.788462 | L10: 0.0016317309 | M10: =K10 -> 61.788462 | N10: =L10 -> 0.0016317309 | R10: =ROUND(K10*L10*$P$4*(1-$S$89),0) -> 95 | V10: =ROUND(M10*N10*$T$4*(1-$S$89),0) -> 95 | W10: =ROUND(L10*P4*(J5*F5+(J6-J5)*F6+(J7-J6)*F7+(J8-J7)*F8+(J9-J8)*F9+(K10-J9)*F10),2) -> 348.2 | X10: =ROUND(N10*T4*(J5*G5+(J6-J5)*G6+(J7-J6)*G7+(J8-J7)*G8+(J9-J8)*G9+(M10-J9)*G10),2) -> 348.2 | Y10: =(W10+X10)/$W$86 -> 0.00012932153
C11: > 100 | E11: 2.4 | F11: =$F$13*E11 -> 8.352 | G11: =F11*$G$85 -> 8.352 | I11: > 100 | K11: 134 | L11: 0.00012551776 | M11: =K11 -> 134 | N11: =L11 -> 0.00012551776 | R11: =ROUND(K11*L11*$P$4*(1-$S$89),0) -> 16 | V11: =ROUND(M11*N11*$T$4*(1-$S$89),0) -> 16 | W11: =ROUND(L11*P4*(J5*F5+(J6-J5)*F6+(J7-J6)*F7+(J8-J7)*F8+(J9-J8)*F9+(J10-J9)*F10+(K11-J10)*F11),2) -> 85.62 | X11: =ROUND(N11*T4*(J5*G5+(J6-J5)*G6+(J7-J6)*G7+(J8-J7)*G8+(J9-J8)*G9+(J10-J9)*G10+(M11-J10)*G11),2) -> 85.62 | Y11: =(W11+X11)/$W$86 -> 3.1799281e-05
C12: TBO | D12: TBO | E12: 4.18 | F12: =$F$13*E12 -> 14.5464 | G12: =F12*$G$85 -> 14.5464 | I12: =C12 -> TBO | J12: =D12 -> TBO | K12: 0 | L12: 0.031002887 | M12: =K12 -> 0 | N12: =L12 -> 0.031002887 | O12: 0 | P12: =ROUND(O12*$L$88,0) -> 0 | Q12: =ROUND(P12/$P$88,0) -> 0 | R12: =ROUND(K12*L12*$P$12,0) -> 0 | S12: =O12 -> 0 | T12: =ROUND(S12*$L$89,0) -> 0 | U12: =ROUND(T12/$P$89,0) -> 0 | V12: =ROUND(M12*N12*$T$12*(1-$S$89),0) -> 0 | W12: =P12*F12 -> 0 | X12: =T12*G12 -> 0 | Y12: =(W12+X12)/$W$86 -> 0 | Z12: =SUM(Y12:Y19) -> 0
B13: Residencial Padrão A - Área constr. 0 a 50 m² | C13: 0.01 | D13: 10 | E13: 1 | F13: ='FCD PROJETO'!K15 -> 3.48 | G13: =F13*$G$85 -> 3.48 | I13: =C13 -> 0.01 | J13: =D13 -> 10 | K13: 6.5788593 | L13: 0.60826283 | M13: =K13 -> 6.5788593 | N13: =L13 -> 0.60826283 | R13: =ROUND(K13*L13*$P$12*(1-$S$89),0) -> 0 | V13: =ROUND(M13*N13*$T$12*(1-$S$89),0) -> 0 | W13: =ROUND(L13*P12*K13*F13,2) -> 0 | X13: =ROUND(N13*T12*M13*G13,2) -> 0 | Y13: =(W13+X13)/$W$86 -> 0
C14: 10.01 | D14: 15 | E14: 1.4 | F14: =$F$13*E14 -> 4.872 | G14: =F14*$G$85 -> 4.872 | I14: =C14 -> 10.01 | J14: =D14 -> 15 | K14: 12.531642 | L14: 0.20891766 | M14: =K14 -> 12.531642 | N14: =L14 -> 0.20891766 | R14: =ROUND(K14*L14*$P$12*(1-$S$89),0) -> 0 | V14: =ROUND(M14*N14*$T$12*(1-$S$89),0) -> 0 | W14: =ROUND(L14*P12*(J13*F13+(K14-J13)*F14),2) -> 0 | X14: =ROUND(N14*T12*(J13*G13+(M14-J13)*G14),2) -> 0 | Y14: =(W14+X14)/$W$86 -> 0
C15: 15.01 | D15: 20 | E15: 1.8 | F15: =$F$13*E15 -> 6.264 | G15: =F15*$G$85 -> 6.264 | I15: =C15 -> 15.01 | J15: =D15 -> 20 | K15: 17.657049 | L15: 0.11120874 | M15: =K15 -> 17.657049 | N15: =L15 -> 0.11120874 | R15: =ROUND(K15*L15*$P$12*(1-$S$89),0) -> 0 | V15: =ROUND(M15*N15*$T$12*(1-$S$89),0) -> 0 | W15: =ROUND(L15*P12*(J13*F13+(J14-J13)*F14+(K15-J14)*F15),2) -> 0 | X15: =ROUND(N15*T12*(J13*G13+(J14-J13)*G14+(M15-J14)*G15),2) -> 0 | Y15: =(W15+X15)/$W$86 -> 0
C16: 20.01 | D16: 30 | E16: 2.2 | F16: =$F$13*E16 -> 7.656 | G16: =F16*$G$85 -> 7.656 | I16: =C16 -> 20.01 | J16: =D16 -> 30 | K16: 23.847933 | L16: 0.056169198 | M16: =K16 -> 23.847933 | N16: =L16 -> 0.056169198 | R16: =ROUND(K16*L16*$P$12*(1-$S$89),0) -> 0 | V16: =ROUND(M16*N16*$T$12*(1-$S$89),0) -> 0 | W16: =ROUND(L16*P12*(J13*F13+(J14-J13)*F14+(J15-J14)*F15+(K16-J15)*F16),2) -> 0 | X16: =ROUND(N16*T12*(J13*G13+(J14-J13)*G14+(J15-J14)*G15+(M16-J15)*G16),2) -> 0 | Y16: =(W16+X16)/$W$86 -> 0
C17: 30.01 | D17: 50 | E17: 2.8 | F17: =$F$13*E17 -> 9.744 | G17: =F17*$G$85 -> 9.744 | I17: =C17 -> 30.01 | J17: =D17 -> 50 | K17: 36.986239 | L17: 0.013681436 | M17: =K17 -> 36.986239 | N17: =L17 -> 0.013681436 | R17: =ROUND(K17*L17*$P$12*(1-$S$89),0) -> 0 | V17: =ROUND(M17*N17*$T$12*(1-$S$89),0) -> 0 | W17: =ROUND(L17*P12*(J13*F13+(J14-J13)*F14+(J15-J14)*F15+(J16-J15)*F16+(K17-J16)*F17),2) -> 0 | X17: =ROUND(N17*T12*(10*G13+(J14-J13)*G14+(J15-J14)*G15+(J16-J15)*G16+(M17-J16)*G17),2) -> 0 | Y17: =(W17+X17)/$W$86 -> 0
C18: 50.01 | D18: 100 | E18: 3.6 | F18: =$F$13*E18 -> 12.528 | G18: =F18*$G$85 -> 12.528 | I18: =C18 -> 50.01 | J18: =D18 -> 100 | K18: 61.788462 | L18: 0.0016317309 | M18: =K18 -> 61.788462 | N18: =L18 -> 0.0016317309 | R18: =ROUND(K18*L18*$P$12*(1-$S$89),0) -> 0 | V18: =ROUND(M18*N18*$T$12*(1-$S$89),0) -> 0 | W18: =ROUND(L18*P12*(J13*F13+(J14-J13)*F14+(J15-J14)*F15+(J16-J15)*F16+(J17-J16)*F17+(K18-J17)*F18),2) -> 0 | X18: =ROUND(N18*T12*(J13*G13+(J14-J13)*G14+(J15-J14)*G15+(J16-J15)*G16+(J17-J16)*G17+(M18-J17)*G18),2) -> 0 | Y18: =(W18+X18)/$W$86 -> 0
C19: > 100 | E19: 4.8 | F19: =$F$13*E19 -> 16.704 | G19: =F19*$G$85 -> 16.704 | I19: > 100 | K19: 134 | L19: 0.00012551776 | M19: =K19 -> 134 | N19: =L19 -> 0.00012551776 | R19: =ROUND(K19*L19*$P$12*(1-$S$89),0) -> 0 | V19: =ROUND(M19*N19*$T$12*(1-$S$89),0) -> 0 | W19: =ROUND(L19*P12*(J13*F13+(J14-J13)*F14+(J15-J14)*F15+(J16-J15)*F16+(J17-J16)*F17+(J18-J17)*F18+(K19-J18)*F19),2) -> 0 | X19: =ROUND(N19*T12*(J13*G13+(J14-J13)*G14+(J15-J14)*G15+(J16-J15)*G16+(J17-J16)*G17+(J18-J17)*G18+(M19-J18)*G19),2) -> 0 | Y19: =(W19+X19)/$W$86 -> 0
C20: TBO | D20: TBO | E20: 5 | F20: =$F$13*E20 -> 17.4 | G20: =F20*$G$85 -> 17.4 | I20: =C20 -> TBO | J20: =D20 -> TBO | K20: 0 | L20: 0.031002887 | M20: =K20 -> 0 | N20: =L20 -> 0.031002887 | O20: 0 | P20: =ROUND(O20*$L$88,0) -> 0 | Q20: =ROUND(P20/$P$88,0) -> 0 | R20: =ROUND(K20*L20*$P$20,0) -> 0 | S20: =O20 -> 0 | T20: =ROUND(S20*$L$89,0) -> 0 | U20: =ROUND(T20/$P$89,0) -> 0 | V20: =ROUND(M20*N20*$T$20*(1-$S$89),0) -> 0 | W20: =P20*F20 -> 0 | X20: =T20*G20 -> 0 | Y20: =(W20+X20)/$W$86 -> 0 | Z20: =SUM(Y20:Y27) -> 0
B21: Residencial Padrão B - Área constr 50,01 a 100 m² | C21: 0.01 | D21: 10 | E21: 1.21 | F21: =$F$13*E21 -> 4.2108 | G21: =F21*$G$85 -> 4.2108 | I21: =C21 -> 0.01 | J21: =D21 -> 10 | K21: 6.5788593 | L21: 0.60826283 | M21: =K21 -> 6.5788593 | N21: =L21 -> 0.60826283 | R21: =ROUND(K21*L21*$P$20*(1-$S$89),0) -> 0 | V21: =ROUND(M21*N21*$T$20*(1-$S$89),0) -> 0 | W21: =ROUND(L21*P20*K21*F21,2) -> 0 | X21: =ROUND(N21*T20*M21*G21,2) -> 0 | Y21: =(W21+X21)/$W$86 -> 0
C22: 10.01 | D22: 15 | E22: 1.694 | F22: =$F$13*E22 -> 5.89512 | G22: =F22*$G$85 -> 5.89512 | I22: =C22 -> 10.01 | J22: =D22 -> 15 | K22: 12.531642 | L22: 0.20891766 | M22: =K22 -> 12.531642 | N22: =L22 -> 0.20891766 | R22: =ROUND(K22*L22*$P$20*(1-$S$89),0) -> 0 | V22: =ROUND(M22*N22*$T$20*(1-$S$89),0) -> 0 | W22: =ROUND(L22*P20*(J21*F21+(K22-J21)*F22),2) -> 0 | X22: =ROUND(N22*T20*(J21*G21+(M22-J21)*G22),2) -> 0 | Y22: =(W22+X22)/$W$86 -> 0
C23: 15.01 | D23: 20 | E23: 2.178 | F23: =$F$13*E23 -> 7.57944 | G23: =F23*$G$85 -> 7.57944 | I23: =C23 -> 15.01 | J23: =D23 -> 20 | K23: 17.657049 | L23: 0.11120874 | M23: =K23 -> 17.657049 | N23: =L23 -> 0.11120874 | R23: =ROUND(K23*L23*$P$20*(1-$S$89),0) -> 0 | V23: =ROUND(M23*N23*$T$20*(1-$S$89),0) -> 0 | W23: =ROUND(L23*P20*(J21*F21+(J22-J21)*F22+(K23-J22)*F23),2) -> 0 | X23: =ROUND(N23*T20*(J21*G21+(J22-J21)*G22+(M23-J22)*G23),2) -> 0 | Y23: =(W23+X23)/$W$86 -> 0
C24: 20.01 | D24: 30 | E24: 2.662 | F24: =$F$13*E24 -> 9.26376 | G24: =F24*$G$85 -> 9.26376 | I24: =C24 -> 20.01 | J24: =D24 -> 30 | K24: 23.847933 | L24: 0.056169198 | M24: =K24 -> 23.847933 | N24: =L24 -> 0.056169198 | R24: =ROUND(K24*L24*$P$20*(1-$S$89),0) -> 0 | V24: =ROUND(M24*N24*$T$20*(1-$S$89),0) -> 0 | W24: =ROUND(L24*P20*(J21*F21+(J22-J21)*F22+(J23-J22)*F23+(K24-J23)*F24),2) -> 0 | X24: =ROUND(N24*T20*(J21*G21+(J22-J21)*G22+(J23-J22)*G23+(M24-J23)*G24),2) -> 0 | Y24: =(W24+X24)/$W$86 -> 0
C25: 30.01 | D25: 50 | E25: 3.388 | F25: =$F$13*E25 -> 11.79024 | G25: =F25*$G$85 -> 11.79024 | I25: =C25 -> 30.01 | J25: =D25 -> 50 | K25: 36.986239 | L25: 0.013681436 | M25: =K25 -> 36.986239 | N25: =L25 -> 0.013681436 | R25: =ROUND(K25*L25*$P$20*(1-$S$89),0) -> 0 | V25: =ROUND(M25*N25*$T$20*(1-$S$89),0) -> 0 | W25: =ROUND(L25*P20*(J21*F21+(J22-J21)*F22+(J23-J22)*F23+(J24-J23)*F24+(K25-J24)*F25),2) -> 0 | X25: =ROUND(N25*T20*(10*G21+(J22-J21)*G22+(J23-J22)*G23+(J24-J23)*G24+(M25-J24)*G25),2) -> 0 | Y25: =(W25+X25)/$W$86 -> 0
C26: 50.01 | D26: 100 | E26: 4.356 | F26: =$F$13*E26 -> 15.15888 | G26: =F26*$G$85 -> 15.15888 | I26: =C26 -> 50.01 | J26: =D26 -> 100 | K26: 61.788462 | L26: 0.0016317309 | M26: =K26 -> 61.788462 | N26: =L26 -> 0.0016317309 | R26: =ROUND(K26*L26*$P$20*(1-$S$89),0) -> 0 | V26: =ROUND(M26*N26*$T$20*(1-$S$89),0) -> 0 | W26: =ROUND(L26*P20*(J21*F21+(J22-J21)*F22+(J23-J22)*F23+(J24-J23)*F24+(J25-J24)*F25+(K26-J25)*F26),2) -> 0 | X26: =ROUND(N26*T20*(J21*G21+(J22-J21)*G22+(J23-J22)*G23+(J24-J23)*G24+(J25-J24)*G25+(M26-J25)*G26),2) -> 0 | Y26: =(W26+X26)/$W$86 -> 0
C27: > 100 | E27: 5.808 | F27: =$F$13*E27 -> 20.21184 | G27: =F27*$G$85 -> 20.21184 | I27: > 100 | K27: 134 | L27: 0.00012551776 | M27: =K27 -> 134 | N27: =L27 -> 0.00012551776 | R27: =ROUND(K27*L27*$P$20*(1-$S$89),0) -> 0 | V27: =ROUND(M27*N27*$T$20*(1-$S$89),0) -> 0 | W27: =ROUND(L27*P20*(J21*F21+(J22-J21)*F22+(J23-J22)*F23+(J24-J23)*F24+(J25-J24)*F25+(J26-J25)*F26+(K27-J26)*F27),2) -> 0 | X27: =ROUND(N27*T20*(J21*G21+(J22-J21)*G22+(J23-J22)*G23+(J24-J23)*G24+(J25-J24)*G25+(J26-J25)*G26+(M27-J26)*G27),2) -> 0 | Y27: =(W27+X27)/$W$86 -> 0
C28: TBO | D28: TBO | E28: 5 | F28: =$F$13*E28 -> 17.4 | G28: =F28*$G$85 -> 17.4 | I28: =C28 -> TBO | J28: =D28 -> TBO | K28: 0 | L28: 0.031002887 | M28: =K28 -> 0 | N28: =L28 -> 0.031002887 | O28: 0.8653 | P28: =ROUND(O28*$L$88,0) -> 21561 | Q28: =ROUND(P28/$P$88,0) -> 16279 | R28: =ROUND(K28*L28*$P$28,0) -> 0 | S28: =O28 -> 0.8653 | T28: =ROUND(S28*$L$89,0) -> 21561 | U28: =ROUND(T28/$P$89,0) -> 16279 | V28: =ROUND(M28*N28*$T$28*(1-$S$89),0) -> 0 | W28: =P28*F28 -> 375161.4 | X28: =T28*G28 -> 375161.4 | Y28: =(W28+X28)/$W$86 -> 0.139335 | Z28: =SUM(Y28:Y35) -> 0.65803561
B29: Residencial Padrão | C29: 0.01 | D29: 10 | E29: 1.36 | F29: =$F$13*E29 -> 4.7328 | G29: =F29*$G$85 -> 4.7328 | I29: =C29 -> 0.01 | J29: =D29 -> 10 | K29: 6.5788593 | L29: 0.38826283 | M29: =K29 -> 6.5788593 | N29: =L29 -> 0.38826283 | R29: =ROUND(K29*L29*$P$28*(1-$S$89),0) -> 52320 | V29: =ROUND(M29*N29*$T$28*(1-$S$89),0) -> 52320 | W29: =ROUND(L29*P28*K29*F29,2) -> 260653.45 | X29: =ROUND(N29*T28*M29*G29,2) -> 260653.45 | Y29: =(W29+X29)/$W$86 -> 0.096806731
C30: 10.01 | D30: 15 | E30: 1.904 | F30: =$F$13*E30 -> 6.62592 | G30: =F30*$G$85 -> 6.62592 | I30: =C30 -> 10.01 | J30: =D30 -> 15 | K30: 12.531642 | L30: 0.37791766 | M30: =K30 -> 12.531642 | N30: =L30 -> 0.37791766 | R30: =ROUND(K30*L30*$P$28*(1-$S$89),0) -> 97006 | V30: =ROUND(M30*N30*$T$28*(1-$S$89),0) -> 97006 | W30: =ROUND(L30*P28*(J29*F29+(K30-J29)*F30),2) -> 522324.95 | X30: =ROUND(N30*T28*(J29*G29+(M30-J29)*G30),2) -> 522324.95 | Y30: =(W30+X30)/$W$86 -> 0.19399157
C31: 15.01 | D31: 20 | E31: 2.448 | F31: =$F$13*E31 -> 8.51904 | G31: =F31*$G$85 -> 8.51904 | I31: =C31 -> 15.01 | J31: =D31 -> 20 | K31: 17.657049 | L31: 0.13120874 | M31: =K31 -> 17.657049 | N31: =L31 -> 0.13120874 | R31: =ROUND(K31*L31*$P$28*(1-$S$89),0) -> 47454 | V31: =ROUND(M31*N31*$T$28*(1-$S$89),0) -> 47454 | W31: =ROUND(L31*P28*(J29*F29+(J30-J29)*F30+(K31-J30)*F31),2) -> 291649.52 | X31: =ROUND(N31*T28*(J29*G29+(J30-J29)*G30+(M31-J30)*G31),2) -> 291649.52 | Y31: =(W31+X31)/$W$86 -> 0.10831868
C32: 20.01 | D32: 30 | E32: 2.992 | F32: =$F$13*E32 -> 10.41216 | G32: =F32*$G$85 -> 10.41216 | I32: =C32 -> 20.01 | J32: =D32 -> 30 | K32: 23.847933 | L32: 0.056169198 | M32: =K32 -> 23.847933 | N32: =L32 -> 0.056169198 | R32: =ROUND(K32*L32*$P$28*(1-$S$89),0) -> 27437 | V32: =ROUND(M32*N32*$T$28*(1-$S$89),0) -> 27437 | W32: =ROUND(L32*P28*(J29*F29+(J30-J29)*F30+(J31-J30)*F31+(K32-J31)*F32),2) -> 197546.46 | X32: =ROUND(N32*T28*(J29*G29+(J30-J29)*G30+(J31-J30)*G31+(M32-J31)*G32),2) -> 197546.46 | Y32: =(W32+X32)/$W$86 -> 0.073368785
C33: 30.01 | D33: 50 | E33: 3.808 | F33: =$F$13*E33 -> 13.25184 | G33: =F33*$G$85 -> 13.25184 | I33: =C33 -> 30.01 | J33: =D33 -> 50 | K33: 36.986239 | L33: 0.013681436 | M33: =K33 -> 36.986239 | N33: =L33 -> 0.013681436 | R33: =ROUND(K33*L33*$P$28*(1-$S$89),0) -> 10365 | V33: =ROUND(M33*N33*$T$28*(1-$S$89),0) -> 10365 | W33: =ROUND(L33*P28*(J29*F29+(J30-J29)*F30+(J31-J30)*F31+(J32-J31)*F32+(K33-J32)*F33),2) -> 94323.04 | X33: =ROUND(N33*T28*(10*G29+(J30-J29)*G30+(J31-J30)*G31+(J32-J31)*G32+(M33-J32)*G33),2) -> 94323.04 | Y33: =(W33+X33)/$W$86 -> 0.035031591
C34: 50.01 | D34: 100 | E34: 4.896 | F34: =$F$13*E34 -> 17.03808 | G34: =F34*$G$85 -> 17.03808 | I34: =C34 -> 50.01 | J34: =D34 -> 100 | K34: 61.788462 | L34: 0.0016317309 | M34: =K34 -> 61.788462 | N34: =L34 -> 0.0016317309 | R34: =ROUND(K34*L34*$P$28*(1-$S$89),0) -> 2065 | V34: =ROUND(M34*N34*$T$28*(1-$S$89),0) -> 2065 | W34: =ROUND(L34*P28*(J29*F29+(J30-J29)*F30+(J31-J30)*F31+(J32-J31)*F32+(J33-J32)*F33+(K34-J33)*F34),2) -> 24383.2 | X34: =ROUND(N34*T28*(J29*G29+(J30-J29)*G30+(J31-J30)*G31+(J32-J31)*G32+(J33-J32)*G33+(M34-J33)*G34),2) -> 24383.2 | Y34: =(W34+X34)/$W$86 -> 0.0090559242
C35: > 100 | E35: 6.528 | F35: =$F$13*E35 -> 22.71744 | G35: =F35*$G$85 -> 22.71744 | I35: > 100 | K35: 134 | L35: 0.00012551776 | M35: =K35 -> 134 | N35: =L35 -> 0.00012551776 | R35: =ROUND(K35*L35*$P$28*(1-$S$89),0) -> 345 | V35: =ROUND(M35*N35*$T$28*(1-$S$89),0) -> 345 | W35: =ROUND(L35*P28*(J29*F29+(J30-J29)*F30+(J31-J30)*F31+(J32-J31)*F32+(J33-J32)*F33+(J34-J33)*F34+(K35-J34)*F35),2) -> 5727.88 | X35: =ROUND(N35*T28*(J29*G29+(J30-J29)*G30+(J31-J30)*G31+(J32-J31)*G32+(J33-J32)*G33+(J34-J33)*G34+(M35-J34)*G35),2) -> 5727.88 | Y35: =(W35+X35)/$W$86 -> 0.0021273355
C36: TBO | D36: TBO | E36: 7 | F36: =$F$13*E36 -> 24.36 | G36: =F36*$G$85 -> 24.36 | I36: =C36 -> TBO | J36: =D36 -> TBO | K36: 0 | L36: 0.031002887 | M36: =K36 -> 0 | N36: =L36 -> 0.031002887 | O36: 0 | P36: =ROUND(O36*$L$88,0) -> 0 | Q36: =ROUND(P36/$P$88,0) -> 0 | R36: =ROUND(K36*L36*$P$36,0) -> 0 | S36: =O36 -> 0 | T36: =ROUND(S36*$L$89,0) -> 0 | U36: =ROUND(T36/$P$89,0) -> 0 | V36: =ROUND(M36*N36*$T$36*(1-$S$89),0) -> 0 | W36: =P36*F36 -> 0 | X36: =T36*G36 -> 0 | Y36: =(W36+X36)/$W$86 -> 0 | Z36: =SUM(Y36:Y43) -> 0
B37: Residencial Padrão D - Área constr 150,01 a 200 m² | C37: 0.01 | D37: 10 | E37: 1.9392 | F37: =$F$13*E37 -> 6.748416 | G37: =F37*$G$85 -> 6.748416 | I37: =C37 -> 0.01 | J37: =D37 -> 10 | K37: 6.5788593 | L37: 0.36826283 | M37: =K37 -> 6.5788593 | N37: =L37 -> 0.36826283 | R37: =ROUND(K37*L37*$P$36*(1-$S$89),0) -> 0 | V37: =ROUND(M37*N37*$T$36*(1-$S$89),0) -> 0 | W37: =ROUND(L37*P36*K37*F37,2) -> 0 | X37: =ROUND(N37*T36*M37*G37,2) -> 0 | Y37: =(W37+X37)/$W$86 -> 0
C38: 10.01 | D38: 15 | E38: 2.71488 | F38: =$F$13*E38 -> 9.4477824 | G38: =F38*$G$85 -> 9.4477824 | I38: =C38 -> 10.01 | J38: =D38 -> 15 | K38: 12.531642 | L38: 0.37791766 | M38: =K38 -> 12.531642 | N38: =L38 -> 0.37791766 | R38: =ROUND(K38*L38*$P$36*(1-$S$89),0) -> 0 | V38: =ROUND(M38*N38*$T$36*(1-$S$89),0) -> 0 | W38: =ROUND(L38*P36*(J37*F37+(K38-J37)*F38),2) -> 0 | X38: =ROUND(N38*T36*(J37*G37+(M38-J37)*G38),2) -> 0 | Y38: =(W38+X38)/$W$86 -> 0
C39: 15.01 | D39: 20 | E39: 3.49056 | F39: =$F$13*E39 -> 12.147149 | G39: =F39*$G$85 -> 12.147149 | I39: =C39 -> 15.01 | J39: =D39 -> 20 | K39: 17.657049 | L39: 0.13120874 | M39: =K39 -> 17.657049 | N39: =L39 -> 0.13120874 | R39: =ROUND(K39*L39*$P$36*(1-$S$89),0) -> 0 | V39: =ROUND(M39*N39*$T$36*(1-$S$89),0) -> 0 | W39: =ROUND(L39*P36*(J37*F37+(J38-J37)*F38+(K39-J38)*F39),2) -> 0 | X39: =ROUND(N39*T36*(J37*G37+(J38-J37)*G38+(M39-J38)*G39),2) -> 0 | Y39: =(W39+X39)/$W$86 -> 0
C40: 20.01 | D40: 30 | E40: 4.26624 | F40: =$F$13*E40 -> 14.846515 | G40: =F40*$G$85 -> 14.846515 | I40: =C40 -> 20.01 | J40: =D40 -> 30 | K40: 23.847933 | L40: 0.066169198 | M40: =K40 -> 23.847933 | N40: =L40 -> 0.066169198 | R40: =ROUND(K40*L40*$P$36*(1-$S$89),0) -> 0 | V40: =ROUND(M40*N40*$T$36*(1-$S$89),0) -> 0 | W40: =ROUND(L40*P36*(J37*F37+(J38-J37)*F38+(J39-J38)*F39+(K40-J39)*F40),2) -> 0 | X40: =ROUND(N40*T36*(J37*G37+(J38-J37)*G38+(J39-J38)*G39+(M40-J39)*G40),2) -> 0 | Y40: =(W40+X40)/$W$86 -> 0
C41: 30.01 | D41: 50 | E41: 5.42976 | F41: =$F$13*E41 -> 18.895565 | G41: =F41*$G$85 -> 18.895565 | I41: =C41 -> 30.01 | J41: =D41 -> 50 | K41: 36.986239 | L41: 0.023681436 | M41: =K41 -> 36.986239 | N41: =L41 -> 0.023681436 | R41: =ROUND(K41*L41*$P$36*(1-$S$89),0) -> 0 | V41: =ROUND(M41*N41*$T$36*(1-$S$89),0) -> 0 | W41: =ROUND(L41*P36*(J37*F37+(J38-J37)*F38+(J39-J38)*F39+(J40-J39)*F40+(K41-J40)*F41),2) -> 0 | X41: =ROUND(N41*T36*(10*G37+(J38-J37)*G38+(J39-J38)*G39+(J40-J39)*G40+(M41-J40)*G41),2) -> 0 | Y41: =(W41+X41)/$W$86 -> 0
C42: 50.01 | D42: 100 | E42: 6.98112 | F42: =$F$13*E42 -> 24.294298 | G42: =F42*$G$85 -> 24.294298 | I42: =C42 -> 50.01 | J42: =D42 -> 100 | K42: 61.788462 | L42: 0.0016317309 | M42: =K42 -> 61.788462 | N42: =L42 -> 0.0016317309 | R42: =ROUND(K42*L42*$P$36*(1-$S$89),0) -> 0 | V42: =ROUND(M42*N42*$T$36*(1-$S$89),0) -> 0 | W42: =ROUND(L42*P36*(J37*F37+(J38-J37)*F38+(J39-J38)*F39+(J40-J39)*F40+(J41-J40)*F41+(K42-J41)*F42),2) -> 0 | X42: =ROUND(N42*T36*(J37*G37+(J38-J37)*G38+(J39-J38)*G39+(J40-J39)*G40+(J41-J40)*G41+(M42-J41)*G42),2) -> 0 | Y42: =(W42+X42)/$W$86 -> 0
C43: > 100 | E43: 9.30816 | F43: =$F$13*E43 -> 32.392397 | G43: =F43*$G$85 -> 32.392397 | I43: > 100 | K43: 134 | L43: 0.00012551776 | M43: =K43 -> 134 | N43: =L43 -> 0.00012551776 | R43: =ROUND(K43*L43*$P$36*(1-$S$89),0) -> 0 | V43: =ROUND(M43*N43*$T$36*(1-$S$89),0) -> 0 | W43: =ROUND(L43*P36*(J37*F37+(J38-J37)*F38+(J39-J38)*F39+(J40-J39)*F40+(J41-J40)*F41+(J42-J41)*F42+(K43-J42)*F43),2) -> 0 | X43: =ROUND(N43*T36*(J37*G37+(J38-J37)*G38+(J39-J38)*G39+(J40-J39)*G40+(J41-J40)*G41+(J42-J41)*G42+(M43-J42)*G43),2) -> 0 | Y43: =(W43+X43)/$W$86 -> 0
C44: TBO | D44: TBO | E44: 7 | F44: =$F$13*E44 -> 24.36 | G44: =F44*$G$85 -> 24.36 | I44: =C44 -> TBO | J44: =D44 -> TBO | K44: 0 | L44: 0.031002887 | M44: =K44 -> 0 | N44: =L44 -> 0.031002887 | O44: 0 | P44: =ROUND(O44*$L$88,0) -> 0 | Q44: =ROUND(P44/$P$88,0) -> 0 | R44: =ROUND(K44*L44*$P$44,0) -> 0 | S44: =O44 -> 0 | T44: =ROUND(S44*$L$89,0) -> 0 | U44: =ROUND(T44/$P$89,0) -> 0 | V44: =ROUND(M44*N44*$T$44*(1-$S$89),0) -> 0 | W44: =P44*F44 -> 0 | X44: =T44*G44 -> 0 | Y44: =(W44+X44)/$W$86 -> 0 | Z44: =SUM(Y44:Y51) -> 0
B45: Residencial Padrão E - Área constr. acima de 200,01 m² | C45: 0.01 | D45: 10 | E45: 2.4 | F45: =$F$13*E45 -> 8.352 | G45: =F45*$G$85 -> 8.352 | I45: =C45 -> 0.01 | J45: =D45 -> 10 | K45: 6.5788593 | L45: 0.30826283 | M45: =K45 -> 6.5788593 | N45: =L45 -> 0.30826283 | R45: =ROUND(K45*L45*$P$44*(1-$S$89),0) -> 0 | V45: =ROUND(M45*N45*$T$44*(1-$S$89),0) -> 0 | W45: =ROUND(L45*P44*K45*F45,2) -> 0 | X45: =ROUND(N45*T44*M45*G45,2) -> 0 | Y45: =(W45+X45)/$W$86 -> 0
C46: 10.01 | D46: 15 | E46: 3.36 | F46: =$F$13*E46 -> 11.6928 | G46: =F46*$G$85 -> 11.6928 | I46: =C46 -> 10.01 | J46: =D46 -> 15 | K46: 12.531642 | L46: 0.32791766 | M46: =K46 -> 12.531642 | N46: =L46 -> 0.32791766 | R46: =ROUND(K46*L46*$P$44*(1-$S$89),0) -> 0 | V46: =ROUND(M46*N46*$T$44*(1-$S$89),0) -> 0 | W46: =ROUND(L46*P44*(J45*F45+(K46-J45)*F46),2) -> 0 | X46: =ROUND(N46*T44*(J45*G45+(M46-J45)*G46),2) -> 0 | Y46: =(W46+X46)/$W$86 -> 0
C47: 15.01 | D47: 20 | E47: 4.32 | F47: =$F$13*E47 -> 15.0336 | G47: =F47*$G$85 -> 15.0336 | I47: =C47 -> 15.01 | J47: =D47 -> 20 | K47: 17.657049 | L47: 0.15120874 | M47: =K47 -> 17.657049 | N47: =L47 -> 0.15120874 | R47: =ROUND(K47*L47*$P$44*(1-$S$89),0) -> 0 | V47: =ROUND(M47*N47*$T$44*(1-$S$89),0) -> 0 | W47: =ROUND(L47*P44*(J45*F45+(J46-J45)*F46+(K47-J46)*F47),2) -> 0 | X47: =ROUND(N47*T44*(J45*G45+(J46-J45)*G46+(M47-J46)*G47),2) -> 0 | Y47: =(W47+X47)/$W$86 -> 0
C48: 20.01 | D48: 30 | E48: 5.28 | F48: =$F$13*E48 -> 18.3744 | G48: =F48*$G$85 -> 18.3744 | I48: =C48 -> 20.01 | J48: =D48 -> 30 | K48: 23.847933 | L48: 0.086169198 | M48: =K48 -> 23.847933 | N48: =L48 -> 0.086169198 | R48: =ROUND(K48*L48*$P$44*(1-$S$89),0) -> 0 | V48: =ROUND(M48*N48*$T$44*(1-$S$89),0) -> 0 | W48: =ROUND(L48*P44*(J45*F45+(J46-J45)*F46+(J47-J46)*F47+(K48-J47)*F48),2) -> 0 | X48: =ROUND(N48*T44*(J45*G45+(J46-J45)*G46+(J47-J46)*G47+(M48-J47)*G48),2) -> 0 | Y48: =(W48+X48)/$W$86 -> 0
C49: 30.01 | D49: 50 | E49: 6.72 | F49: =$F$13*E49 -> 23.3856 | G49: =F49*$G$85 -> 23.3856 | I49: =C49 -> 30.01 | J49: =D49 -> 50 | K49: 36.986239 | L49: 0.063681436 | M49: =K49 -> 36.986239 | N49: =L49 -> 0.063681436 | R49: =ROUND(K49*L49*$P$44*(1-$S$89),0) -> 0 | V49: =ROUND(M49*N49*$T$44*(1-$S$89),0) -> 0 | W49: =ROUND(L49*P44*(J45*F45+(J46-J45)*F46+(J47-J46)*F47+(J48-J47)*F48+(K49-J48)*F49),2) -> 0 | X49: =ROUND(N49*T44*(10*G45+(J46-J45)*G46+(J47-J46)*G47+(J48-J47)*G48+(M49-J48)*G49),2) -> 0 | Y49: =(W49+X49)/$W$86 -> 0
C50: 50.01 | D50: 100 | E50: 8.64 | F50: =$F$13*E50 -> 30.0672 | G50: =F50*$G$85 -> 30.0672 | I50: =C50 -> 50.01 | J50: =D50 -> 100 | K50: 61.788462 | L50: 0.031631731 | M50: =K50 -> 61.788462 | N50: =L50 -> 0.031631731 | R50: =ROUND(K50*L50*$P$44*(1-$S$89),0) -> 0 | V50: =ROUND(M50*N50*$T$44*(1-$S$89),0) -> 0 | W50: =ROUND(L50*P44*(J45*F45+(J46-J45)*F46+(J47-J46)*F47+(J48-J47)*F48+(J49-J48)*F49+(K50-J49)*F50),2) -> 0 | X50: =ROUND(N50*T44*(J45*G45+(J46-J45)*G46+(J47-J46)*G47+(J48-J47)*G48+(J49-J48)*G49+(M50-J49)*G50),2) -> 0 | Y50: =(W50+X50)/$W$86 -> 0
C51: > 100 | E51: 11.52 | F51: =$F$13*E51 -> 40.0896 | G51: =F51*$G$85 -> 40.0896 | I51: > 100 | K51: 134 | L51: 0.00012551776 | M51: =K51 -> 134 | N51: =L51 -> 0.00012551776 | R51: =ROUND(K51*L51*$P$44*(1-$S$89),0) -> 0 | V51: =ROUND(M51*N51*$T$44*(1-$S$89),0) -> 0 | W51: =ROUND(L51*P44*(J45*F45+(J46-J45)*F46+(J47-J46)*F47+(J48-J47)*F48+(J49-J48)*F49+(J50-J49)*F50+(K51-J50)*F51),2) -> 0 | X51: =ROUND(N51*T44*(J45*G45+(J46-J45)*G46+(J47-J46)*G47+(J48-J47)*G48+(J49-J48)*G49+(J50-J49)*G50+(M51-J50)*G51),2) -> 0 | Y51: =(W51+X51)/$W$86 -> 0
C52: TBO | D52: TBO | E52: 8 | F52: =$F$13*E52 -> 27.84 | G52: =F52*$G$85 -> 27.84 | I52: =C52 -> TBO | J52: =D52 -> TBO | K52: 0 | L52: 0.081189711 | M52: =K52 -> 0 | N52: =L52 -> 0.081189711 | O52: 0.0707 | P52: =ROUND(O52*$L$88,0) -> 1762 | Q52: =ROUND(P52/$P$88,0) -> 1330 | R52: =ROUND(K52*L52*$P$52,0) -> 0 | S52: =O52 -> 0.0707 | T52: =ROUND(S52*$L$89,0) -> 1762 | U52: =ROUND(T52/$P$89,0) -> 1330 | V52: =ROUND(M52*N52*$T$52*(1-$S$89),0) -> 0 | W52: =P52*F52 -> 49054.08 | X52: =T52*G52 -> 49054.08 | Y52: =(W52+X52)/$W$86 -> 0.018218693 | Z52: =SUM(Y52:Y59) -> 0.13461242
B53: Comercial | C53: 0.01 | D53: 10 | E53: 2.4 | F53: =$F$13*E53 -> 8.352 | G53: =F53*$G$85 -> 8.352 | I53: =C53 -> 0.01 | J53: =D53 -> 10 | K53: 4.6943864 | L53: 0.61575563 | M53: =K53 -> 4.6943864 | N53: =L53 -> 0.61575563 | R53: =ROUND(K53*L53*$P$52*(1-$S$89),0) -> 4839 | V53: =ROUND(M53*N53*$T$52*(1-$S$89),0) -> 4839 | W53: =ROUND(L53*P52*K53*F53,2) -> 42538.64 | X53: =ROUND(N53*T52*M53*G53,2) -> 42538.64 | Y53: =(W53+X53)/$W$86 -> 0.015798857
C54: 10.01 | D54: 15 | E54: 3.36 | F54: =$F$13*E54 -> 11.6928 | G54: =F54*$G$85 -> 11.6928 | I54: =C54 -> 10.01 | J54: =D54 -> 15 | K54: 12.5612 | L54: 0.12057878 | M54: =K54 -> 12.5612 | N54: =L54 -> 0.12057878 | R54: =ROUND(K54*L54*$P$52*(1-$S$89),0) -> 2535 | V54: =ROUND(M54*N54*$T$52*(1-$S$89),0) -> 2535 | W54: =ROUND(L54*P52*(J53*F53+(K54-J53)*F54),2) -> 24107.3 | X54: =ROUND(N54*T52*(J53*G53+(M54-J53)*G54),2) -> 24107.3 | Y54: =(W54+X54)/$W$86 -> 0.0089534549
C55: 15.01 | D55: 20 | E55: 4.32 | F55: =$F$13*E55 -> 15.0336 | G55: =F55*$G$85 -> 15.0336 | I55: =C55 -> 15.01 | J55: =D55 -> 20 | K55: 17.648308 | L55: 0.052250804 | M55: =K55 -> 17.648308 | N55: =L55 -> 0.052250804 | R55: =ROUND(K55*L55*$P$52*(1-$S$89),0) -> 1544 | V55: =ROUND(M55*N55*$T$52*(1-$S$89),0) -> 1544 | W55: =ROUND(L55*P52*(J53*F53+(J54-J53)*F54+(K55-J54)*F55),2) -> 16737.36 | X55: =ROUND(N55*T52*(J53*G53+(J54-J53)*G54+(M55-J54)*G55),2) -> 16737.36 | Y55: =(W55+X55)/$W$86 -> 0.0062162581
C56: 20.01 | D56: 30 | E56: 5.28 | F56: =$F$13*E56 -> 18.3744 | G56: =F56*$G$85 -> 18.3744 | I56: =C56 -> 20.01 | J56: =D56 -> 30 | K56: 24.551125 | L56: 0.064308682 | M56: =K56 -> 24.551125 | N56: =L56 -> 0.064308682 | R56: =ROUND(K56*L56*$P$52*(1-$S$89),0) -> 2643 | V56: =ROUND(M56*N56*$T$52*(1-$S$89),0) -> 2643 | W56: =ROUND(L56*P52*(J53*F53+(J54-J53)*F54+(J55-J54)*F55+(K56-J55)*F56),2) -> 34081.52 | X56: =ROUND(N56*T52*(J53*G53+(J54-J53)*G54+(J55-J54)*G55+(M56-J55)*G56),2) -> 34081.52 | Y56: =(W56+X56)/$W$86 -> 0.012657882
C57: 30.01 | D57: 50 | E57: 6.72 | F57: =$F$13*E57 -> 23.3856 | G57: =F57*$G$85 -> 23.3856 | I57: =C57 -> 30.01 | J57: =D57 -> 50 | K57: 39.136364 | L57: 0.035369775 | M57: =K57 -> 39.136364 | N57: =L57 -> 0.035369775 | R57: =ROUND(K57*L57*$P$52*(1-$S$89),0) -> 2317 | V57: =ROUND(M57*N57*$T$52*(1-$S$89),0) -> 2317 | W57: =ROUND(L57*P52*(J53*F53+(J54-J53)*F54+(J55-J54)*F55+(J56-J55)*F56+(K57-J56)*F57),2) -> 38300.04 | X57: =ROUND(N57*T52*(10*G53+(J54-J53)*G54+(J55-J54)*G55+(J56-J55)*G56+(M57-J56)*G57),2) -> 38300.04 | Y57: =(W57+X57)/$W$86 -> 0.014224641
C58: 50.01 | D58: 100 | E58: 8.64 | F58: =$F$13*E58 -> 30.0672 | G58: =F58*$G$85 -> 30.0672 | I58: =C58 -> 50.01 | J58: =D58 -> 100 | K58: 67.98 | L58: 0.020096463 | M58: =K58 -> 67.98 | N58: =L58 -> 0.020096463 | R58: =ROUND(K58*L58*$P$52*(1-$S$89),0) -> 2287 | V58: =ROUND(M58*N58*$T$52*(1-$S$89),0) -> 2287 | W58: =ROUND(L58*P52*(J53*F53+(J54-J53)*F54+(J55-J54)*F55+(J56-J55)*F56+(J57-J56)*F57+(K58-J57)*F58),2) -> 49900.3 | X58: =ROUND(N58*T52*(J53*G53+(J54-J53)*G54+(J55-J54)*G55+(J56-J55)*G56+(J57-J56)*G57+(M58-J57)*G58),2) -> 49900.3 | Y58: =(W58+X58)/$W$86 -> 0.018532979
C59: > 100 | E59: 11.52 | F59: =$F$13*E59 -> 40.0896 | G59: =F59*$G$85 -> 40.0896 | I59: > 100 | K59: 186.76923 | L59: 0.010450161 | M59: =K59 -> 186.76923 | N59: =L59 -> 0.010450161 | R59: =ROUND(K59*L59*$P$52*(1-$S$89),0) -> 3267 | V59: =ROUND(M59*N59*$T$52*(1-$S$89),0) -> 3267 | W59: =ROUND(L59*P52*(J53*F53+(J54-J53)*F54+(J55-J54)*F55+(J56-J55)*F56+(J57-J56)*F57+(J58-J57)*F58+(K59-J58)*F59),2) -> 107726.55 | X59: =ROUND(N59*T52*(J53*G53+(J54-J53)*G54+(J55-J54)*G55+(J56-J55)*G56+(J57-J56)*G57+(J58-J57)*G58+(M59-J58)*G59),2) -> 107726.55 | Y59: =(W59+X59)/$W$86 -> 0.040009657
C60: TBO | D60: TBO | E60: 8 | F60: =$F$13*E60 -> 27.84 | G60: =F60*$G$85 -> 27.84 | I60: =C60 -> TBO | J60: =D60 -> TBO | K60: 0 | L60: 0.08 | M60: =K60 -> 0 | N60: =L60 -> 0.08 | O60: 0.0071 | P60: =ROUND(O60*$L$88,0) -> 177 | Q60: =ROUND(P60/$P$88,0) -> 134 | R60: =ROUND(K60*L60*$P$60,0) -> 0 | S60: =O60 -> 0.0071 | T60: =ROUND(S60*$L$89,0) -> 177 | U60: =ROUND(T60/$P$89,0) -> 134 | V60: =ROUND(M60*N60*$T$60*(1-$S$89),0) -> 0 | W60: =P60*F60 -> 4927.68 | X60: =T60*G60 -> 4927.68 | Y60: =(W60+X60)/$W$86 -> 0.0018301411 | Z60: =SUM(Y60:Y67) -> 0.13977791
B61: Industrial | C61: 0.01 | D61: 10 | E61: 2.4 | F61: =$F$13*E61 -> 8.352 | G61: =F61*$G$85 -> 8.352 | I61: =C61 -> 0.01 | J61: =D61 -> 10 | K61: 5.3125 | L61: 0.32 | M61: =K61 -> 5.3125 | N61: =L61 -> 0.32 | R61: =ROUND(K61*L61*$P$60*(1-$S$89),0) -> 286 | V61: =ROUND(M61*N61*$T$60*(1-$S$89),0) -> 286 | W61: =ROUND(L61*P60*K61*F61,2) -> 2513.12 | X61: =ROUND(N61*T60*M61*G61,2) -> 2513.12 | Y61: =(W61+X61)/$W$86 -> 0.00093337315
C62: 10.01 | D62: 15 | E62: 3.36 | F62: =$F$13*E62 -> 11.6928 | G62: =F62*$G$85 -> 11.6928 | I62: =C62 -> 10.01 | J62: =D62 -> 15 | K62: 12.788462 | L62: 0.104 | M62: =K62 -> 12.788462 | N62: =L62 -> 0.104 | R62: =ROUND(K62*L62*$P$60*(1-$S$89),0) -> 224 | V62: =ROUND(M62*N62*$T$60*(1-$S$89),0) -> 224 | W62: =ROUND(L62*P60*(J61*F61+(K62-J61)*F62),2) -> 2137.63 | X62: =ROUND(N62*T60*(J61*G61+(M62-J61)*G62),2) -> 2137.63 | Y62: =(W62+X62)/$W$86 -> 0.00079391611
C63: 15.01 | D63: 20 | E63: 4.32 | F63: =$F$13*E63 -> 15.0336 | G63: =F63*$G$85 -> 15.0336 | I63: =C63 -> 15.01 | J63: =D63 -> 20 | K63: 18 | L63: 0.056 | M63: =K63 -> 18 | N63: =L63 -> 0.056 | R63: =ROUND(K63*L63*$P$60*(1-$S$89),0) -> 169 | V63: =ROUND(M63*N63*$T$60*(1-$S$89),0) -> 169 | W63: =ROUND(L63*P60*(J61*F61+(J62-J61)*F62+(K63-J62)*F63),2) -> 1854.38 | X63: =ROUND(N63*T60*(J61*G61+(J62-J61)*G62+(M63-J62)*G63),2) -> 1854.38 | Y63: =(W63+X63)/$W$86 -> 0.00068871702
C64: 20.01 | D64: 30 | E64: 5.28 | F64: =$F$13*E64 -> 18.3744 | G64: =F64*$G$85 -> 18.3744 | I64: =C64 -> 20.01 | J64: =D64 -> 30 | K64: 25.1 | L64: 0.16 | M64: =K64 -> 25.1 | N64: =L64 -> 0.16 | R64: =ROUND(K64*L64*$P$60*(1-$S$89),0) -> 675 | V64: =ROUND(M64*N64*$T$60*(1-$S$89),0) -> 675 | W64: =ROUND(L64*P60*(J61*F61+(J62-J61)*F62+(J63-J62)*F63+(K64-J63)*F64),2) -> 8803.6 | X64: =ROUND(N64*T60*(J61*G61+(J62-J61)*G62+(J63-J62)*G63+(M64-J63)*G64),2) -> 8803.6 | Y64: =(W64+X64)/$W$86 -> 0.0032696584
C65: 30.01 | D65: 50 | E65: 6.72 | F65: =$F$13*E65 -> 23.3856 | G65: =F65*$G$85 -> 23.3856 | I65: =C65 -> 30.01 | J65: =D65 -> 50 | K65: 39.875 | L65: 0.064 | M65: =K65 -> 39.875 | N65: =L65 -> 0.064 | R65: =ROUND(K65*L65*$P$60*(1-$S$89),0) -> 429 | V65: =ROUND(M65*N65*$T$60*(1-$S$89),0) -> 429 | W65: =ROUND(L65*P60*(J61*F61+(J62-J61)*F62+(J63-J62)*F63+(J64-J63)*F64+(K65-J64)*F65),2) -> 7157.36 | X65: =ROUND(N65*T60*(10*G61+(J62-J61)*G62+(J63-J62)*G63+(J64-J63)*G64+(M65-J64)*G65),2) -> 7157.36 | Y65: =(W65+X65)/$W$86 -> 0.0026582446
C66: 50.01 | D66: 100 | E66: 8.64 | F66: =$F$13*E66 -> 30.0672 | G66: =F66*$G$85 -> 30.0672 | I66: =C66 -> 50.01 | J66: =D66 -> 100 | K66: 68.076923 | L66: 0.104 | M66: =K66 -> 68.076923 | N66: =L66 -> 0.104 | R66: =ROUND(K66*L66*$P$60*(1-$S$89),0) -> 1191 | V66: =ROUND(M66*N66*$T$60*(1-$S$89),0) -> 1191 | W66: =ROUND(L66*P60*(J61*F61+(J62-J61)*F62+(J63-J62)*F63+(J64-J63)*F64+(J65-J64)*F65+(K66-J65)*F66),2) -> 25994.5 | X66: =ROUND(N66*T60*(J61*G61+(J62-J61)*G62+(J63-J62)*G63+(J64-J63)*G64+(J65-J64)*G65+(M66-J65)*G66),2) -> 25994.5 | Y66: =(W66+X66)/$W$86 -> 0.0096543613
C67: > 100 | E67: 11.52 | F67: =$F$13*E67 -> 40.0896 | G67: =F67*$G$85 -> 40.0896 | I67: > 100 | K67: 447.21429 | L67: 0.112 | M67: =K67 -> 447.21429 | N67: =L67 -> 0.112 | R67: =ROUND(K67*L67*$P$60*(1-$S$89),0) -> 8422 | V67: =ROUND(M67*N67*$T$60*(1-$S$89),0) -> 8422 | W67: =ROUND(L67*P60*(J61*F61+(J62-J61)*F62+(J63-J62)*F63+(J64-J63)*F64+(J65-J64)*F65+(J66-J65)*F66+(K67-J66)*F67),2) -> 322965.67 | X67: =ROUND(N67*T60*(J61*G61+(J62-J61)*G62+(J63-J62)*G63+(J64-J63)*G64+(J65-J64)*G65+(J66-J65)*G66+(M67-J66)*G67),2) -> 322965.67 | Y67: =(W67+X67)/$W$86 -> 0.1199495
C68: TBO | D68: TBO | E68: 6 | F68: =$F$13*E68 -> 20.88 | G68: =F68*$G$85 -> 20.88 | I68: =C68 -> TBO | J68: =D68 -> TBO | K68: 0 | L68: 0.052631579 | M68: =K68 -> 0 | N68: =L68 -> 0.052631579 | O68: 0.0054 | P68: =ROUND(O68*$L$88,0) -> 135 | Q68: =ROUND(P68/$P$88,0) -> 102 | R68: =ROUND(K68*L68*$P$68,0) -> 0 | S68: =O68 -> 0.0054 | T68: =ROUND(S68*$L$89,0) -> 135 | U68: =ROUND(T68/$P$89,0) -> 102 | V68: =ROUND(M68*N68*$T$68*(1-$S$89),0) -> 0 | W68: =P68*F68 -> 2818.8 | X68: =T68*G68 -> 2818.8 | Y68: =(W68+X68)/$W$86 -> 0.0010469028 | Z68: =SUM(Y68:Y75) -> 0.052243961
B69: Pública | C69: 0.01 | D69: 10 | E69: 1.452 | F69: =$F$13*E69 -> 5.05296 | G69: =F69*$G$85 -> 5.05296 | I69: =C69 -> 0.01 | J69: =D69 -> 10 | K69: 5.9545455 | L69: 0.23157895 | M69: =K69 -> 5.9545455 | N69: =L69 -> 0.23157895 | R69: =ROUND(K69*L69*$P$68*(1-$S$89),0) -> 177 | V69: =ROUND(M69*N69*$T$68*(1-$S$89),0) -> 177 | W69: =ROUND(L69*P68*K69*F69,2) -> 940.65 | X69: =ROUND(N69*T68*M69*G69,2) -> 940.65 | Y69: =(W69+X69)/$W$86 -> 0.00034935755
C70: 10.01 | D70: 15 | E70: 2.0328 | F70: =$F$13*E70 -> 7.074144 | G70: =F70*$G$85 -> 7.074144 | I70: =C70 -> 10.01 | J70: =D70 -> 15 | K70: 13.4 | L70: 0.052631579 | M70: =K70 -> 13.4 | N70: =L70 -> 0.052631579 | R70: =ROUND(K70*L70*$P$68*(1-$S$89),0) -> 90 | V70: =ROUND(M70*N70*$T$68*(1-$S$89),0) -> 90 | W70: =ROUND(L70*P68*(J69*F69+(K70-J69)*F70),2) -> 529.92 | X70: =ROUND(N70*T68*(J69*G69+(M70-J69)*G70),2) -> 529.92 | Y70: =(W70+X70)/$W$86 -> 0.00019681237
C71: 15.01 | D71: 20 | E71: 2.6136 | F71: =$F$13*E71 -> 9.095328 | G71: =F71*$G$85 -> 9.095328 | I71: =C71 -> 15.01 | J71: =D71 -> 20 | K71: 17.111111 | L71: 0.094736842 | M71: =K71 -> 17.111111 | N71: =L71 -> 0.094736842 | R71: =ROUND(K71*L71*$P$68*(1-$S$89),0) -> 208 | V71: =ROUND(M71*N71*$T$68*(1-$S$89),0) -> 208 | W71: =ROUND(L71*P68*(J69*F69+(J70-J69)*F70+(K71-J70)*F71),2) -> 1344.19 | X71: =ROUND(N71*T68*(J69*G69+(J70-J69)*G70+(M71-J70)*G71),2) -> 1344.19 | Y71: =(W71+X71)/$W$86 -> 0.00049923237
C72: 20.01 | D72: 30 | E72: 3.1944 | F72: =$F$13*E72 -> 11.116512 | G72: =F72*$G$85 -> 11.116512 | I72: =C72 -> 20.01 | J72: =D72 -> 30 | K72: 25.666667 | L72: 0.063157895 | M72: =K72 -> 25.666667 | N72: =L72 -> 0.063157895 | R72: =ROUND(K72*L72*$P$68*(1-$S$89),0) -> 208 | V72: =ROUND(M72*N72*$T$68*(1-$S$89),0) -> 208 | W72: =ROUND(L72*P68*(J69*F69+(J70-J69)*F70+(J71-J70)*F71+(K72-J71)*F72),2) -> 1657.26 | X72: =ROUND(N72*T68*(J69*G69+(J70-J69)*G70+(J71-J70)*G71+(M72-J71)*G72),2) -> 1657.26 | Y72: =(W72+X72)/$W$86 -> 0.00061550662
C73: 30.01 | D73: 50 | E73: 4.0656 | F73: =$F$13*E73 -> 14.148288 | G73: =F73*$G$85 -> 14.148288 | I73: =C73 -> 30.01 | J73: =D73 -> 50 | K73: 40.4 | L73: 0.21052632 | M73: =K73 -> 40.4 | N73: =L73 -> 0.21052632 | R73: =ROUND(K73*L73*$P$68*(1-$S$89),0) -> 1091 | V73: =ROUND(M73*N73*$T$68*(1-$S$89),0) -> 1091 | W73: =ROUND(L73*P68*(J69*F69+(J70-J69)*F70+(J71-J70)*F71+(J72-J71)*F72+(K73-J72)*F73),2) -> 11075.24 | X73: =ROUND(N73*T68*(10*G69+(J70-J69)*G70+(J71-J70)*G71+(J72-J71)*G72+(M73-J72)*G73),2) -> 11075.24 | Y73: =(W73+X73)/$W$86 -> 0.0041133458
C74: 50.01 | D74: 100 | E74: 5.2272 | F74: =$F$13*E74 -> 18.190656 | G74: =F74*$G$85 -> 18.190656 | I74: =C74 -> 50.01 | J74: =D74 -> 100 | K74: 65.705882 | L74: 0.17894737 | M74: =K74 -> 65.705882 | N74: =L74 -> 0.17894737 | R74: =ROUND(K74*L74*$P$68*(1-$S$89),0) -> 1508 | V74: =ROUND(M74*N74*$T$68*(1-$S$89),0) -> 1508 | W74: =ROUND(L74*P68*(J69*F69+(J70-J69)*F70+(J71-J70)*F71+(J72-J71)*F72+(J73-J72)*F73+(K74-J73)*F74),2) -> 19597.08 | X74: =ROUND(N74*T68*(J69*G69+(J70-J69)*G70+(J71-J70)*G71+(J72-J71)*G72+(J73-J72)*G73+(M74-J73)*G74),2) -> 19597.08 | Y74: =(W74+X74)/$W$86 -> 0.0072783585
C75: > 100 | E75: 6.9696 | F75: =$F$13*E75 -> 24.254208 | G75: =F75*$G$85 -> 24.254208 | I75: > 100 | K75: 311.72727 | L75: 0.11578947 | M75: =K75 -> 311.72727 | N75: =L75 -> 0.11578947 | R75: =ROUND(K75*L75*$P$68*(1-$S$89),0) -> 4629 | V75: =ROUND(M75*N75*$T$68*(1-$S$89),0) -> 4629 | W75: =ROUND(L75*P68*(J69*F69+(J70-J69)*F70+(J71-J70)*F71+(J72-J71)*F72+(J73-J72)*F73+(J74-J73)*F74+(K75-J74)*F75),2) -> 102704.44 | X75: =ROUND(N75*T68*(J69*G69+(J70-J69)*G70+(J71-J70)*G71+(J72-J71)*G72+(J73-J72)*G73+(J74-J73)*G74+(M75-J74)*G75),2) -> 102704.44 | Y75: =(W75+X75)/$W$86 -> 0.038144445
C76: TBO | D76: TBO | E76: 6 | F76: =$F$13*E76 -> 20.88 | G76: =F76*$G$85 -> 20.88 | I76: =C76 -> TBO | J76: =D76 -> TBO | K76: 0 | L76: 0.16336634 | M76: =K76 -> 0 | N76: =L76 -> 0.16336634 | O76: 0.0115 | P76: =ROUND(O76*$L$88,0) -> 287 | Q76: =ROUND(P76/$P$88,0) -> 217 | R76: =ROUND(K76*L76*$P$76,0) -> 0 | S76: =O76 -> 0.0115 | T76: =ROUND(S76*$L$89,0) -> 287 | U76: =ROUND(T76/$P$89,0) -> 217 | V76: =ROUND(M76*N76*$T$76*(1-$S$89),0) -> 0 | W76: =P76*F76 -> 5992.56 | X76: =T76*G76 -> 5992.56 | Y76: =(W76+X76)/$W$86 -> 0.0022256377 | Z76: =SUM(Y76:Y83) -> 0.0077350916
B77: Especial | C77: 0.01 | D77: 10 | E77: 1.4524806 | F77: =$F$13*E77 -> 5.0546324 | G77: =F77*$G$85 -> 5.0546324 | I77: =C77 -> 0.01 | J77: =D77 -> 10 | K77: 3.75 | L77: 0.63366337 | M77: =K77 -> 3.75 | N77: =L77 -> 0.63366337 | R77: =ROUND(K77*L77*$P$76*(1-$S$89),0) -> 648 | V77: =ROUND(M77*N77*$T$76*(1-$S$89),0) -> 648 | W77: =ROUND(L77*P76*K77*F77,2) -> 3447.16 | X77: =ROUND(N77*T76*M77*G77,2) -> 3447.16 | Y77: =(W77+X77)/$W$86 -> 0.0012802758
C78: 10.01 | D78: 15 | E78: 2.0334728 | F78: =$F$13*E78 -> 7.0764854 | G78: =F78*$G$85 -> 7.0764854 | I78: =C78 -> 10.01 | J78: =D78 -> 15 | K78: 12 | L78: 0.094059406 | M78: =K78 -> 12 | N78: =L78 -> 0.094059406 | R78: =ROUND(K78*L78*$P$76*(1-$S$89),0) -> 308 | V78: =ROUND(M78*N78*$T$76*(1-$S$89),0) -> 308 | W78: =ROUND(L78*P76*(J77*F77+(K78-J77)*F78),2) -> 1746.56 | X78: =ROUND(N78*T76*(J77*G77+(M78-J77)*G78),2) -> 1746.56 | Y78: =(W78+X78)/$W$86 -> 0.00064867265
C79: 15.01 | D79: 20 | E79: 2.614465 | F79: =$F$13*E79 -> 9.0983383 | G79: =F79*$G$85 -> 9.0983383 | I79: =C79 -> 15.01 | J79: =D79 -> 20 | K79: 17.6 | L79: 0.04950495 | M79: =K79 -> 17.6 | N79: =L79 -> 0.04950495 | R79: =ROUND(K79*L79*$P$76*(1-$S$89),0) -> 238 | V79: =ROUND(M79*N79*$T$76*(1-$S$89),0) -> 238 | W79: =ROUND(L79*P76*(J77*F77+(J78-J77)*F78+(K79-J78)*F79),2) -> 1556.97 | X79: =ROUND(N79*T76*(J77*G77+(J78-J77)*G78+(M79-J78)*G79),2) -> 1556.97 | Y79: =(W79+X79)/$W$86 -> 0.0005782589
C80: 20.01 | D80: 30 | E80: 3.1954573 | F80: =$F$13*E80 -> 11.120191 | G80: =F80*$G$85 -> 11.120191 | I80: =C80 -> 20.01 | J80: =D80 -> 30 | K80: 25.2 | L80: 0.024752475 | M80: =K80 -> 25.2 | N80: =L80 -> 0.024752475 | R80: =ROUND(K80*L80*$P$76*(1-$S$89),0) -> 170 | V80: =ROUND(M80*N80*$T$76*(1-$S$89),0) -> 170 | W80: =ROUND(L80*P76*(J77*F77+(J78-J77)*F78+(J79-J78)*F79+(K80-J79)*F80),2) -> 1344.39 | X80: =ROUND(N80*T76*(J77*G77+(J78-J77)*G78+(J79-J78)*G79+(M80-J79)*G80),2) -> 1344.39 | Y80: =(W80+X80)/$W$86 -> 0.00049930665
C81: 30.01 | D81: 50 | E81: 4.0669456 | F81: =$F$13*E81 -> 14.152971 | G81: =F81*$G$85 -> 14.152971 | I81: =C81 -> 30.01 | J81: =D81 -> 50 | K81: 40.333333 | L81: 0.014851485 | M81: =K81 -> 40.333333 | N81: =L81 -> 0.014851485 | R81: =ROUND(K81*L81*$P$76*(1-$S$89),0) -> 163 | V81: =ROUND(M81*N81*$T$76*(1-$S$89),0) -> 163 | W81: =ROUND(L81*P76*(J77*F77+(J78-J77)*F78+(J79-J78)*F79+(J80-J79)*F80+(K81-J80)*F81),2) -> 1657.51 | X81: =ROUND(N81*T76*(10*G77+(J78-J77)*G78+(J79-J78)*G79+(J80-J79)*G80+(M81-J80)*G81),2) -> 1657.51 | Y81: =(W81+X81)/$W$86 -> 0.00061559947
C82: 50.01 | D82: 100 | E82: 5.2289301 | F82: =$F$13*E82 -> 18.196677 | G82: =F82*$G$85 -> 18.196677 | I82: =C82 -> 50.01 | J82: =D82 -> 100 | K82: 70.25 | L82: 0.01980198 | M82: =K82 -> 70.25 | N82: =L82 -> 0.01980198 | R82: =ROUND(K82*L82*$P$76*(1-$S$89),0) -> 379 | V82: =ROUND(M82*N82*$T$76*(1-$S$89),0) -> 379 | W82: =ROUND(L82*P76*(J77*F77+(J78-J77)*F78+(J79-J78)*F79+(J80-J79)*F80+(J81-J80)*F81+(K82-J81)*F82),2) -> 5081.69 | X82: =ROUND(N82*T76*(J77*G77+(J78-J77)*G78+(J79-J78)*G79+(J80-J79)*G80+(J81-J80)*G81+(M82-J81)*G82),2) -> 5081.69 | Y82: =(W82+X82)/$W$86 -> 0.0018873404
C83: > 100 | E83: 6.9719068 | F83: =$F$13*E83 -> 24.262236 | G83: =F83*$G$85 -> 24.262236 | I83: > 100 | K83: 100 | L83: 0 | M83: =K83 -> 100 | N83: =L83 -> 0 | R83: =ROUND(K83*L83*$P$76*(1-$S$89),0) -> 0 | V83: =ROUND(M83*N83*$T$76*(1-$S$89),0) -> 0 | W83: =ROUND(L83*P76*(J77*F77+(J78-J77)*F78+(J79-J78)*F79+(J80-J79)*F80+(J81-J80)*F81+(J82-J81)*F82+(K83-J82)*F83),2) -> 0 | X83: =ROUND(N83*T76*(J77*G77+(J78-J77)*G78+(J79-J78)*G79+(J80-J79)*G80+(J81-J80)*G81+(J82-J81)*G82+(M83-J82)*G83),2) -> 0 | Y83: =(W83+X83)/$W$86 -> 0
I84: Totais | O84: =SUM(O4:O83) -> 1 | P84: =SUM(P4:P83) -> 24919 | Q84: =SUM(Q4:Q83) -> 18815 | R84: =SUM(R5:R83) -> 287626 | S84: =SUM(S4:S83) -> 1 | T84: =SUM(T4:T83) -> 24919 | U84: =SUM(U4:U83) -> 18815 | V84: =SUM(V4:V83) -> 287626 | W84: =ROUND(SUM(W4:W83),2) -> 2692513.7 | X84: =ROUND(SUM(X4:X83),2) -> 2692513.7 | Y84: =SUM(Y4:Y83) -> 1 | Z84: =SUM(Z4:Z83) -> 1
B85: Relação entre a Tarifa E/A | G85: 1 | W85: Faturamento mensal bruto | Y85: Faturamento anual
W86: =W84+X84 -> 5385027.4 | Y86: =W86*12 -> 64620329
I88: Economias Ativas de Agua | L88: ='Base Física'!T48 -> 24917.575 | M88: Densidade de Econ por Lig. Agua | P88: ='Base Física'!T48/'Base Física'!T52 -> 1.3244853 | Q88: Perdas Aparentes | S88: ='Base Física'!T42 -> 0.05 | X88: Tarifa | Y88: Água | Z88: Esgoto
I89: Economias Ativas de Esgoto | L89: ='Base Física'!T49 -> 24917.575 | M89: Densidade de Econ por Lig Esgoto | P89: ='Base Física'!T49/'Base Física'!T53 -> 1.3244853 | Q89: Perdas Aparentes | S89: =S88 -> 0.05 | X89: Média | Y89: =ROUND(W84/R84,2) -> 9.36 | Z89: =ROUND(X84/V84,2) -> 9.36
X90: Média A+E | Y90: =(Y89+Z89)/(1+G85) -> 9.36

Sheet Base Física
A1: Preenchimento | B1: ANO | C1: Unidade | D1: Base | E1: 0 | F1: =E1+1 -> 1 | G1: =F1+1 -> 2 | H1: =G1+1 -> 3 | I1: =H1+1 -> 4 | J1: =I1+1 -> 5 | K1: =J1+1 -> 6 | L1: =K1+1 -> 7 | M1: =L1+1 -> 8 | ... AN1: =AM1+1 -> 35
A2: Fórmulas | D2: ='FCD PROJETO'!D24 -> 2025 | E2: =D2+1 -> 2026 | F2: =E2+1 -> 2027 | G2: =F2+1 -> 2028 | H2: =G2+1 -> 2029 | I2: =H2+1 -> 2030 | J2: =I2+1 -> 2031 | K2: =J2+1 -> 2032 | L2: =K2+1 -> 2033 | ... AN2: =AM2+1 -> 2061
A3: NÂO ALTERAR | B3: População
B4: População Urbana Permanente | C4: hab. | D4: 45430.859 | E4: 46011.58 | F4: 46573.432 | G4: 47116.535 | H4: 47641.051 | I4: 48147.187 | J4: 48635.181 | K4: 49105.31 | L4: 49557.878 | M4: 49993.216 | N4: 50411.681 | O4: 50813.648 | P4: 51199.51 | Q4: 51569.677 | R4: 51924.568 | S4: 52264.613 | T4: 52590.248 | U4: 52901.914 | V4: 53200.055 | W4: 53485.116 | X4: 53757.541 | Y4: 54017.77 | Z4: 54266.241 | AA4: 54503.387 | AB4: 54729.633 | AC4: 54945.398 | AD4: 55151.093 | AE4: 55347.12 | AF4: 55533.871 | AG4: 55711.729 | AH4: 55881.067 | AI4: 56042.247 | AJ4: 56195.62 | AK4: 56341.526 | AL4: 56480.295 | AM4: 56615 | AN4: 56482.295
B6: Índice de atendimento
B7: Atendimento Água | C7: % | D7: 0.964 | E7: 0.964 | F7: 0.964 | G7: 0.994 | H7: 1 | I7: 1 | J7: 1 | K7: 1 | L7: 1 | M7: 1 | N7: 1 | O7: 1 | P7: 1 | Q7: 1 | R7: 1 | S7: 1 | T7: 1 | U7: 1 | V7: 1 | W7: 1 | X7: 1 | Y7: 1 | Z7: 1 | AA7: 1 | AB7: 1 | AC7: 1 | AD7: 1 | AE7: 1 | AF7: 1 | AG7: 1 | AH7: 1 | AI7: 1 | AJ7: 1 | AK7: 1 | AL7: 1 | AM7: 1 | AN7: 1
B8: Atendimento Esgoto | C8: % | D8: 0 | E8: 0 | F8: 0 | G8: 0.2 | H8: 0.4 | I8: 0.6 | J8: 0.8 | K8: 0.85 | L8: 0.9 | M8: 0.92 | N8: 0.94 | O8: 0.96 | P8: 0.98 | Q8: 1 | R8: 1 | S8: 1 | T8: 1 | U8: 1 | V8: 1 | W8: 1 | X8: 1 | Y8: 1 | Z8: 1 | AA8: 1 | AB8: 1 | AC8: 1 | AD8: 1 | AE8: 1 | AF8: 1 | AG8: 1 | AH8: 1 | AI8: 1 | AJ8: 1 | AK8: 1 | AL8: 1 | AM8: 1 | AN8: 1
B10: Extensão da rede de água | C10: m | D10: 289462.29 | E10: 296019.63 | F10: 302518.87 | G10: 318551.17 | H10: 327097.87 | I10: 333639.12 | J10: 340099.35 | K10: 346479.73 | L10: 352761.82 | M10: 358918.47 | N10: 365023.64 | O10: 370993.18 | P10: 376838.24 | Q10: 382596.94 | R10: 388185.58 | S10: 393663.89 | T10: 399024.27 | U10: 404264.36 | V10: 409360.82 | W10: 414337.1 | X10: 419150.12 | Y10: 423873.7 | Z10: 428432.41 | AA10: 432863.64 | AB10: 437150.46 | AC10: 441310.23 | AD10: 445321.81 | AE10: 449249.83 | AF10: 452995.15 | AG10: 456637.78 | AH10: 460138.37 | AI10: 463523.5 | AJ10: 466786.37 | AK10: 469917.41 | AL10: 472934.58 | AM10: 473314.16 | AN10: 475657.81
B11: Incremento anual rede de água | E11: =E10-D10 -> 6557.3365 | F11: =F10-E10 -> 6499.2378 | G11: =G10-F10 -> 16032.307 | H11: =H10-G10 -> 8546.6971 | I11: =I10-H10 -> 6541.252 | J11: =J10-I10 -> 6460.224 | K11: =K10-J10 -> 6380.3848 | L11: =L10-K10 -> 6282.0916 | ... AN11: =AN10-AM10 -> 2343.6496
B13: Extensão da rede de esgoto | C13: m | D13: 0 | E13: 0 | F13: 0 | G13: 64094.804 | H13: 130839.15 | I13: 200183.47 | J13: 272079.48 | K13: 294507.77 | L13: 317485.64 | M13: 330204.99 | N13: 343122.23 | O13: 356153.45 | P13: 369301.48 | Q13: 382596.94 | R13: 388185.58 | S13: 393663.89 | T13: 399024.27 | U13: 404264.36 | V13: 409360.82 | W13: 414337.1 | X13: 419150.12 | Y13: 423873.7 | Z13: 428432.41 | AA13: 432863.64 | AB13: 437150.46 | AC13: 441310.23 | AD13: 445321.81 | AE13: 449249.83 | AF13: 452995.15 | AG13: 456637.78 | AH13: 460138.37 | AI13: 463523.5 | AJ13: 466786.37 | AK13: 469917.41 | AL13: 472934.58 | AM13: 473314.16 | AN13: 475657.81
B14: Incremento anual rede de esgoto | E14: =E13-D13 -> 0 | F14: =F13-E13 -> 0 | G14: =G13-F13 -> 64094.804 | H14: =H13-G13 -> 66744.345 | I14: =I13-H13 -> 69344.325 | J14: =J13-I13 -> 71896.004 | K14: =K13-J13 -> 22428.294 | L14: =L13-K13 -> 22977.869 | ... AN14: =AN13-AM13 -> 2343.6496
B16: População Atendida
B17: Água | C17: hab. | D17: =ROUND(D4*D7,0) -> 43795 | E17: =ROUND(E4*E7,0) -> 44355 | F17: =ROUND(F4*F7,0) -> 44897 | G17: =ROUND(G4*G7,0) -> 46834 | H17: =ROUND(H4*H7,0) -> 47641 | I17: =ROUND(I4*I7,0) -> 48147 | J17: =ROUND(J4*J7,0) -> 48635 | K17: =ROUND(K4*K7,0) -> 49105 | ... AN17: =ROUND(AN4*AN7,0) -> 56482
B18: Esgoto | C18: hab. | D18: =ROUND(D4*D8,0) -> 0 | E18: =ROUND(E4*E8,0) -> 0 | F18: =ROUND(F4*F8,0) -> 0 | G18: =ROUND(G4*G8,0) -> 9423 | H18: =ROUND(H4*H8,0) -> 19056 | I18: =ROUND(I4*I8,0) -> 28888 | J18: =ROUND(J4*J8,0) -> 38908 | K18: =ROUND(K4*K8,0) -> 41740 | ... AN18: =ROUND(AN4*AN8,0) -> 56482
B20: Crescimento vegetativo da População
B21: Água | C21: hab. | E21: =ROUND(E4-D4,0) -> 581 | F21: =ROUND(F4-E4,0) -> 562 | G21: =ROUND(G4-F4,0) -> 543 | H21: =ROUND(H4-G4,0) -> 525 | I21: =ROUND(I4-H4,0) -> 506 | J21: =ROUND(J4-I4,0) -> 488 | K21: =ROUND(K4-J4,0) -> 470 | L21: =ROUND(L4-K4,0) -> 453 | ... AN21: =ROUND(AN4-AM4,0) -> -133 | AO21: =SUM(F21:AN21) -> 10470
B22: Esgoto | C22: hab. | E22: =ROUND(E4-D4,0) -> 581 | F22: =ROUND(F4-E4,0) -> 562 | G22: =ROUND(G4-F4,0) -> 543 | H22: =ROUND(H4-G4,0) -> 525 | I22: =ROUND(I4-H4,0) -> 506 | J22: =ROUND(J4-I4,0) -> 488 | K22: =ROUND(K4-J4,0) -> 470 | L22: =ROUND(L4-K4,0) -> 453 | ... AN22: =ROUND(AN4-AM4,0) -> -133 | AO22: =SUM(F22:AN22) -> 10470
B24: População sem atendimento
B25: Água | C25: hab. | D25: =ROUND(D4-D17,0) -> 1636 | E25: =E4-E17 -> 1656.5804 | F25: =F4-F17 -> 1676.4321 | G25: =G4-G17 -> 282.53457 | H25: =H4-H17 -> 0.051365864 | I25: =I4-I17 -> 0.18655794 | J25: =J4-J17 -> 0.18118719 | K25: =K4-K17 -> 0.30989489 | L25: =L4-L17 -> -0.12243969 | ... AN25: =AN4-AN17 -> 0.29451693
B26: Esgoto | C26: hab. | D26: =ROUND(D4-D18,0) -> 45431 | E26: =E4-E18 -> 46011.58 | F26: =F4-F18 -> 46573.432 | G26: =G4-G18 -> 37693.535 | H26: =H4-H18 -> 28585.051 | I26: =I4-I18 -> 19259.187 | J26: =J4-J18 -> 9727.1812 | K26: =K4-K18 -> 7365.3099 | L26: =L4-L18 -> 4955.8776 | ... AN26: =AN4-AN18 -> 0.29451693
B28: Demanda Reprimida
B29: Água | C29: hab. | D29: =D4-D17 -> 1635.8592 | E29: =E4-E17 -> 1656.5804 | F29: =F4-F17 -> 1676.4321 | G29: =G4-G17 -> 282.53457 | H29: =H4-H17 -> 0.051365864 | I29: =I4-I17 -> 0.18655794 | J29: =J4-J17 -> 0.18118719 | K29: =K4-K17 -> 0.30989489 | ... AN29: =AN4-AN17 -> 0.29451693
B30: Esgoto | C30: hab. | D30: =D4-D18 -> 45430.859 | E30: =E4-E18 -> 46011.58 | F30: =F4-F18 -> 46573.432 | G30: =G4-G18 -> 37693.535 | H30: =H4-H18 -> 28585.051 | I30: =I4-I18 -> 19259.187 | J30: =J4-J18 -> 9727.1812 | K30: =K4-K18 -> 7365.3099 | ... AN30: =AN4-AN18 -> 0.29451693
B32: Recuperação da Demanda Reprimida
B33: Água | C33: hab. | D33: 0 | E33: =ROUND(IF(D29<E29,0,D29-E29),0) -> 0 | F33: =ROUND(IF(E29<F29,0,E29-F29),0) -> 0 | G33: =ROUND(IF(F29<G29,0,F29-G29),0) -> 1394 | H33: =ROUND(IF(G29<H29,0,G29-H29),0) -> 282 | I33: =ROUND(IF(H29<I29,0,H29-I29),0) -> 0 | J33: =ROUND(IF(I29<J29,0,I29-J29),0) -> 0 | K33: =ROUND(IF(J29<K29,0,J29-K29),0) -> 0 | L33: =ROUND(IF(K29<L29,0,K29-L29),0) -> 0 | ... AN33: =ROUND(IF(AM29<AN29,0,AM29-AN29),0) -> 0 | AO33: =SUM(F33:AN33) -> 1680
B34: Esgoto | C34: hab. | D34: 0 | E34: =ROUND(IF(D30<E30,0,D30-E30),0) -> 0 | F34: =ROUND(IF(E30<F30,0,E30-F30),0) -> 0 | G34: =ROUND(IF(F30<G30,0,F30-G30),0) -> 8880 | H34: =ROUND(IF(G30<H30,0,G30-H30),0) -> 9108 | I34: =ROUND(IF(H30<I30,0,H30-I30),0) -> 9326 | J34: =ROUND(IF(I30<J30,0,I30-J30),0) -> 9532 | K34: =ROUND(IF(J30<K30,0,J30-K30),0) -> 2362 | L34: =ROUND(IF(K30<L30,0,K30-L30),0) -> 2409 | ... AN34: =ROUND(IF(AM30<AN30,0,AM30-AN30),0) -> 0 | AO34: =SUM(F34:AN34) -> 46577
B36: Consumo per capita Disponibilizado | C36: l/hab.dia | D36: 272.33 | E36: 273.72 | F36: 258.32 | G36: 245.71 | H36: 238.34 | I36: 230.11 | J36: 223.27 | K36: 217.43 | L36: 211.08 | M36: 209.74 | N36: 208.52 | O36: 207.28 | P36: 206.09 | Q36: 204.95 | R36: 203.79 | S36: 202.7 | T36: 201.66 | U36: 200.62 | V36: 199.61 | W36: 198.67 | X36: 198.65 | Y36: 198.69 | Z36: 198.68 | AA36: 198.67 | AB36: 198.66 | AC36: 198.66 | AD36: 198.65 | AE36: 198.71 | AF36: 198.66 | AG36: 198.7 | AH36: 198.67 | AI36: 198.68 | AJ36: 198.69 | AK36: 198.66 | AL36: 198.67 | AM36: 198.68 | AN36: 198.67
B37: Consumo per capita Consumido | C37: l/hab.dia | D37: 168.85 | E37: 168.89 | F37: 168.9 | G37: 168.86 | H37: 168.88 | I37: 168.86 | J37: 168.88 | K37: 168.87 | L37: 168.86 | M37: 168.85 | N37: 168.89 | O37: 168.89 | P37: 168.89 | Q37: 168.9 | R37: 168.87 | S37: 168.87 | T37: 168.88 | U37: 168.87 | V37: 168.85 | W37: 168.87 | X37: 168.85 | Y37: 168.88 | Z37: 168.88 | AA37: 168.87 | AB37: 168.86 | AC37: 168.86 | AD37: 168.86 | AE37: 168.9 | AF37: 168.86 | AG37: 168.9 | AH37: 168.87 | AI37: 168.88 | AJ37: 168.88 | AK37: 168.86 | AL37: 168.87 | AM37: 168.88 | AN37: 168.87
B38: Consumo per capita Medido | C38: l/hab.dia | D38: 145.24 | E38: 145.98 | F38: 148.05 | G38: 149.77 | H38: 153.22 | I38: 154.94 | J38: 156.56 | K38: 158 | L38: 158.31 | M38: 158.36 | N38: 158.46 | O38: 158.52 | P38: 158.58 | Q38: 158.65 | R38: 158.68 | S38: 158.74 | T38: 158.8 | U38: 158.84 | V38: 158.87 | W38: 158.94 | X38: 158.92 | Y38: 158.95 | Z38: 158.94 | AA38: 158.94 | AB38: 158.93 | AC38: 158.93 | AD38: 158.92 | AE38: 158.96 | AF38: 158.93 | AG38: 158.96 | AH38: 158.94 | AI38: 158.94 | AJ38: 158.95 | AK38: 158.92 | AL38: 158.94 | AM38: 158.94 | AN38: 158.94
B40: Perda Total | C40: % | D40: 0.4667 | E40: 0.4667 | F40: 0.42688294 | G40: 0.39046291 | H40: 0.35715011 | I40: 0.32667942 | J40: 0.29880838 | K40: 0.27331519 | L40: 0.24999698 | M40: 0.24497752 | N40: 0.24005885 | O40: 0.23523893 | P40: 0.23051578 | Q40: 0.22588747 | R40: 0.22135209 | S40: 0.21690776 | T40: 0.21255267 | U40: 0.20828502 | V40: 0.20410306 | W40: 0.20000507 | X40: 0.20000507 | Y40: 0.20000507 | Z40: 0.20000507 | AA40: 0.20000507 | AB40: 0.20000507 | AC40: 0.20000507 | AD40: 0.20000507 | AE40: 0.20000507 | AF40: 0.20000507 | AG40: 0.20000507 | AH40: 0.20000507 | AI40: 0.20000507 | AJ40: 0.20000507 | AK40: 0.20000507 | AL40: 0.20000507 | AM40: 0.20000507 | AN40: 0.20000507
B41: Perda de Fisica | C41: % | D41: 0.38 | E41: 0.383 | F41: 0.34618294 | G41: 0.31276291 | H41: 0.29145011 | I41: 0.26617942 | J41: 0.24360838 | K41: 0.22331519 | L41: 0.19999698 | M41: 0.19497752 | N41: 0.19005885 | O41: 0.18523893 | P41: 0.18051578 | Q41: 0.17588747 | R41: 0.17135209 | S41: 0.16690776 | T41: 0.16255267 | U41: 0.15828502 | V41: 0.15410306 | W41: 0.15000507 | X41: 0.15000507 | Y41: 0.15000507 | Z41: 0.15000507 | AA41: 0.15000507 | AB41: 0.15000507 | AC41: 0.15000507 | AD41: 0.15000507 | AE41: 0.15000507 | AF41: 0.15000507 | AG41: 0.15000507 | AH41: 0.15000507 | AI41: 0.15000507 | AJ41: 0.15000507 | AK41: 0.15000507 | AL41: 0.15000507 | AM41: 0.15000507 | AN41: 0.15000507
B42: Perda Aparente | C42: % | D42: 0.0867 | E42: 0.0837 | F42: 0.0807 | G42: 0.0777 | H42: 0.0657 | I42: 0.0605 | J42: 0.0552 | K42: 0.05 | L42: 0.05 | M42: 0.05 | N42: 0.05 | O42: 0.05 | P42: 0.05 | Q42: 0.05 | R42: 0.05 | S42: 0.05 | T42: 0.05 | U42: 0.05 | V42: 0.05 | W42: 0.05 | X42: 0.05 | Y42: 0.05 | Z42: 0.05 | AA42: 0.05 | AB42: 0.05 | AC42: 0.05 | AD42: 0.05 | AE42: 0.05 | AF42: 0.05 | AG42: 0.05 | AH42: 0.05 | AI42: 0.05 | AJ42: 0.05 | AK42: 0.05 | AL42: 0.05 | AM42: 0.05 | AN42: 0.05
B43: Perda Produção | C43: % | D43: 0.04 | E43: 0.04 | F43: 0.04 | G43: 0.04 | H43: 0.04 | I43: 0.04 | J43: 0.04 | K43: 0.04 | L43: 0.04 | M43: 0.04 | N43: 0.04 | O43: 0.04 | P43: 0.04 | Q43: 0.04 | R43: 0.04 | S43: 0.04 | T43: 0.04 | U43: 0.04 | V43: 0.04 | W43: 0.04 | X43: 0.04 | Y43: 0.04 | Z43: 0.04 | AA43: 0.04 | AB43: 0.04 | AC43: 0.04 | AD43: 0.04 | AE43: 0.04 | AF43: 0.04 | AG43: 0.04 | AH43: 0.04 | AI43: 0.04 | AJ43: 0.04 | AK43: 0.04 | AL43: 0.04 | AM43: 0.04 | AN43: 0.04
B44: Inadimplência | C44: % | D44: 0.0581 | E44: 0.0581 | F44: 0.0581 | G44: 0.02 | H44: 0.02 | I44: 0.02 | J44: 0.02 | K44: 0.02 | L44: 0.02 | M44: 0.02 | N44: 0.02 | O44: 0.02 | P44: 0.02 | Q44: 0.02 | R44: 0.02 | S44: 0.02 | T44: 0.02 | U44: 0.02 | V44: 0.02 | W44: 0.02 | X44: 0.02 | Y44: 0.02 | Z44: 0.02 | AA44: 0.02 | AB44: 0.02 | AC44: 0.02 | AD44: 0.02 | AE44: 0.02 | AF44: 0.02 | AG44: 0.02 | AH44: 0.02 | AI44: 0.02 | AJ44: 0.02 | AK44: 0.02 | AL44: 0.02 | AM44: 0.02 | AN44: 0.02
B45: Volume Faturado sobre Medido | C45: % | D45: 0 | E45: 0 | F45: 0 | G45: 0 | H45: 0 | I45: 0 | J45: 0 | K45: 0 | L45: 0 | M45: 0 | N45: 0 | O45: 0 | P45: 0 | Q45: 0 | R45: 0 | S45: 0 | T45: 0 | U45: 0 | V45: 0 | W45: 0 | X45: 0 | Y45: 0 | Z45: 0 | AA45: 0 | AB45: 0 | AC45: 0 | AD45: 0 | AE45: 0 | AF45: 0 | AG45: 0 | AH45: 0 | AI45: 0 | AJ45: 0 | AK45: 0 | AL45: 0 | AM45: 0 | AN45: 0
B47: Economias Ativas
B48: Água | C48: Econ. | D48: 18054.533 | E48: 18464.929 | F48: 18871.978 | G48: 19874.064 | H48: 20408.878 | I48: 20818.831 | J48: 21223.448 | K48: 21623.309 | L48: 22017.016 | M48: 22403.195 | N48: 22785.496 | O48: 23159.596 | P48: 23526.195 | Q48: 23887.024 | R48: 24237.837 | S48: 24581.417 | T48: 24917.575 | U48: 25246.146 | V48: 25565.994 | W48: 25878.007 | X48: 26180.098 | Y48: 26476.205 | Z48: 26762.288 | AA48: 27040.328 | AB48: 27309.331 | AC48: 27570.317 | AD48: 27822.329 | AE48: 28068.424 | AF48: 28303.677 | AG48: 28532.177 | AH48: 28752.025 | AI48: 28964.336 | AJ48: 29169.234 | AK48: 29365.853 | AL48: 29555.337 | AM48: 29724 | AN48: 29919.9
B49: Esgoto | C49: Econ. | D49: 0 | E49: 0 | F49: 0 | G49: 3998.8057 | H49: 8163.5512 | I49: 12491.299 | J49: 16978.758 | K49: 18379.812 | L49: 19815.314 | M49: 20610.939 | N49: 21418.366 | O49: 22233.212 | P49: 23055.671 | Q49: 23887.024 | R49: 24237.837 | S49: 24581.417 | T49: 24917.575 | U49: 25246.146 | V49: 25565.994 | W49: 25878.007 | X49: 26180.098 | Y49: 26476.205 | Z49: 26762.288 | AA49: 27040.328 | AB49: 27309.331 | AC49: 27570.317 | AD49: 27822.329 | AE49: 28068.424 | AF49: 28303.677 | AG49: 28532.177 | AH49: 28752.025 | AI49: 28964.336 | AJ49: 29169.234 | AK49: 29365.853 | AL49: 29555.337 | AM49: 29724 | AN49: 29919.9
B51: Ligações Ativas
B52: Água | C52: Lig. | D52: 13647.444 | E52: 13956.607 | F52: 14263.03 | G52: 15018.914 | H52: 15421.87 | I52: 15730.275 | J52: 16034.858 | K52: 16335.678 | L52: 16631.863 | M52: 16922.134 | N52: 17209.979 | O52: 17491.428 | P52: 17767.008 | Q52: 18038.517 | R52: 18302.008 | S52: 18560.296 | T52: 18813.025 | U52: 19060.083 | V52: 19300.369 | W52: 19534.988 | X52: 19761.91 | Y52: 19984.616 | Z52: 20199.548 | AA52: 20408.47 | AB52: 20610.583 | AC52: 20806.706 | AD52: 20995.842 | AE52: 21181.038 | AF52: 21357.621 | AG52: 21529.362 | AH52: 21694.407 | AI52: 21854.008 | AJ52: 22007.844 | AK52: 22155.465 | AL52: 22297.717 | AM52: 22315.614 | AN52: 22426.111
B53: Esgoto | C53: Lig. | D53: 0 | E53: 0 | F53: 0 | G53: 3021.9144 | H53: 6168.7481 | I53: 9438.1647 | J53: 12827.887 | K53: 13885.326 | L53: 14968.677 | M53: 15568.363 | N53: 16177.38 | O53: 16791.77 | P53: 17411.668 | Q53: 18038.517 | R53: 18302.008 | S53: 18560.296 | T53: 18813.025 | U53: 19060.083 | V53: 19300.369 | W53: 19534.988 | X53: 19761.91 | Y53: 19984.616 | Z53: 20199.548 | AA53: 20408.47 | AB53: 20610.583 | AC53: 20806.706 | AD53: 20995.842 | AE53: 21181.038 | AF53: 21357.621 | AG53: 21529.362 | AH53: 21694.407 | AI53: 21854.008 | AJ53: 22007.844 | AK53: 22155.465 | AL53: 22297.717 | AM53: 22315.614 | AN53: 22426.111
B55: Resumo
B56: População Urbana Atendida com Água | C56: hab. | D56: =D17 -> 43795 | E56: =E17 -> 44355 | F56: =F17 -> 44897 | G56: =G17 -> 46834 | H56: =H17 -> 47641 | I56: =I17 -> 48147 | J56: =J17 -> 48635 | K56: =K17 -> 49105 | ... AN56: =AN17 -> 56482
B57: População Urbana Atendida com Esgoto | C57: hab. | D57: =D18 -> 0 | E57: =E18 -> 0 | F57: =F18 -> 0 | G57: =G18 -> 9423 | H57: =H18 -> 19056 | I57: =I18 -> 28888 | J57: =J18 -> 38908 | K57: =K18 -> 41740 | ... AN57: =AN18 -> 56482
B58: Água
B59: Volume produzido | C59: m³/ano | D59: =ROUND(D36/1000*D56*30.4375*12*(1+D43),0) -> 4530473 | E59: =ROUND(E36/1000*E56*30.4375*12*(1+E43),0) -> 4611824 | F59: =ROUND(F36/1000*F56*30.4375*12*(1+F43),0) -> 4405538 | G59: =ROUND(G36/1000*G56*30.4375*12*(1+G43),0) -> 4371270 | H59: =ROUND(H36/1000*H56*30.4375*12*(1+H43),0) -> 4313218 | I59: =ROUND(I36/1000*I56*30.4375*12*(1+I43),0) -> 4208509 | J59: =ROUND(J36/1000*J56*30.4375*12*(1+J43),0) -> 4124800 | K59: =ROUND(K36/1000*K56*30.4375*12*(1+K43),0) -> 4055727 | ... AN59: =ROUND(AN36/1000*AN56*30.4375*12*(1+AN43),0) -> 4262515
B60: Volume distribuido | C60: m³/ano | D60: =ROUND(D36/1000*D56*30.4375*12,0) -> 4356224 | E60: =ROUND(E36/1000*E56*30.4375*12,0) -> 4434446 | F60: =ROUND(F36/1000*F56*30.4375*12,0) -> 4236094 | G60: =ROUND(G36/1000*G56*30.4375*12,0) -> 4203144 | H60: =ROUND(H36/1000*H56*30.4375*12,0) -> 4147325 | I60: =ROUND(I36/1000*I56*30.4375*12,0) -> 4046644 | J60: =ROUND(J36/1000*J56*30.4375*12,0) -> 3966153 | K60: =ROUND(K36/1000*K56*30.4375*12,0) -> 3899738 | ... AN60: =ROUND(AN36/1000*AN56*30.4375*12,0) -> 4098572
B61: Volume consumido | C61: m³/ano | D61: =ROUND(D37/1000*D56*30.4375*12,0) -> 2700945 | E61: =ROUND(E37/1000*E56*30.4375*12,0) -> 2736130 | F61: =ROUND(F37/1000*F56*30.4375*12,0) -> 2769728 | G61: =ROUND(G37/1000*G56*30.4375*12,0) -> 2888539 | H61: =ROUND(H37/1000*H56*30.4375*12,0) -> 2938660 | I61: =ROUND(I37/1000*I56*30.4375*12,0) -> 2969520 | J61: =ROUND(J37/1000*J56*30.4375*12,0) -> 2999973 | K61: =ROUND(K37/1000*K56*30.4375*12,0) -> 3028785 | ... AN61: =ROUND(AN37/1000*AN56*30.4375*12,0) -> 3483797
B62: Volume medido | C62: m³/ano | D62: =ROUND(D38/1000*D56*30.4375*12,0) -> 2323277 | E62: =ROUND(E38/1000*E56*30.4375*12,0) -> 2364973 | F62: =ROUND(F38/1000*F56*30.4375*12,0) -> 2427817 | G62: =ROUND(G38/1000*G56*30.4375*12,0) -> 2561983 | H62: =ROUND(H38/1000*H56*30.4375*12,0) -> 2666162 | I62: =ROUND(I38/1000*I56*30.4375*12,0) -> 2724727 | J62: =ROUND(J38/1000*J56*30.4375*12,0) -> 2781121 | K62: =ROUND(K38/1000*K56*30.4375*12,0) -> 2833825 | ... AN62: =ROUND(AN38/1000*AN56*30.4375*12,0) -> 3278940
B63: Volume faturado | C63: m³/ano | D63: =ROUND(D38/1000*D56*30.4375*12*(1+D45),0) -> 2323277 | E63: =ROUND(E38/1000*E56*30.4375*12*(1+E45),0) -> 2364973 | F63: =ROUND(F38/1000*F56*30.4375*12*(1+F45),0) -> 2427817 | G63: =ROUND(G38/1000*G56*30.4375*12*(1+G45),0) -> 2561983 | H63: =ROUND(H38/1000*H56*30.4375*12*(1+H45),0) -> 2666162 | I63: =ROUND(I38/1000*I56*30.4375*12*(1+I45),0) -> 2724727 | J63: =ROUND(J38/1000*J56*30.4375*12*(1+J45),0) -> 2781121 | K63: =ROUND(K38/1000*K56*30.4375*12*(1+K45),0) -> 2833825 | ... AN63: =ROUND(AN38/1000*AN56*30.4375*12*(1+AN45),0) -> 3278940
B64: Esgoto
B65: Volume faturado | C65: m³/ano | D65: =ROUND(D38/1000*D57*30.4375*12*(1+D45),0) -> 0 | E65: =ROUND(E38/1000*E57*30.4375*12*(1+E45),0) -> 0 | F65: =ROUND(F38/1000*F57*30.4375*12*(1+F45),0) -> 0 | G65: =ROUND(G38/1000*G57*30.4375*12*(1+G45),0) -> 515471 | H65: =ROUND(H38/1000*H57*30.4375*12*(1+H45),0) -> 1066442 | I65: =ROUND(I38/1000*I57*30.4375*12*(1+I45),0) -> 1634825 | J65: =ROUND(J38/1000*J57*30.4375*12*(1+J45),0) -> 2224897 | K65: =ROUND(K38/1000*K57*30.4375*12*(1+K45),0) -> 2408795 | ... AN65: =ROUND(AN38/1000*AN57*30.4375*12*(1+AN45),0) -> 3278940
B66: Volume gerado | C66: m³/ano | D66: =ROUND(D57*D37/1000*30.4375*12*0.8,0) -> 0 | E66: =ROUND(E57*E37/1000*30.4375*12*0.8,0) -> 0 | F66: =ROUND(F57*F37/1000*30.4375*12*0.8,0) -> 0 | G66: =ROUND(G57*G37/1000*30.4375*12*0.8,0) -> 464939 | H66: =ROUND(H57*H37/1000*30.4375*12*0.8,0) -> 940351 | I66: =ROUND(I57*I37/1000*30.4375*12*0.8,0) -> 1425360 | J66: =ROUND(J57*J37/1000*30.4375*12*0.8,0) -> 1919983 | K66: =ROUND(K57*K37/1000*30.4375*12*0.8,0) -> 2059611 | ... AN66: =ROUND(AN57*AN37/1000*30.4375*12*0.8,0) -> 2787037
B67: Volume de Infiltração | C67: m³/ano | D67: =ROUND(D13*0.07/1000*86400*365.25/1000,0) -> 0 | E67: =ROUND(E13*0.07/1000*86400*365.25/1000,0) -> 0 | F67: =ROUND(F13*0.07/1000*86400*365.25/1000,0) -> 0 | G67: =ROUND(G13*0.07/1000*86400*365.25/1000,0) -> 141587 | H67: =ROUND(H13*0.07/1000*86400*365.25/1000,0) -> 289028 | I67: =ROUND(I13*0.07/1000*86400*365.25/1000,0) -> 442212 | J67: =ROUND(J13*0.07/1000*86400*365.25/1000,0) -> 601032 | K67: =ROUND(K13*0.07/1000*86400*365.25/1000,0) -> 650577 | ... AN67: =ROUND(AN13*0.07/1000*86400*365.25/1000,0) -> 1050743
B68: Volume tratado | C68: m³/ano | D68: =ROUND(D66+D67,0) -> 0 | E68: =ROUND(E66+E67,0) -> 0 | F68: =ROUND(F66+F67,0) -> 0 | G68: =ROUND(G66+G67,0) -> 606526 | H68: =ROUND(H66+H67,0) -> 1229379 | I68: =ROUND(I66+I67,0) -> 1867572 | J68: =ROUND(J66+J67,0) -> 2521015 | K68: =ROUND(K66+K67,0) -> 2710188 | ... AN68: =ROUND(AN66+AN67,0) -> 3837780

Sheet CAPEX
A1: Preenchimento | C1: RESUMO
A2: Fórmulas
A3: NÂO ALTERAR | C3: 1. INVESTIMENTOS EM FUNÇÃO DA DEMANDA REPRIMIDA | D3: Custo | E3: População | F3: Valor Total
D4: R$/hab. | E4: Hab. | F4: R$
C5: Água - Captação e tratamento | D5: =ROUND(F5/E5,2) -> 1500.62 | E5: =SUM('Base Física'!F33:AN33) -> 1680 | F5: =ROUND(G57*0.121564127,2) -> 2521035.4
C6: Água - Distribuição | D6: =ROUND(F6/E6,2) -> 1338.21 | E6: =E5 -> 1680 | F6: =ROUND(G216*0.122564127,2) -> 2248199.6
C7: Água - Reservação | D7: =ROUND(F7/E7,2) -> 630.44 | E7: =E6 -> 1680 | F7: =ROUND(G241*0.122564127,2) -> 1059132.4
C8: Água - Ligaçãos Predial | D8: =ROUND(F8/E8,2) -> 576.96 | E8: =E7 -> 1680 | F8: =ROUND(G291*0.122564127,2) -> 969293.63
C9: Água - Projeto | D9: =ROUND(F9/E9,2) -> 73.55 | E9: =E8 -> 1680 | F9: =ROUND(G297*0.122564127/2,2) -> 123567.27
C10: Água - Consultoria e licenciamento ambiental | D10: =ROUND(F10/E10,2) -> 73.55 | E10: =E9 -> 1680 | F10: =ROUND(G297*0.122564127/2,2) -> 123567.27
C11: Água - Gerenciamento de obra | D11: =ROUND(F11/E11,2) -> 110.28 | E11: =E10 -> 1680 | F11: =ROUND(G308*0.122561127,2) -> 185263.74
C12: Total Água | D12: =SUM(D5:D11) -> 4303.61 | E12: =E11 -> 1680 | F12: =SUM(F5:F11) -> 7230059.3
C13: Esgoto - Coleta e afastamento | D13: =ROUND(F13/E13,2) -> 2257.59 | E13: =SUM('Base Física'!F34:AN34) -> 46577 | F13: =ROUND(G320*0.799268852,2) -> 1.0515155e+08
C14: Esgoto – Tratamento e disposição final | D14: =ROUND(F14/E14,2) -> 1361.62 | E14: =E13 -> 46577 | F14: =ROUND(G334*0.799268852,2) -> 63420179
C15: Esgoto - Ligaçãos Predial | D15: =ROUND(F15/E15,2) -> 507.44 | E15: =E13 -> 46577 | F15: =ROUND(G340*0.799268852,2) -> 23634894
C16: Esgoto - Projeto | D16: =ROUND(F16/E16,2) -> 31.23 | E16: =E14 -> 46577 | F16: =ROUND(G346*0.799268852/2,2) -> 1454498.6
C17: Esgoto - Consultoria e licenciamento ambiental | D17: =ROUND(F17/E17,2) -> 31.23 | E17: =E15 -> 46577 | F17: =ROUND(G346*0.799268852/2,2) -> 1454498.6
C18: Esgoto - Gerenciamento de obra | D18: =ROUND(F18/E18,2) -> 23.42 | E18: =E16 -> 46577 | F18: =ROUND(G356*0.799268852/2,2) -> 1090866.5
C19: Total Esgoto | D19: =SUM(D13:D18) -> 4212.53 | E19: =E18 -> 46577 | F19: =SUM(F13:F18) -> 1.9620648e+08
C20: Total Água + Esgoto | D20: =D19+D12 -> 8516.14 | F20: =F12+F19 -> 2.0343654e+08
C22: 2. INVESTIMENTOS EM FUNÇÃO DO CRESCIMENTO VEGETATIVO | D22: Custo | E22: População | F22: Valor Total
D23: R$/hab. | E23: Hab. | F23: R$
C24: Água - Captação e tratamento | D24: =ROUND(F24/E24,2) -> 1739.95 | E24: =SUM('Base Física'!F21:AN21) -> 10470 | F24: =G57-F5 -> 18217282
C25: Água - Distribuição | D25: =ROUND(F25/E25,2) -> 1537.23 | E25: =E24 -> 10470 | F25: =G216-F6 -> 16094848
C26: Água - Reservação | D26: =ROUND(F26/E26,2) -> 724.2 | E26: =E25 -> 10470 | F26: =G241-F7 -> 7582322.5
C27: Água - Ligaçãos Predial | D27: =ROUND(F27/E27,2) -> 662.77 | E27: =E25 -> 10470 | F27: =G291-F8 -> 6939167.5
C28: Água - Projeto | D28: =ROUND(F28/E28,2) -> 84.49 | E28: =E27 -> 10470 | F28: =G297/2-F9 -> 884617.41
C29: Água - Consultoria e licenciamento ambiental | D29: =ROUND(F29/E29,2) -> 84.49 | E29: =E28 -> 10470 | F29: =G297/2-F10 -> 884617.41
C30: Água - Gerenciamento de obra | D30: =ROUND(F30/E30,2) -> 126.68 | E30: =E29 -> 10470 | F30: =G308-F11 -> 1326339.1
C31: Total Água | D31: =SUM(D24:D27) -> 4664.15 | E31: =E27 -> 10470 | F31: =SUM(F24:F30) -> 51929193
C32: Esgoto - Coleta e afastamento | D32: =ROUND(F32/E32,2) -> 2522.27 | E32: =SUM('Base Física'!F22:AN22) -> 10470 | F32: =G320-F13 -> 26408123
C33: Esgoto – Tratamento e disposição final | D33: =ROUND(F33/E33,2) -> 1521.26 | E33: =E32 -> 10470 | F33: =G334-F14 -> 15927563
C34: Esgoto - Ligaçãos Predial | D34: =ROUND(F34/E34,2) -> 566.93 | E34: =E33 -> 10470 | F34: =G342-F15 -> 5935749
C35: Esgoto - Projeto | D35: =ROUND(F35/E35,2) -> 34.89 | E35: =E33 -> 10470 | F35: =G346/2-F16 -> 365287.81
C36: Esgoto - Consultoria e licenciamento ambiental | D36: =ROUND(F36/E36,2) -> 34.89 | E36: =E34 -> 10470 | F36: =G346/2-F17 -> 365287.81
C37: Esgoto - Gerenciamento de obra | D37: =ROUND(F37/E37,2) -> 156.52 | E37: =E35 -> 10470 | F37: =G356-F18 -> 1638794.5
C38: Total Esgoto | D38: =SUM(D32:D34) -> 4610.46 | E38: =E34 -> 10470 | F38: =SUM(F32:F37) -> 50640806
C39: Total Água + Esgoto | D39: =D38+D31 -> 9274.61 | F39: =F31+F38 -> 1.0257e+08
C41: =C3 -> 1. INVESTIMENTOS EM FUNÇÃO DA DEMANDA REPRIMIDA | D41: Custo | E41: População | F41: Valor Total
C42: Total Água | D42: =D12 -> 4303.61 | E42: =E12 -> 1680 | F42: =F12 -> 7230059.3
C43: Total Esgoto | D43: =D19 -> 4212.53 | E43: =E19 -> 46577 | F43: =F19 -> 1.9620648e+08
C44: Total Água + Esgoto | D44: =D20 -> 8516.14 | F44: =F42+F43 -> 2.0343654e+08
C45: =C22 -> 2. INVESTIMENTOS EM FUNÇÃO DO CRESCIMENTO VEGETATIVO | D45: Custo | E45: População | F45: Valor Total
C46: Total Água | D46: =D31 -> 4664.15 | E46: =E31 -> 10470 | F46: =F31 -> 51929193
C47: Total Esgoto | D47: =D38 -> 4610.46 | E47: =E38 -> 10470 | F47: =F38 -> 50640806
C48: Total Água + Esgoto | D48: =D39 -> 9274.61 | F48: =F46+F47 -> 1.0257e+08
C50: TOTAL DO CAPEX
C51: ÁGUA | F51: =F42+F46 -> 59159253
C52: ESGOTO | F52: =F43+F47 -> 2.4684729e+08
C53: TOTAL DO CAPEX | F53: =F51+F52 -> 3.0600654e+08
B55: SISTEMA DE ABASTECIMENTO DE ÁGUA | G55: =G57+G216+G241+G291+G297+G308 -> 59159253
B57: 1 - Captação e Tratamento de Água | G57: =G59+G107+G129+G165+G170+G190+G205 -> 20738317
J58: Indice de Reajuste = | K58: 1.0974
B59: 1.1 - Adequação e reforma da capatação de água bruta do Rio Benedito | G59: =G61+G67+G72+G74+G77+G82+G84+G86+G90+G93+G95+G100 -> 437147.06
B60: Código | C60: Item | D60: Unid. | E60: Preço | F60: Quant. | G60: Custo Total | H60: Referência | J60: Preços Io | K60: Preços In
C61: CANTEIRO DE OBRAS | G61: =SUM(G62:G66) -> 6362.18
B62: 10102 | C62: Barração escritório | D62: m² | E62: =K62 -> 461.7 | F62: 3 | G62: =E62*F62 -> 1385.1 | H62: CASAN | J62: 420.73 | K62: =TRUNC(J62*$K$58,2) -> 461.7
B63: 10103 | C63: Barração deposito | D63: m² | E63: =K63 -> 353.54 | F63: 5 | G63: =E63*F63 -> 1767.7 | H63: CASAN | J63: 322.17 | K63: =TRUNC(J63*$K$58,2) -> 353.54
B64: 10104 | C64: Sanitário Isolado | D64: m² | E64: =K64 -> 658.52 | F64: 2 | G64: =E64*F64 -> 1317.04 | H64: CASAN | J64: 600.08 | K64: =TRUNC(J64*$K$58,2) -> 658.52
B65: 10105 | C65: Chuveiro Isolado | D65: m² | E65: =K65 -> 578.85 | F65: 2 | G65: =E65*F65 -> 1157.7 | H65: CASAN | J65: 527.48 | K65: =TRUNC(J65*$K$58,2) -> 578.85
B66: 10201 | C66: Placa de Obra | D66: m² | E66: =K66 -> 367.32 | F66: 2 | G66: =E66*F66 -> 734.64 | H66: CASAN | J66: 334.72 | K66: =TRUNC(J66*$K$58,2) -> 367.32
C67: SERVIÇOS PRELIMINARES | G67: =SUM(G68:G71) -> 8139.3971
B68: 300101 | C68: Roçada Fina | D68: m² | E68: =K68 -> 1.54 | F68: 1857.09 | G68: =E68*F68 -> 2859.9186 | H68: CASAN | J68: 1.41 | K68: =TRUNC(J68*$K$58,2) -> 1.54
B69: 300103 | C69: Limpeza mecanizada com raspagem superficial | D69: m² | E69: =K69 -> 0.47 | F69: 1640 | G69: =E69*F69 -> 770.8 | H69: CASAN | J69: 0.43 | K69: =TRUNC(J69*$K$58,2) -> 0.47
B70: 30702 | C70: Remoção de pintura antiga latex | D70: m² | E70: =K70 -> 8.05 | F70: 286.15 | G70: =E70*F70 -> 2303.5075 | H70: CASAN | J70: 7.34 | K70: =TRUNC(J70*$K$58,2) -> 8.05
B71: 30703 | C71: Remoção de pintura antiga latex esmalte | D71: m² | E71: =K71 -> 14.31 | F71: 154.1 | G71: =E71*F71 -> 2205.171 | H71: CASAN | J71: 13.04 | K71: =TRUNC(J71*$K$58,2) -> 14.31
C72: CAIXA DE PROTEÇÃO | G72: =SUM(G73) -> 4232.16
B73: 81801 | C73: Cx de proteção para registro de manobra | D73: Unid. | E73: =K73 -> 705.36 | F73: 6 | G73: =E73*F73 -> 4232.16 | H73: CASAN | J73: 642.76 | K73: =TRUNC(J73*$K$58,2) -> 705.36
C74: REGULARIZAÇÃO E REVESTIMENTO | G74: =SUM(G75:G76) -> 247122.72
B75: 100401 | C75: Regularização mecanizada de superficie | D75: m² | E75: =K75 -> 0.09 | F75: 2064 | G75: =E75*F75 -> 185.76 | H75: CASAN | J75: 0.09 | K75: =TRUNC(J75*$K$58,2) -> 0.09
B76: 100403 | C76: Revestimento com brita | D76: m² | E76: =K76 -> 119.64 | F76: 2064 | G76: =E76*F76 -> 246936.96 | H76: CASAN | J76: 109.03 | K76: =TRUNC(J76*$K$58,2) -> 119.64
C77: DISPOSITIVO DE PROTEÇÃO E ACESSO | G77: =SUM(G78:G81) -> 14418.068
B78: 120501 | C78: Grade de proteção e ertenção | D78: kg | E78: =K78 -> 139.8 | F78: 26.6 | G78: =E78*F78 -> 3718.68 | H78: CASAN | J78: 127.4 | K78: =TRUNC(J78*$K$58,2) -> 139.8
B79: 120502 | C79: Grelha | D79: kg | E79: =K79 -> 48.94 | F79: 25.4 | G79: =E79*F79 -> 1243.076 | H79: CASAN | J79: 44.6 | K79: =TRUNC(J79*$K$58,2) -> 48.94
B80: 120503 | C80: Guarda corpo | D80: m² | E80: =K80 -> 299.03 | F80: 26.4 | G80: =E80*F80 -> 7894.392 | H80: CASAN | J80: 272.49 | K80: =TRUNC(J80*$K$58,2) -> 299.03
B81: 120504 | C81: Escada Tipo Marinheiro | D81: m | E81: =K81 -> 260.32 | F81: 6 | G81: =E81*F81 -> 1561.92 | H81: CASAN | J81: 237.22 | K81: =TRUNC(J81*$K$58,2) -> 260.32
C82: PISOS, TETOS E PAREDES | G82: =G83 -> 460.782
B83: 130101 | C83: Piso cimentado desempenado e=0,02 m | D83: m² | E83: =K83 -> 24.38 | F83: 18.9 | G83: =E83*F83 -> 460.782 | H83: CASAN | J83: 22.22 | K83: =TRUNC(J83*$K$58,2) -> 24.38
C84: IMPERMEABILIZAÇÃO / PROTEÇÃO | G84: =G85 -> 3839.15
B85: 130201 | C85: Impermeabilização com cimento polimerico, base PVA | D85: m² | E85: =K85 -> 31.34 | F85: 122.5 | G85: =E85*F85 -> 3839.15 | H85: CASAN | J85: 28.56 | K85: =TRUNC(J85*$K$58,2) -> 31.34
C86: PINTURA | G86: =SUM(G87:G89) -> 20471
B87: 130305 | C87: Pintura latex PVA sem massa corrida | D87: m² | E87: =K87 -> 17.54 | F87: 264.13 | G87: =E87*F87 -> 4632.8402 | H87: CASAN | J87: 15.99 | K87: =TRUNC(J87*$K$58,2) -> 17.54
B88: 130313 | C88: Pintura Esmalte | D88: m² | E88: =K88 -> 40.4 | F88: 322.5 | G88: =E88*F88 -> 13029 | H88: CASAN | J88: 36.82 | K88: =TRUNC(J88*$K$58,2) -> 40.4
B89: 130318 | C89: Pintura de logotipo | D89: un | E89: =K89 -> 702.29 | F89: 4 | G89: =E89*F89 -> 2809.16 | H89: CASAN | J89: 639.96 | K89: =TRUNC(J89*$K$58,2) -> 702.29
C90: INSTALAÇÕES ELETRICAS | G90: =SUM(G91:G92) -> 22234.608
B91: 140714 | C91: Cabo de cobre 2,5 MM2 0,6/1,0 KV | D91: m | E91: =K91 -> 4.92 | F91: 312.4 | G91: =E91*F91 -> 1537.008 | H91: CASAN | J91: 4.49 | K91: =TRUNC(J91*$K$58,2) -> 4.92
B92: 140723 | C92: Cabo de cobre 95,00 MM2 0,6/1,0 KV | D92: m | E92: =K92 -> 98.56 | F92: 210 | G92: =E92*F92 -> 20697.6 | H92: CASAN | J92: 89.82 | K92: =TRUNC(J92*$K$58,2) -> 98.56
C93: MONTAGEM ELETRO-MECÂNICA | G93: =G94 -> 7407.45
B94: 150104 | C94: Montagem Eletro Mecânica de conjunto MOTO-BOMBA DE 100,5 A 200 CV | D94: un | E94: =K94 -> 7407.45 | F94: 1 | G94: =E94*F94 -> 7407.45 | H94: CASAN | J94: 6750 | K94: =TRUNC(J94*$K$58,2) -> 7407.45
C95: URBANIZAÇÃO | G95: =SUM(G96:G99) -> 98944.227
B96: 160101 | C96: Portão em estrutura Tubular para pedestre | D96: m² | E96: =K96 -> 1133.84 | F96: 2.1 | G96: =E96*F96 -> 2381.064 | H96: CASAN | J96: 1033.21 | K96: =TRUNC(J96*$K$58,2) -> 1133.84
B97: 160102 | C97: Portão em estrutura Tubular para veículo | D97: m² | E97: =K97 -> 833.01 | F97: 12 | G97: =E97*F97 -> 9996.12 | H97: CASAN | J97: 759.08 | K97: =TRUNC(J97*$K$58,2) -> 833.01
B98: 160301 | C98: Alambrado de tela galvanizada em mourão de concreto | D98: m² | E98: =K98 -> 201.96 | F98: =156.23*2.5 -> 390.575 | G98: =E98*F98 -> 78880.527 | H98: CASAN | J98: 184.04 | K98: =TRUNC(J98*$K$58,2) -> 201.96
B99: 160401 | C99: Plantio de grama em placas | D99: m² | E99: =K99 -> 19.68 | F99: =156.23*2.5 -> 390.575 | G99: =E99*F99 -> 7686.516 | H99: CASAN | J99: 17.94 | K99: =TRUNC(J99*$K$58,2) -> 19.68
C100: INSTALAÇÃO, MONTAGEM E MANUTENÇÃO ELETROMECÂNICA | G100: =SUM(G101:G105) -> 3515.32
B101: 190609 | C101: Manutenção mecânica em bombas potência de 50,5 A 100 CV | D101: un | E101: =K101 -> 618.05 | F101: 2 | G101: =E101*F101 -> 1236.1 | H101: CASAN | J101: 563.2 | K101: =TRUNC(J101*$K$58,2) -> 618.05
B102: 190611 | C102: Lubrificação de cj moto-bomba | D102: un | E102: =K102 -> 27.02 | F102: 2 | G102: =E102*F102 -> 54.04 | H102: CASAN | J102: 24.63 | K102: =TRUNC(J102*$K$58,2) -> 27.02
B103: 190624 | C103: Manutenção eletrica em quadro de comando para motor 50 a 100 cv | D103: un | E103: =K103 -> 227.99 | F103: 2 | G103: =E103*F103 -> 455.98 | H103: CASAN | J103: 207.76 | K103: =TRUNC(J103*$K$58,2) -> 227.99
B104: 190629 | C104: Manutenção eletrica em quadro de comando com soft starter | D104: un | E104: =K104 -> 182.38 | F104: 2 | G104: =E104*F104 -> 364.76 | H104: CASAN | J104: 166.2 | K104: =TRUNC(J104*$K$58,2) -> 182.38
B105: 190631 | C105: Limpeza e manutenção e, cabine de transformadores | D105: un | E105: =K105 -> 702.22 | F105: 2 | G105: =E105*F105 -> 1404.44 | H105: CASAN | J105: 639.9 | K105: =TRUNC(J105*$K$58,2) -> 702.22
...

Sheet Cronograma
A1: Preenchimento | B1: ANO | C1: 1 | D1: =C1+1 -> 2 | E1: =D1+1 -> 3 | F1: =E1+1 -> 4 | G1: =F1+1 -> 5 | H1: =G1+1 -> 6 | I1: =H1+1 -> 7 | J1: =I1+1 -> 8 | K1: =J1+1 -> 9 | ... AK1: =AJ1+1 -> 35
A2: Fórmulas
A3: NÂO ALTERAR | B3: 1. INVESTIMENTOS EM DEMANDA REPRIMIDA | C3: 1 | D3: =C3+1 -> 2 | E3: =D3+1 -> 3 | F3: =E3+1 -> 4 | G3: =F3+1 -> 5 | H3: =G3+1 -> 6 | I3: =H3+1 -> 7 | J3: =I3+1 -> 8 | K3: =J3+1 -> 9 | ... AK3: =AJ3+1 -> 35 | AL3: ACUMULADO
C4: ='FCD PROJETO'!F24 -> 2027 | D4: =C4+1 -> 2028 | E4: =D4+1 -> 2029 | F4: =E4+1 -> 2030 | G4: =F4+1 -> 2031 | H4: =G4+1 -> 2032 | I4: =H4+1 -> 2033 | J4: =I4+1 -> 2034 | K4: =J4+1 -> 2035 | ... AK4: =AJ4+1 -> 2061
B5: Água - Captação e tratamento | C5: =ROUND(CAPEX!$D5*'Base Física'!F$33,2) -> 0 | D5: =ROUND(CAPEX!$D5*'Base Física'!G$33,2) -> 2091864.3 | E5: =ROUND(CAPEX!$D5*'Base Física'!H$33,2) -> 423174.84 | F5: =ROUND(CAPEX!$D5*'Base Física'!I$33,2) -> 0 | G5: =ROUND(CAPEX!$D5*'Base Física'!J$33,2) -> 0 | H5: =ROUND(CAPEX!$D5*'Base Física'!K$33,2) -> 0 | I5: =ROUND(CAPEX!$D5*'Base Física'!L$33,2) -> 0 | J5: =ROUND(CAPEX!$D5*'Base Física'!M$33,2) -> 0 | ... AK5: =ROUND(CAPEX!$D5*'Base Física'!AN$33,2) -> 0 | AL5: =+SUM(C5:AK5)+5.7 -> 2521047.3
B6: Água - Distribuição | C6: =ROUND(CAPEX!$D6*'Base Física'!F$33,2) -> 0 | D6: =ROUND(CAPEX!$D6*'Base Física'!G$33,2) -> 1865464.7 | E6: =ROUND(CAPEX!$D6*'Base Física'!H$33,2) -> 377375.22 | F6: =ROUND(CAPEX!$D6*'Base Física'!I$33,2) -> 0 | G6: =ROUND(CAPEX!$D6*'Base Física'!J$33,2) -> 0 | H6: =ROUND(CAPEX!$D6*'Base Física'!K$33,2) -> 0 | I6: =ROUND(CAPEX!$D6*'Base Física'!L$33,2) -> 0 | J6: =ROUND(CAPEX!$D6*'Base Física'!M$33,2) -> 0 | ... AK6: =ROUND(CAPEX!$D6*'Base Física'!AN$33,2) -> 0 | AL6: =+SUM(C6:AK6)-1.34 -> 2248191.5
B7: Água - Reservação | C7: =ROUND(CAPEX!$D7*'Base Física'!F$33,2) -> 0 | D7: =ROUND(CAPEX!$D7*'Base Física'!G$33,2) -> 878833.36 | E7: =ROUND(CAPEX!$D7*'Base Física'!H$33,2) -> 177784.08 | F7: =ROUND(CAPEX!$D7*'Base Física'!I$33,2) -> 0 | G7: =ROUND(CAPEX!$D7*'Base Física'!J$33,2) -> 0 | H7: =ROUND(CAPEX!$D7*'Base Física'!K$33,2) -> 0 | I7: =ROUND(CAPEX!$D7*'Base Física'!L$33,2) -> 0 | J7: =ROUND(CAPEX!$D7*'Base Física'!M$33,2) -> 0 | ... AK7: =ROUND(CAPEX!$D7*'Base Física'!AN$33,2) -> 0 | AL7: =+SUM(C7:AK7)+0.38 -> 1059139.6
B8: Água - Ligaçãos Predial | C8: =ROUND(CAPEX!$D8*'Base Física'!F$33,2) -> 0 | D8: =ROUND(CAPEX!$D8*'Base Física'!G$33,2) -> 804282.24 | E8: =ROUND(CAPEX!$D8*'Base Física'!H$33,2) -> 162702.72 | F8: =ROUND(CAPEX!$D8*'Base Física'!I$33,2) -> 0 | G8: =ROUND(CAPEX!$D8*'Base Física'!J$33,2) -> 0 | H8: =ROUND(CAPEX!$D8*'Base Física'!K$33,2) -> 0 | I8: =ROUND(CAPEX!$D8*'Base Física'!L$33,2) -> 0 | J8: =ROUND(CAPEX!$D8*'Base Física'!M$33,2) -> 0 | ... AK8: =ROUND(CAPEX!$D8*'Base Física'!AN$33,2) -> 0 | AL8: =+SUM(C8:AK8)-1.07 -> 969291.73
B9: Água - Projeto | C9: =ROUND(CAPEX!$D9*'Base Física'!F$33,2) -> 0 | D9: =ROUND(CAPEX!$D9*'Base Física'!G$33,2) -> 102528.7 | E9: =ROUND(CAPEX!$D9*'Base Física'!H$33,2) -> 20741.1 | F9: =ROUND(CAPEX!$D9*'Base Física'!I$33,2) -> 0 | G9: =ROUND(CAPEX!$D9*'Base Física'!J$33,2) -> 0 | H9: =ROUND(CAPEX!$D9*'Base Física'!K$33,2) -> 0 | I9: =ROUND(CAPEX!$D9*'Base Física'!L$33,2) -> 0 | J9: =ROUND(CAPEX!$D9*'Base Física'!M$33,2) -> 0 | ... AK9: =ROUND(CAPEX!$D9*'Base Física'!AN$33,2) -> 0 | AL9: =+SUM(C9:AK9)+0.42 -> 123564.42
B10: Água - Consultoria e licenciamento ambiental | C10: =ROUND(CAPEX!$D10*'Base Física'!F$33,2) -> 0 | D10: =ROUND(CAPEX!$D10*'Base Física'!G$33,2) -> 102528.7 | E10: =ROUND(CAPEX!$D10*'Base Física'!H$33,2) -> 20741.1 | F10: =ROUND(CAPEX!$D10*'Base Física'!I$33,2) -> 0 | G10: =ROUND(CAPEX!$D10*'Base Física'!J$33,2) -> 0 | H10: =ROUND(CAPEX!$D10*'Base Física'!K$33,2) -> 0 | I10: =ROUND(CAPEX!$D10*'Base Física'!L$33,2) -> 0 | J10: =ROUND(CAPEX!$D10*'Base Física'!M$33,2) -> 0 | ... AK10: =ROUND(CAPEX!$D10*'Base Física'!AN$33,2) -> 0 | AL10: =+SUM(C10:AK10)+0.42 -> 123564.42
B11: Água - Gerenciamento de obra | C11: =ROUND(CAPEX!$D11*'Base Física'!F$33,2) -> 0 | D11: =ROUND(CAPEX!$D11*'Base Física'!G$33,2) -> 153730.32 | E11: =ROUND(CAPEX!$D11*'Base Física'!H$33,2) -> 31098.96 | F11: =ROUND(CAPEX!$D11*'Base Física'!I$33,2) -> 0 | G11: =ROUND(CAPEX!$D11*'Base Física'!J$33,2) -> 0 | H11: =ROUND(CAPEX!$D11*'Base Física'!K$33,2) -> 0 | I11: =ROUND(CAPEX!$D11*'Base Física'!L$33,2) -> 0 | J11: =ROUND(CAPEX!$D11*'Base Física'!M$33,2) -> 0 | ... AK11: =ROUND(CAPEX!$D11*'Base Física'!AN$33,2) -> 0 | AL11: =+SUM(C11:AK11)+1.28 -> 185271.68
B12: Total Água | C12: =SUM(C5:C11) -> 0 | D12: =SUM(D5:D11) -> 5999232.3 | E12: =SUM(E5:E11) -> 1213618 | F12: =SUM(F5:F11) -> 0 | G12: =SUM(G5:G11) -> 0 | H12: =SUM(H5:H11) -> 0 | I12: =SUM(I5:I11) -> 0 | J12: =SUM(J5:J11) -> 0 | ... AK12: =SUM(AK5:AK11) -> 0 | AL12: =+SUM(C12:AK12)+5.8 -> 7230070.6
